Workbook

Sheet RREO
A1: Prefeitura Municipal de Cacapava do Sul - RS
A2: Relatório Resumido da Execução Orçamentária
A3: Demonstrativo Simplificado do Relatório Resumido da Execução Orçamentária
A4: Orçamentos Fiscal e da Seguridade Social
A5: Janeiro a Outubro 2022/Bimestre Setembro-Outubro
A6: RREO - Anexo 14 (LRF, Art. 48) | F6: Em Reais
A7: BALANÇO ORÇAMENTÁRIO | D7: 1º Quadrimentre | E7: 1º Semestre | F7: bimestre Anterior | G7: Até o bimestre
A8: RECEITAS
B9: Previsão Inicial | D9: 1.802075e+08 | E9: 1.802075e+08 | F9: 1.802075e+08 | G9: 1.802075e+08
B10: Previsão Atualizada | D10: 1.8075302e+08 | E10: 1.8231788e+08 | F10: 1.8253926e+08 | G10: 1.8387355e+08
B11: Receitas Realizadas | D11: 55793266 | E11: 87442862 | F11: 1.1754565e+08 | G11: 1.4390813e+08
B12: Déficit Orçamentário | D12: - | E12: - | F12: -
B13: Saldos de Exercícios Anteriores(Utilizados para Créditos Adicionais) | D13: 2238985.5 | E13: 3772916.4 | F13: 4685244.2 | G13: 5460990.9
A14: DESPESAS
B15: Dotação Inicial | D15: 1.6669814e+08 | E15: 1.6669814e+08 | F15: 1.6669814e+08 | G15: 1.6669814e+08
B16: Dotação Atualizada | D16: 1.7022567e+08 | E16: 1.7314103e+08 | F16: 1.7671957e+08 | G16: 1.8014242e+08
B17: Despesas Empenhadas | D17: 55310851 | E17: 86441920 | F17: 1.182581e+08 | G17: 1.4651769e+08
B18: Despesas Liquidadas | D18: 48032222 | E18: 79374971 | F18: 1.0740222e+08 | G18: 1.3800092e+08
B19: Despesas Pagas | D19: 43048471 | E19: 72106626 | F19: 1.0213838e+08 | G19: 1.2816837e+08
B20: Superávit Orçamentário | D20: 7761043.7 | E20: 8067890.7 | F20: 10143428 | G20: 5907205.2
A22: DESPESAS POR FUNÇÃO/SUBFUNÇÃO | D22: 1º Quadrimentre | E22: 1º Semestre | F22: bimestre Anterior | G22: Até o bimestre
A23: Despesas Empenhadas | D23: 55310851 | E23: 86441920 | F23: 1.182581e+08 | G23: 1.4651769e+08
A24: Despesas Liquidadas | D24: 48032222 | E24: 79374971 | F24: 1.0740222e+08 | G24: 1.3800092e+08
D25: RCL gerada p/ Sistema | F25: RCL apurada p/ Contabilidade¹
A26: RECEITA CORRENTE LÍQUIDA - RCL | D26: bimestre Anterior | E26: Até o bimestre | F26: bimestre Anterior | G26: Até o bimestre
A27: Receita Corrente Líquida | D27: 1.3112094e+08 | E27: 1.3241146e+08 | F27: 1.2655124e+08 | G27: 1.3241146e+08
A28: Receita Corrente Líquida Ajustada para Cálculo dos Limites de Endividamento | D28: 1.3077094e+08 | E28: 1.3206146e+08 | F28: 1.2630124e+08 | G28: 1.3206146e+08
A29: Receita Corrente Líquida Ajustada para Cálculo dos Limites da Despesa com Pessoal | D29: 1.3077094e+08 | E29: 1.3206146e+08 | F29: 1.2620124e+08 | G29: 1.3206146e+08
A31: RECEITAS E DESPESAS DO REGIME PRÓPRIO DE PREVIDÊNCIA DOS SERVIDORES | D31: 1º Quadrimentre | E31: 1º Semestre | F31: bimestre Anterior | G31: Até o bimestre
A32: Fundo em Capitalização (PLANO PREVIDENCIÁRIO)
B33: Receitas Previdenciárias Realizadas | D33: 6375272.2 | E33: 10346458 | F33: 14250522 | G33: 17920620
B34: Despesas Previdenciárias Empenhadas | D34: 8781306.6 | E34: 14656090 | F34: 19469637 | G34: 24480347
B35: Despesas Previdenciárias Liquidadas | D35: 8781306.6 | E35: 14656090 | F35: 19469637 | G35: 24480347
B36: Despesas Previdenciárias Pagas | D36: 8779411.6 | E36: 14655020 | F36: 19461254 | G36: 24470853
B37: Resultado Previdenciário | D37: -2406034.4 | E37: -4309632.5 | F37: -5219114.7 | G37: -6559726.9
A38: Fundo em Repartição (PLANO FINANCEIRO)
B39: Receitas Previdenciárias Realizadas | D39: 0 | E39: 0 | F39: 0 | G39: 0
B40: Despesas Previdenciárias Empenhadas | D40: 0 | E40: 0 | F40: 0 | G40: 0
B41: Despesas Previdenciárias Liquidadas | D41: 0 | E41: 0 | F41: 0 | G41: 0
B42: Despesas Previdenciárias Pagas | D42: 0 | E42: 0 | F42: 0 | G42: 0
B43: Resultado Previdenciário | D43: 0 | E43: 0 | F43: 0 | G43: 0
A45: RESULTADOS PRIMÁRIO E NOMINAL | D45: Meta Fixada no | E45: Resultado Apurado | F45: % em Relação à Meta
D46: Anexo de Metas | E46: Até o Bimestre
D47: Fiscais da LDO
D48: (a) | E48: (b) | F48: (b/a)
A49: Resultado Primário | D49: 0 | E49: 2342468.2
A50: Resultado Nominal | D50: 0 | E50: 4079683.3
A52: RESTOS A PAGAR POR PODER E MINISTÉRIO PÚBLICO | D52: Inscrição | E52: Cancelamento | F52: Pagamento | G52: Saldo
E53: Até o bimestre | F53: Até o bimestre | G53: a Pagar
B54: RESTOS A PAGAR PROCESSADOS | D54: 25330499 | E54: 18354.52 | F54: 7318733.7 | G54: 17993410
C55: Poder Executivo | D55: 25328076 | E55: 18354.52 | F55: 7316311.1 | G55: 17993410
C56: Poder Legislativo | D56: 2422.58 | E56: 0 | F56: 2422.58 | G56: 0
B57: RESTOS A PAGAR NÃO-PROCESSADOS | D57: 3151365.9 | E57: 7400.34 | F57: 1210119.1 | G57: 1933846.5
C58: Poder Executivo | D58: 3151365.9 | E58: 7400.34 | F58: 1210119.1 | G58: 1933846.5
C59: Poder Legislativo | D59: 0 | E59: 0 | F59: 0 | G59: 0
A60: TOTAL | D60: 28481864 | E60: 25754.86 | F60: 8528852.8 | G60: 19927257
E62: Limites Constitucionais Anuais²
A63: DESPESAS COM MANUTENÇÃO E DESENVOLVIMENTO DO ENSINO | D63: Valor Apurado | E63: % Mínimo a | F63: % Aplicado Até o
D64: Até o Bimestre | E64: Aplicar no Exercício | F64: Bimestre
A65: Mínimo Anual de 25% das Receitas de Impostos na Manutenção e Desenvolvimento do Ensino | D65: 23911974 | E65: 25% | F65: 31.8
A66: Mínimo Anual de 70% do FUNDEB na Remuneração dos Profissionais da Educação Básica | D66: 20997464 | E66: 70% | F66: 89.17
A67: Percentual de 50% da Complementação da União ao FUNDEB (VAAT) na Educação Infantil | D67: 0 | E67: 50% | F67: 0
A68: Mínimo de 15% da Complementação da União ao FUNDEB (VAAT) em Despesas de Capital | D68: 0 | E68: 15% | F68: 0
D70: Valor Apurado | E70: Limite Constitucional Anual
A71: DESPESAS COM AÇÕES E SERVIÇOS PÚBLICOS DE SAÚDE | D71: Até o Bimestre | E71: % Mínimo a | F71: % Aplicado Até o Bimestre
E72: Aplicar no exercicio
A73: Despesas com Ações e Serviços Públicos de Saúde executadas com recursos de impostos | D73: 18804666 | E73: 15% | F73: 25.48
A75: DESPESAS DE CARÁTER CONTINUADO DERIVADAS DE PPP | D75: Valor Apurado no Exercício Corrente
A76: Total das Despesas Consideradas para o Limite / RCL (%) | D76: 0
A77: ¹Fonte: Cálculo da RCL dos doze últimos meses realizado pela Contabilidade.
B83: Giovani Amestoy da Silva | D83: Ihoko Nakashima Mota | F83: Arlei Lopes Souza
B84: Prefeito Municipal | D84: Secret. de Município da Fazenda | F84: Contador - CRC/RS: 068452/O-6

Sheet BalOrç
A1: Prefeitura Municipal de Cacapava do Sul-RS | M1: Página 1 de 3
A2: Relatório Resumido da Execução Orçamentária
A3: Balanço Orçamentário
A4: Orçamento Fiscal e da Seguridade Socials
A5: Janeiro a Outubro 2022/Bimestre Setembro-Outubro
A7: RREO - Anexo 1 (LRF, Art. 52, inciso I, alineas "a" e "b" do inciso II e §1º) | L7: R$ 1,00
A8: RECEITAS | B8: PREVISÃO INICIAL | C8: PREVISÃO ATUALIZADA (a) | D8: RECEITAS REALIZADAS | I8: SALDO
D9: No Bimestre (b) | E9: % (b/a) | F9: Até o Bimestre (c) | H9: % (c/a) | I9: (a-c)
A10: RECEITAS (EXCETO INTRA-ORÇAMENTÁRIAS) (I) | B10: 148.475.673,85 | C10: 152.005.339,69 | D10: 22.503.496,64 | E10: 14,80 | F10: 117.747.869,33 | H10: 77,46 | I10: 34.257.470,36
A11: RECEITAS CORRENTES | B11: 141.631.504,86 | C11: 144.963.450,80 | D11: 22.439.957,01 | E11: 15,48 | F11: 114.982.427,00 | H11: 79,32 | I11: 29.981.023,80
A12: IMPOSTOS, TAXAS E CONTRIBUIÇÕES DE MELHORIA | B12: 18.205.576,49 | C12: 18.205.576,49 | D12: 3.083.829,05 | E12: 16,94 | F12: 14.522.761,31 | H12: 79,77 | I12: 3.682.815,18
A13: Impostos | B13: 14.575.490,45 | C13: 14.575.490,45 | D13: 3.007.593,11 | E13: 20,63 | F13: 13.917.814,36 | H13: 95,49 | I13: 657.676,09
A14: Taxas | B14: 1.587.992,34 | C14: 1.587.992,34 | D14: 76.235,80 | E14: 4,80 | F14: 604.946,52 | H14: 38,10 | I14: 983.045,82
A15: Contribuição de Melhoria | B15: 2.042.093,70 | C15: 2.042.093,70 | D15: 0,14 | E15: - | F15: 0,43 | H15: - | I15: 2.042.093,27
A16: CONTRIBUIÇÕES | B16: 8.138.213,42 | C16: 8.138.213,42 | D16: 1.745.344,82 | E16: 21,45 | F16: 7.594.016,72 | H16: 93,31 | I16: 544.196,70
A17: Contribuições Sociais | B17: 6.974.325,00 | C17: 6.974.325,00 | D17: 1.470.812,05 | E17: 21,09 | F17: 6.645.817,99 | H17: 95,29 | I17: 328.507,01
A18: Contribuição para o Custeio do Serviço de Iluminação Pública | B18: 1.163.888,42 | C18: 1.163.888,42 | D18: 274.532,77 | E18: 23,59 | F18: 948.198,73 | H18: 81,47 | I18: 215.689,69
A19: RECEITA PATRIMONIAL | B19: 5.094.630,65 | C19: 5.983.517,90 | D19: 1.286.637,07 | E19: 21,50 | F19: 4.942.522,31 | H19: 82,60 | I19: 1.040.995,59
A20: Exploração do Patrimônio Imobiliário do Estado | B20: 24.672,38 | C20: 24.672,38 | D20: 4.356,34 | E20: 17,66 | F20: 23.016,45 | H20: 93,29 | I20: 1.655,93
A21: Valores Mobiliários | B21: 5.069.958,27 | C21: 5.958.845,52 | D21: 1.282.280,73 | E21: 21,52 | F21: 4.919.505,86 | H21: 82,56 | I21: 1.039.339,66
... A46: SUBTOTAL DAS RECEITAS (III) = (I + II) | B46: 180.207.504,88 | C46: 183.873.546,54 | D46: 26.362.478,68 | E46: 14,34 | F46: 143.908.127,10 | H46: 78,26 | I46: 39.965.419,44
A47: FONTE: GOVBR - Responsabilidade Fiscal, SECRETARIA DE MUNICÍPIO DA FAZENDA, 23/Nov/2022, 10h e 18m.
A49: Prefeitura Municipal de Cacapava do Sul-RS | M49: Página 2 de 3
A50: Relatório Resumido da Execução Orçamentária
A51: Balanço Orçamentário
A52: Orçamento Fiscal e da Seguridade Socials
A53: Janeiro a Outubro 2022/Bimestre Setembro-Outubro
A55: RREO - Anexo 1 (LRF, Art. 52, inciso I, alineas "a" e "b" do inciso II e §1º) | L55: R$ 1,00
A56: RECEITAS | B56: PREVISÃO INICIAL | C56: PREVISÃO ATUALIZADA (a) | D56: RECEITAS REALIZADAS | I56: SALDO (a-c)
D57: No Bimestre (b) | E57: % (b/a) | F57: Até o Bimestre (c) | H57: % (c/a)
A58: TOTAL DAS RECEITAS (V) = (III + IV) | B58: 180.207.504,88 | C58: 183.873.546,54 | D58: 26.362.478,68 | E58: 14,63 | F58: 143.908.127,10 | H58: 79,86 | I58: 39.965.419,44
A59: DÉFICIT (VI) | B59: - | C59: - | D59: - | E59: - | F59: - | H59: - | I59: -
A60: TOTAL COM DÉFICIT (VII) = (V + VI) | B60: 180.207.504,88 | C60: 183.873.546,54 | D60: 26.362.478,68 | E60: 14,63 | F60: 143.908.127,10 | H60: 79,86 | I60: -
A61: SALDOS DE EXERCÍCIOS ANTERIORES | B61: - | C61: 5.460.990,94 | D61: - | E61: - | F61: 5.460.990,94 | H61: - | I61: -
A62: Recursos Arrecadados em Exercícios Anteriores - RPPS | B62: - | C62: - | D62: - | E62: - | F62: - | H62: - | I62: -
A63: Superávit Financeiro Utilizado para Créditos Adicionais | B63: - | C63: 5.460.990,94 | D63: - | E63: - | F63: 5.460.990,94 | H63: - | I63: -
A65: DESPESAS | B65: DOTAÇÃO INICIAL (d) | C65: DOTAÇÃO ATUALIZADA (e) | D65: DESPESAS EMPENHADAS | F65: SALDO (g)=(e-f) | H65: DESPESAS LIQUIDADAS | J65: SALDO (i)=(e-h) | L65: DESPESAS PAGAS ATÉ O BIMESTRE (j) | M65: INSCRITAS EM RESTOS A PAGAR NÃO PROCESSADOS (k)
D66: No Bimestre | E66: Até o Bimestre (f) | H66: No Bimestre | I66: Até o Bimestre (h)
A67: DESPESAS (EXCETO INTRAORÇAMENTÁRIAS) (VIII) | B67: 134.785.727,71 | C67: 147.158.643,47 | D67: 22.090.844,30 | E67: 118.362.101,78 | F67: 28.796.541,69 | H67: 24.460.548,41 | I67: 109.875.921,99 | J67: 37.282.721,48 | L67: 105.533.034,73 | M67: -
A68: DESPESAS CORRENTES | B68: 124.519.989,17 | C68: 132.727.230,51 | D68: 21.064.135,34 | E68: 110.665.295,67 | F68: 22.061.934,84 | H68: 22.088.021,67 | I68: 106.143.850,04 | J68: 26.583.380,47 | L68: 103.601.942,03 | M68: -
A69: PESSOAL E ENCARGOS SOCIAIS | B69: 90.210.130,70 | C69: 91.836.703,27 | D69: 15.455.146,14 | E69: 77.059.623,43 | F69: 14.777.079,84 | H69: 15.475.393,13 | I69: 76.993.333,88 | J69: 14.843.369,39 | L69: 76.442.468,32 | M69: -
A70: JUROS E ENCARGOS DA DÍVIDA | B70: 608.240,00 | C70: 484.333,73 | D70: - | E70: 10.160,72 | F70: 474.173,01 | H70: - | I70: 10.160,72 | J70: 474.173,01 | L70: 10.160,72 | M70: -
A71: OUTRAS DESPESAS CORRENTES | B71: 33.701.618,47 | C71: 40.406.193,51 | D71: 5.608.989,20 | E71: 33.595.511,52 | F71: 6.810.681,99 | H71: 6.612.628,54 | I71: 29.140.355,44 | J71: 11.265.838,07 | L71: 27.149.312,99 | M71: -
A72: DESPESAS DE CAPITAL | B72: 10.265.028,69 | C72: 14.430.703,11 | D72: 1.026.708,96 | E72: 7.696.806,11 | F72: 6.733.897,00 | H72: 2.372.526,74 | I72: 3.732.071,95 | J72: 10.698.631,16 | L72: 1.931.092,70 | M72: -
A73: INVESTIMENTOS | B73: 10.263.193,69 | C73: 14.426.168,11 | D73: 1.023.708,96 | E73: 7.693.806,11 | F73: 6.732.362,00 | H73: 2.372.526,74 | I73: 3.732.071,95 | J73: 10.694.096,16 | L73: 1.931.092,70 | M73: -
A74: INVERSÕES FINANCEIRAS | B74: 283 | C74: 3.283,00 | D74: 3.000,00 | E74: 3.000,00 | F74: 283 | H74: - | I74: - | J74: 3.283,00 | L74: - | M74: -
A75: AMORTIZAÇÃO DA DÍVIDA | B75: 1.552,00 | C75: 1.252,00 | D75: - | E75: - | F75: 1.252,00 | H75: - | I75: - | J75: 1.252,00 | L75: - | M75: -
A76: RESERVA DE CONTINGÊNCIA | B76: 709.85 | C76: 709.85 | D76: - | E76: - | F76: 709.85 | H76: - | I76: - | J76: 709.85 | L76: - | M76: -
A77: DESPESAS (INTRAORÇAMENTÁRIAS) (IX) | B77: 31.912.416,76 | C77: 32.983.772,73 | D77: 6.168.742,21 | E77: 28.155.589,34 | F77: 4.828.183,39 | H77: 6.138.152,77 | I77: 28.124.999,90 | J77: 4.858.772,83 | L77: 22.635.332,17 | M77: -
A78: SUBTOTAL DAS DESPESAS (X) = (VIII + IX) | B78: 166.698.144,47 | C78: 180.142.416,20 | D78: 28.259.586,51 | E78: 146.517.691,12 | F78: 33.624.725,08 | H78: 30.598.701,18 | I78: 138.000.921,89 | J78: 42.141.494,31 | L78: 128.168.366,90 | M78: -
A79: AMORTIZAÇÃO DA DÍV. / REFINANCIAMENTO (XI) | B79: - | C79: - | D79: - | E79: - | F79: - | H79: - | I79: - | J79: - | L79: - | M79: -
A80: Amortização da Dívida Interna | B80: - | C80: - | D80: - | E80: - | F80: - | H80: - | I80: - | J80: - | L80: - | M80: -
A81: Amortização da Dívida Externa | B81: - | C81: - | D81: - | E81: - | F81: - | H81: - | I81: - | J81: - | L81: - | M81: -
A82: TOTAL DAS DESPESAS (XII) = (X + XI) | B82: 166.698.144,47 | C82: 180.142.416,20 | D82: 28.259.586,51 | E82: 146.517.691,12 | F82: 33.624.725,08 | H82: 30.598.701,18 | I82: 138.000.921,89 | J82: 42.141.494,31 | L82: 128.168.366,90 | M82: -
A83: SUPERÁVIT (XIII) | B83: - | C83: - | D83: - | E83: - | F83: - | H83: - | I83: 5.907.205,21 | J83: - | L83: 15.739.760,20 | M83: -
A84: TOTAL COM SUPERÁVIT (XIV) = (XII + XIII) | B84: 166.698.144,47 | C84: 180.142.416,20 | D84: 28.259.586,51 | E84: 146.517.691,12 | F84: - | H84: 30.598.701,18 | I84: 143.908.127,10 | J84: 42.141.494,31 | L84: 143.908.127,10 | M84: -
A85: RESERVA DO RPPS | B85: 13.509.360,41 | C85: 11.169.360,41 | D85: - | E85: - | F85: 11.169.360,41 | H85: - | I85: - | J85: 11.169.360,41 | L85: - | M85: -
A87: RECEITAS INTRAORÇAMENTÁRIAS | B87: PREVISÃO INICIAL | C87: PREVISÃO ATUALIZADA (a) | D87: RECEITAS REALIZADAS | I87: SALDO (a-c)
D88: No Bimestre (b) | E88: % (b/a) | F88: Até o Bimestre (c) | H88: % (c/a)
A89: RECEITAS (INTRA-ORÇAMENTÁRIAS) (II) | B89: 31.731.831,03 | C89: 31.868.206,85 | D89: 3.858.982,04 | E89: 12,11 | F89: 26.160.257,77 | H89: 82,09 | I89: 5.707.949,08
A90: RECEITAS CORRENTES | B90: 31.731.831,03 | C90: 31.868.206,85 | D90: 3.858.982,04 | E90: 12,11 | F90: 26.160.257,77 | H90: 82,09 | I90: 5.707.949,08
A91: CONTRIBUIÇÕES | B91: 12.154.868,64 | C91: 12.154.868,64 | D91: 1.813.987,41 | E91: 14,92 | F91: 10.711.749,67 | H91: 88,13 | I91: 1.443.118,97
A92: Contribuições Sociais | B92: 12.154.868,64 | C92: 12.154.868,64 | D92: 1.813.987,41 | E92: 14,92 | F92: 10.711.749,67 | H92: 88,13 | I92: 1.443.118,97
A93: TRANSFERÊNCIAS CORRENTES | B93: - | C93: 136.375,82 | D93: - | E93: - | F93: 136.375,82 | H93: 100,00 | I93: -
A94: Transferências dos Estados e do Distrito Federal e de suas Entidades | B94: - | C94: 136.375,82 | D94: - | E94: - | F94: 136.375,82 | H94: 100,00 | I94: -
A95: FONTE: GOVBR - Responsabilidade Fiscal, SECRETARIA DE MUNICÍPIO DA FAZENDA, 23/Nov/2022, 10h e 18m.
A97: Prefeitura Municipal de Cacapava do Sul-RS | M97: Página 3 de 3
A98: Relatório Resumido da Execução Orçamentária
A99: Balanço Orçamentário
A100: Orçamento Fiscal e da Seguridade Socials
A101: Janeiro a Outubro 2022/Bimestre Setembro-Outubro
A103: RREO - Anexo 1 (LRF, Art. 52, inciso I, alineas "a" e "b" do inciso II e §1º) | L103: R$ 1,00
A104: RECEITAS INTRAORÇAMENTÁRIAS | B104: PREVISÃO INICIAL | C104: PREVISÃO ATUALIZADA (a) | D104: RECEITAS REALIZADAS | I104: SALDO (a-c)
D105: No Bimestre (b) | E105: % (b/a) | F105: Até o Bimestre (c) | H105: % (c/a)
A106: OUTRAS RECEITAS CORRENTES | B106: 19.576.962,39 | C106: 19.576.962,39 | D106: 2.044.994,63 | E106: 10,45 | F106: 15.312.132,28 | H106: 78,22 | I106: 4.264.830,11
A107: Demais Receitas Correntes | B107: 19.576.962,39 | C107: 19.576.962,39 | D107: 2.044.994,63 | E107: 10,45 | F107: 15.312.132,28 | H107: 78,22 | I107: 4.264.830,11
A109: DESPESAS INTRAORÇAMENTÁRIAS | B109: DOTAÇÃO INICIAL (d) | C109: DOTAÇÃO ATUALIZADA (e) | D109: DESPESAS EMPENHADAS | F109: SALDO | H109: DESPESAS LIQUIDADAS | J109: SALDO | L109: DESPESAS PAGAS ATÉ O BIMESTRE (j) | M109: INSCRITAS EM RESTOS A PAGAR NÃO PROCESSADOS (k)
D110: No Bimestre | E110: Até o Bimestre (f) | F110: (g)=(e-f) | H110: No Bimestre | I110: Até o Bimestre (h) | J110: (i)=(e-h)
A111: DESPESAS (INTRAORÇAMENTÁRIAS) (IX) | B111: 31.912.416,76 | C111: 32.983.772,73 | D111: 6.168.742,21 | E111: 28.155.589,34 | F111: 4.828.183,39 | H111: 6.138.152,77 | I111: 28.124.999,90 | J111: 4.858.772,83 | L111: 22.635.332,17 | M111: -
A112: DESPESAS CORRENTES | B112: 31.912.114,76 | C112: 32.983.770,73 | D112: 6.168.742,21 | E112: 28.155.589,34 | F112: 4.828.181,39 | H112: 6.138.152,77 | I112: 28.124.999,90 | J112: 4.858.770,83 | L112: 22.635.332,17 | M112: -
A113: PESSOAL E ENCARGOS SOCIAIS | B113: 29.268.591,32 | C113: 29.950.931,67 | D113: 5.789.198,98 | E113: 26.292.321,57 | F113: 3.658.610,10 | H113: 5.758.609,54 | I113: 26.261.732,13 | J113: 3.689.199,54 | L113: 20.987.872,18 | M113: -
A114: JUROS E ENCARGOS DA DÍVIDA | B114: 301 | C114: 1,00 | D114: - | E114: - | F114: 1,00 | H114: - | I114: - | J114: 1,00 | L114: - | M114: -
A115: OUTRAS DESPESAS CORRENTES | B115: 2.643.222,44 | C115: 3.032.838,06 | D115: 379.543,23 | E115: 1.863.267,77 | F115: 1.169.570,29 | H115: 379.543,23 | I115: 1.863.267,77 | J115: 1.169.570,29 | L115: 1.647.459,99 | M115: -
A116: DESPESAS DE CAPITAL | B116: 302 | C116: 2,00 | D116: - | E116: - | F116: 2,00 | H116: - | I116: - | J116: 2,00 | L116: - | M116: -
A117: AMORTIZAÇÃO DA DÍVIDA | B117: 302 | C117: 2,00 | D117: - | E117: - | F117: 2,00 | H117: - | I117: - | J117: 2,00 | L117: - | M117: -
A118: 1 O déficit será apurado pela diferença entre a receita realizada e a despesa liquidada nos cinco primeiros bimestres e a despesa empenhada no último bimestre.
A123: FONTE: GOVBR - Responsabilidade Fiscal, SECRETARIA DE MUNICÍPIO DA FAZENDA, 21/Set/2022, 14h e 00m.
A126: Giovani Amestoy da Silva | D126: Ihoko Nakashima Mota | I126: Arlei Lopes Souza
A127: Prefeito Municipal | D127: Secret. de Município da Fazenda | I127: Contador - CRC/RS: 068452/O-6

Sheet Funç
A1: Prefeitura Municipal de Cacapava do Sul - RS
A2: Relatório Resumido de Execução Orçamentária
A3: Demonstrativo da Execução das Despesas por Função/Subfunção
A4: Orçamento Fiscal e da Seguridade Social
A5: Janeiro a Outubro 2022/Bimestre Setembro-Outubro
A7: RREO - ANEXO 2 (LRF, Art. 52, inciso II, alínea 'c') | L7: R$ 1,00
A8: FUNÇÃO/SUBFUNÇÃO | C8: Dotação | D8: Dotação | E8: Despesas Empenhadas | H8: SALDO | I8: Despesas Liquidadas | L8: Saldo
C9: Inicial | D9: Atualizada | E9: No Bimestre | F9: Até o Bimestre | G9: % | I9: No Bimestre | J9: Até o Bimestre | K9: %
D10: (a) | F10: (b) | G10: (b/total b) | H10: (c)=(a-b) | J10: (d) | K10: (d/Total d) | L10: (e)=(a-d)
A12: DESPESAS(EXCETO INTRAORÇAMENTÁRIAS)(I) | C12: 1.3478573e+08 | D12: 1.4715864e+08 | E12: 22090844 | F12: 1.183621e+08 | G12: 80.78 | H12: 28796542 | I12: 24460548 | J12: 1.0987592e+08 | K12: 79.62 | L12: 37282721
A13: Legislativa | C13: 4038528.5 | D13: 4018528.5 | E13: 552414.38 | F13: 3160708.4 | G13: 2.16 | H13: 857820.08 | I13: 620354.81 | J13: 3091306.8 | K13: 2.24 | L13: 927221.72
B14: Ação Legislativa | C14: 4038528.5 | D14: 4018528.5 | E14: 552414.38 | F14: 3160708.4 | G14: 2.16 | H14: 857820.08 | I14: 620354.81 | J14: 3091306.8 | K14: 2.24 | L14: 927221.72
A15: Essencial à Justiça | C15: 18000 | D15: 12000 | E15: 0 | F15: 0 | G15: 0 | H15: 12000 | I15: 0 | J15: 0 | K15: 0 | L15: 12000
B16: Representação Judicial e Extrajudicial | C16: 18000 | D16: 12000 | E16: 0 | F16: 0 | G16: 0 | H16: 12000 | I16: 0 | J16: 0 | K16: 0 | L16: 12000
A17: Administração | C17: 17954020 | D17: 18640401 | E17: 2793929.9 | F17: 15650299 | G17: 10.68 | H17: 2990102.3 | I17: 2876004.8 | J17: 15211884 | K17: 11.02 | L17: 3428517.8
B18: Planejamento e Orçamento | C18: 101985.48 | D18: 132282.48 | E18: 2485.47 | F18: 104603.73 | G18: 0.07 | H18: 27678.75 | I18: 12460.51 | J18: 85202.95 | K18: 0.06 | L18: 47079.53
B19: Administração Geral | C19: 15635847 | D19: 15832993 | E19: 2493686.2 | F19: 13612438 | G19: 9.29 | H19: 2220554.9 | I19: 2553507.2 | J19: 13312553 | K19: 9.65 | L19: 2520439.5
B20: Administração Financeira | C20: 573492.7 | D20: 760007.7 | E20: 73769.57 | F20: 727564.61 | G20: 0.5 | H20: 32443.09 | I20: 63835.38 | J20: 623551.43 | K20: 0.45 | L20: 136456.27
B21: Controle Interno | C21: 10000 | D21: 8000 | E21: 0 | F21: 1278.35 | G21: 0 | H21: 6721.65 | I21: 0 | J21: 1278.35 | K21: 0 | L21: 6721.65
B22: Normatização e Fiscalização | C22: 500 | D22: 5 | E22: 0 | F22: 0 | G22: 0 | H22: 5 | I22: 0 | J22: 0 | K22: 0 | L22: 5
B23: Tecnologia da Informação | C23: 66000 | D23: 81000 | E23: 0 | F23: 67881.95 | G23: 0.05 | H23: 13118.05 | I23: 8290 | J23: 67881.95 | K23: 0.05 | L23: 13118.05
B24: Formação de Recursos Humanos | C24: 29000 | D24: 20853.06 | E24: 4079.8 | F24: 13120.1 | G24: 0.01 | H24: 7732.96 | I24: 620 | J24: 3068.88 | K24: 0 | L24: 17784.18
B25: Administração de Receitas | C25: 10500 | D25: 601 | E25: 0 | F25: 569 | G25: 0 | H25: 32 | I25: 0 | J25: 569 | K25: 0 | L25: 32
B26: Comunicação Social | C26: 9000 | D26: 1000 | E26: 0 | F26: 0 | G26: 0 | H26: 1000 | I26: 0 | J26: 0 | K26: 0 | L26: 1000
B27: Previdência Básica | C27: 539989.76 | D27: 547097.76 | E27: 84210.13 | F27: 418247.87 | G27: 0.29 | H27: 128849.89 | I27: 84210.13 | J27: 418247.87 | K27: 0.3 | L27: 128849.89
B28: Previdência Complementar | C28: 10 | D28: 10 | E28: 0 | F28: 0 | G28: 0 | H28: 10 | I28: 0 | J28: 0 | K28: 0 | L28: 10
B29: Proteção e Benefícios ao Trabalhador | C29: 816074.1 | D29: 821282.1 | E29: 126637.74 | F29: 617620.94 | G29: 0.42 | H29: 203661.16 | I29: 126637.74 | J29: 617620.94 | K29: 0.45 | L29: 203661.16
B30: Turismo | C30: 161620.77 | D30: 435269.59 | E30: 9061 | F30: 86974.67 | G30: 0.06 | H30: 348294.92 | I30: 26443.76 | J30: 81909.04 | K30: 0.06 | L30: 353360.55
A31: Segurança Pública | C31: 119219.65 | D31: 159283.65 | E31: 5222.16 | F31: 55856.47 | G31: 0.04 | H31: 103427.18 | I31: 8300.7 | J31: 44752.83 | K31: 0.03 | L31: 114530.82
B32: Policiamento | C32: 25793 | D32: 7594 | E32: 0 | F32: 0 | G32: 0 | H32: 7594 | I32: 0 | J32: 0 | K32: 0 | L32: 7594
B33: Defesa Civil | C33: 93425.65 | D33: 151688.65 | E33: 5222.16 | F33: 55856.47 | G33: 0.04 | H33: 95832.18 | I33: 8300.7 | J33: 44752.83 | K33: 0.03 | L33: 106935.82
B34: Proteção e Benefícios ao Trabalhador | C34: 1 | D34: 1 | E34: 0 | F34: 0 | G34: 0 | H34: 1 | I34: 0 | J34: 0 | K34: 0 | L34: 1
A35: Assistência Social | C35: 1567190.2 | D35: 1722812.5 | E35: 196254.75 | F35: 1194267.4 | G35: 0.82 | H35: 528545.12 | I35: 180257.06 | J35: 863685.17 | K35: 0.63 | L35: 859127.36
B36: Administração Geral | C36: 215412.17 | D36: 218300.12 | E36: 14277.72 | F36: 197283.91 | G36: 0.13 | H36: 21016.21 | I36: 24526.68 | J36: 146589.19 | K36: 0.11 | L36: 71710.93
B37: Assistência ao Idoso | C37: 117626 | D37: 129225.18 | E37: 0 | F37: 114827.27 | G37: 0.08 | H37: 14397.91 | I37: 15000 | J37: 78027.65 | K37: 0.06 | L37: 51197.53
B38: Assistência ao Portador de Deficiência | C38: 77113 | D38: 82173.75 | E38: 5060.75 | F38: 82060.75 | G38: 0.06 | H38: 113 | I38: 5060.75 | J38: 61407.91 | K38: 0.04 | L38: 20765.84
B39: Assistência à Criança e ao Adolescente | C39: 497407.23 | D39: 586530.75 | E39: 29205.31 | F39: 398830.82 | G39: 0.27 | H39: 187699.93 | I39: 58597.64 | J39: 295861.49 | K39: 0.21 | L39: 290669.26
B40: Assistência Comunitária | C40: 582654.77 | D40: 599456.91 | E40: 100448.82 | F40: 338734.71 | G40: 0.23 | H40: 260722.2 | I40: 75371.99 | J40: 264831.13 | K40: 0.19 | L40: 334625.78
B41: Previdência Básica | C41: 8559.23 | D41: 5842.23 | E41: 0 | F41: 0 | G41: 0 | H41: 5842.23 | I41: 0 | J41: 0 | K41: 0 | L41: 5842.23
B42: Direitos Individuais, Coletivos e Difusos | C42: 0 | D42: 7300.82 | E42: 0 | F42: 0 | G42: 0 | H42: 7300.82 | I42: 0 | J42: 0 | K42: 0 | L42: 7300.82
B43: Habitação Rural | C43: 68409.77 | D43: 58977 | E43: 44377 | F43: 53021 | G43: 0.04 | H43: 5956 | I43: 0 | J43: 8644 | K43: 0.01 | L43: 50333
B44: Habitação Urbana | C44: 8 | D44: 35005.77 | E44: 2885.15 | F44: 9508.95 | G44: 0.01 | H44: 25496.82 | I44: 1700 | J44: 8323.8 | K44: 0.01 | L44: 26681.97
A45: Previdência Social | C45: 32386276 | D45: 34738395 | E45: 5955741.2 | F45: 27947725 | G45: 19.07 | H45: 6790669.8 | I45: 5873777.3 | J45: 27253126 | K45: 19.75 | L45: 7485268.8
B46: Administração Geral | C46: 79998 | D46: 79998 | E46: 253 | F46: 31829.44 | G46: 0.02 | H46: 48168.56 | I46: 6996.78 | J46: 19219.66 | K46: 0.01 | L46: 60778.34
B47: Previdência do Regime Estatutário | C47: 27962675 | D47: 30302675 | E47: 5010710.1 | F47: 24480347 | G47: 16.71 | H47: 5822328.2 | I47: 5010710.1 | J47: 24480347 | K47: 17.74 | L47: 5822328.2
B48: Assistência Hospitalar e Ambulatorial | C48: 4343602.5 | D48: 4355721.7 | E48: 944778.16 | F48: 3435548.7 | G48: 2.34 | H48: 920173.05 | I48: 856070.43 | J48: 2753559.5 | K48: 2 | L48: 1602162.3
A49: Saúde | C49: 23931167 | D49: 27141798 | E49: 3839172.9 | F49: 23198115 | G49: 15.83 | H49: 3943682.8 | I49: 4153909.6 | J49: 22175573 | K49: 16.07 | L49: 4966225
B50: Administração Geral | C50: 4980554.7 | D50: 5155610.1 | E50: 567295.44 | F50: 4216780.6 | G50: 2.88 | H50: 938829.52 | I50: 645082.45 | J50: 4001831.9 | K50: 2.9 | L50: 1153778.2
B51: Tecnologia da Informação | C51: 205789.7 | D51: 11789.7 | E51: 672.17 | F51: 9217.29 | G51: 0.01 | H51: 2572.41 | I51: 336.08 | J51: 8881.12 | K51: 0.01 | L51: 2908.58
B52: Previdência Básica | C52: 142541.38 | D52: 143475.38 | E52: 18200.63 | F52: 106919.83 | G52: 0.07 | H52: 36555.55 | I52: 18200.63 | J52: 106919.83 | K52: 0.08 | L52: 36555.55
B53: Previdência Complementar | C53: 11 | D53: 11 | E53: 0 | F53: 0 | G53: 0 | H53: 11 | I53: 0 | J53: 0 | K53: 0 | L53: 11
B54: Atenção Básica | C54: 6046336.5 | D54: 8180734.4 | E54: 1606855.1 | F54: 6567488.8 | G54: 4.48 | H54: 1613245.6 | I54: 1837200.7 | J54: 6182009 | K54: 4.48 | L54: 1998725.3
B55: Assistência Hospitalar e Ambulatorial | C55: 9846916.5 | D55: 10353177 | E55: 1116752 | F55: 9613468 | G55: 6.56 | H55: 739709.43 | I55: 1197137.4 | J55: 9409925 | K55: 6.82 | L55: 943252.46
B56: Suporte Profilático e Terapêutico | C56: 896753.26 | D56: 1434636.5 | E56: 234515.79 | F56: 1210224.8 | G56: 0.83 | H56: 224411.78 | I56: 158171.24 | J56: 1039316.4 | K56: 0.75 | L56: 395320.12
B57: Vigilância Sanitária | C57: 305559.36 | D57: 344655.36 | E57: 58188.61 | F57: 247910.83 | G57: 0.17 | H57: 96744.53 | I57: 47433.14 | J57: 232321.1 | K57: 0.17 | L57: 112334.26
B58: Vigilância Epidemiológica | C58: 842799.25 | D58: 857640.68 | E58: 134305.23 | F58: 688633.71 | G58: 0.47 | H58: 169006.97 | I58: 146958.57 | J58: 663907.26 | K58: 0.48 | L58: 193733.42
B59: Proteção e Benefícios ao Trabalhador | C59: 663905.08 | D59: 660067.08 | E59: 102387.96 | F59: 537471.02 | G59: 0.37 | H59: 122596.06 | I59: 103389.39 | J59: 530461.01 | K59: 0.38 | L59: 129606.07
A60: Educação | C60: 35134639 | D60: 38323309 | E60: 7155706 | F60: 31913020 | G60: 21.78 | H60: 6410288.5 | I60: 7100984.9 | J60: 31282642 | K60: 22.67 | L60: 7040667.1
B61: Administração Geral | C61: 50640 | D61: 114604.96 | E61: 6303.95 | F61: 92649.19 | G61: 0.06 | H61: 21955.77 | I61: 13338.2 | J61: 80355.34 | K61: 0.06 | L61: 34249.62
B62: Previdência Básica | C62: 91145.04 | D62: 86099.04 | E62: 11126.9 | F62: 52047.89 | G62: 0.04 | H62: 34051.15 | I62: 11126.9 | J62: 52047.89 | K62: 0.04 | L62: 34051.15
B63: Previdência Complementar | C63: 23 | D63: 23 | E63: 0 | F63: 0 | G63: 0 | H63: 23 | I63: 0 | J63: 0 | K63: 0 | L63: 23
B64: Proteção e Benefícios ao Trabalhador | C64: 1521449.2 | D64: 1819721.2 | E64: 301775.04 | F64: 1489116.1 | G64: 1.02 | H64: 330605.04 | I64: 301775.04 | J64: 1489116.1 | K64: 1.08 | L64: 330605.04
B65: Ensino Fundamental | C65: 19503609 | D65: 23017831 | E65: 4453160.7 | F65: 19713437 | G65: 13.45 | H65: 3304394.9 | I65: 4439446.5 | J65: 19225944 | K65: 13.93 | L65: 3791887.6
B66: Ensino Médio | C66: 1400080 | D66: 2091138.9 | E66: 637241.15 | F66: 2027027.4 | G66: 1.38 | H66: 64111.55 | I66: 605999.65 | J66: 1986329.2 | K66: 1.44 | L66: 104809.75
B67: Educação Infantil | C67: 9155558.8 | D67: 7964185.2 | E67: 1195417.2 | F67: 6043795.6 | G67: 4.12 | H67: 1920389.6 | I67: 1167870 | J67: 5973901.9 | K67: 4.33 | L67: 1990283.3
B68: Educação de Jovens e Adultos | C68: 520437.13 | D68: 582147.13 | E68: 67194.71 | F68: 392577.75 | G68: 0.27 | H68: 189569.38 | I68: 67942.31 | J68: 392577.75 | K68: 0.28 | L68: 189569.38
B69: Educação Especial | C69: 1811547.7 | D69: 1609690.7 | E69: 284078.78 | F69: 1164549.8 | G69: 0.79 | H69: 445140.9 | I69: 294078.78 | J69: 1144549.8 | K69: 0.83 | L69: 465140.9
B70: Educação Básica | C70: 1080149.1 | D70: 1037867.1 | E70: 199407.56 | F70: 937819.77 | G70: 0.64 | H70: 100047.31 | I70: 199407.56 | J70: 937819.77 | K70: 0.68 | L70: 100047.31
A71: Cultura | C71: 496407.82 | D71: 460498.26 | E71: 82061.3 | F71: 182810.9 | G71: 0.12 | H71: 277687.36 | I71: 34334.41 | J71: 101568.78 | K71: 0.07 | L71: 358929.48
B72: Administração Geral | C72: 2001 | D72: 1505 | E72: 0 | F72: 0 | G72: 0 | H72: 1505 | I72: 0 | J72: 0 | K72: 0 | L72: 1505
B73: Normatização e Fiscalização | C73: 1251.33 | D73: 38 | E73: 0 | F73: 0 | G73: 0 | H73: 38 | I73: 0 | J73: 0 | K73: 0 | L73: 38
B74: Patrimônio Histórico, Artístico e Arqueológico | C74: 22001 | D74: 6480.95 | E74: 0 | F74: 5899.77 | G74: 0 | H74: 581.18 | I74: 0 | J74: 5839.77 | K74: 0 | L74: 641.18
B75: Difusão Cultural | C75: 294245.33 | D75: 230591.32 | E75: 0 | F75: 52866.43 | G75: 0.04 | H75: 177724.89 | I75: 7858.73 | J75: 40041.43 | K75: 0.03 | L75: 190549.89
B76: Turismo | C76: 176909.16 | D76: 221882.99 | E76: 82061.3 | F76: 124044.7 | G76: 0.08 | H76: 97838.29 | I76: 26475.68 | J76: 55687.58 | K76: 0.04 | L76: 166195.41
A77: Direitos da Cidadania | C77: 18750 | D77: 18750 | E77: 0 | F77: 3612.65 | G77: 0 | H77: 15137.35 | I77: 0 | J77: 1796.84 | K77: 0 | L77: 16953.16
B78: Administração Geral | C78: 4750 | D78: 4750 | E78: 0 | F78: 0 | G78: 0 | H78: 4750 | I78: 0 | J78: 0 | K78: 0 | L78: 4750
B79: Direitos Individuais, Coletivos e Difusos | C79: 14000 | D79: 14000 | E79: 0 | F79: 3612.65 | G79: 0 | H79: 10387.35 | I79: 0 | J79: 1796.84 | K79: 0 | L79: 12203.16
A80: Urbanismo | C80: 6449313.4 | D80: 6929084.4 | E80: 542226.37 | F80: 3530567.4 | G80: 2.41 | H80: 3398517 | I80: 746683.91 | J80: 2396866.8 | K80: 1.74 | L80: 4532217.7
B81: Infra-estrutura Urbana | C81: 4524013.4 | D81: 4848539.4 | E81: 511539.55 | F81: 1715523.1 | G81: 1.17 | H81: 3133016.3 | I81: 338989.2 | J81: 1092208.7 | K81: 0.79 | L81: 3756330.7
B82: Serviços Urbanos | C82: 1925300 | D82: 2080545 | E82: 30686.82 | F82: 1815044.3 | G82: 1.24 | H82: 265500.74 | I82: 407694.71 | J82: 1304658 | K82: 0.95 | L82: 775886.98
A83: Habitação | C83: 318286.84 | D83: 288474.37 | E83: -6089.59 | F83: 2548.96 | G83: 0 | H83: 285925.41 | I83: -8070 | J83: 568.55 | K83: 0 | L83: 287905.82
B84: Assistência Comunitária | C84: 4000 | D84: 4000 | E84: 0 | F84: 0 | G84: 0 | H84: 4000 | I84: 0 | J84: 0 | K84: 0 | L84: 4000
B85: Habitação Rural | C85: 65416.09 | D85: 63816.09 | E85: 0 | F85: 0 | G85: 0 | H85: 63816.09 | I85: 0 | J85: 0 | K85: 0 | L85: 63816.09
B86: Habitação Urbana | C86: 248870.75 | D86: 220658.28 | E86: -6089.59 | F86: 2548.96 | G86: 0 | H86: 218109.32 | I86: -8070 | J86: 568.55 | K86: 0 | L86: 220089.73
A87: Saneamento | C87: 1996750 | D87: 2367340.1 | E87: 338178.58 | F87: 1858737.7 | G87: 1.27 | H87: 508602.37 | I87: 365553.72 | J87: 1657314.3 | K87: 1.2 | L87: 710025.75
B88: Saneamento Básico Rural | C88: 85330 | D88: 90330 | E88: 23060 | F88: 75645.62 | G88: 0.05 | H88: 14684.38 | I88: 6628.69 | J88: 35624.65 | K88: 0.03 | L88: 54705.35
B89: Saneamento Básico Urbano | C89: 1911420 | D89: 2277010.1 | E89: 315118.58 | F89: 1783092.1 | G89: 1.22 | H89: 493917.99 | I89: 358925.03 | J89: 1621689.7 | K89: 1.18 | L89: 655320.4
A90: Gestão Ambiental | C90: 220278.54 | D90: 766988.54 | E90: 39945.82 | F90: 391371.71 | G90: 0.27 | H90: 375616.83 | I90: 114896.43 | J90: 332019.31 | K90: 0.24 | L90: 434969.23
B91: Preservação e Conservação Ambiental | C91: 10000 | D91: 5 | E91: 0 | F91: 0 | G91: 0 | H91: 5 | I91: 0 | J91: 0 | K91: 0 | L91: 5
B92: Controle Ambiental | C92: 104128.8 | D92: 335336.8 | E92: 987.35 | F92: 21990.56 | G92: 0.02 | H92: 313346.24 | I92: 1448.8 | J92: 12925.52 | K92: 0.01 | L92: 322411.28
B93: Recursos Hídricos | C93: 106149.74 | D93: 431646.74 | E93: 38958.47 | F93: 369381.15 | G93: 0.25 | H93: 62265.59 | I93: 113447.63 | J93: 319093.79 | K93: 0.23 | L93: 112552.95
A94: Agricultura | C94: 873999 | D94: 1095627 | E94: 37773.83 | F94: 505343.7 | G94: 0.34 | H94: 590283.3 | I94: 158335.48 | J94: 358939.96 | K94: 0.26 | L94: 736687.04
B95: Abastecimento | C95: 40000 | D95: 25000 | E95: 0 | F95: 108.69 | G95: 0 | H95: 24891.31 | I95: 0 | J95: 108.69 | K95: 0 | L95: 24891.31
B96: Extensão Rural | C96: 541999 | D96: 785524 | E96: 10200 | F96: 306799.81 | G96: 0.21 | H96: 478724.19 | I96: 125865.79 | J96: 220310.29 | K96: 0.16 | L96: 565213.71
B97: Promoção da Produção Agropecuária | C97: 267000 | D97: 265103 | E97: 27573.83 | F97: 191445.2 | G97: 0.13 | H97: 73657.8 | I97: 31075.91 | J97: 132472.9 | K97: 0.1 | L97: 132630.1
B98: Defesa Agropecuária | C98: 25000 | D98: 20000 | E98: 0 | F98: 6990 | G98: 0 | H98: 13010 | I98: 1393.78 | J98: 6048.08 | K98: 0 | L98: 13951.92
A99: Indústria | C99: 15001 | D99: 15001 | E99: 0 | F99: 1950 | G99: 0 | H99: 13051 | I99: 0 | J99: 1950 | K99: 0 | L99: 13051
B100: Promoção Industrial | C100: 15001 | D100: 15001 | E100: 0 | F100: 1950 | G100: 0 | H100: 13051 | I100: 0 | J100: 1950 | K100: 0 | L100: 13051
A101: Comércio e Serviços | C101: 75004 | D101: 64520.73 | E101: 5058.92 | F101: 38713.65 | G101: 0.03 | H101: 25807.08 | I101: 9386.37 | J101: 32248.65 | K101: 0.02 | L101: 32272.08
B102: Preservação e Conservação Ambiental | C102: 1500 | D102: 1500 | E102: 0 | F102: 0 | G102: 0 | H102: 1500 | I102: 0 | J102: 0 | K102: 0 | L102: 1500
...

Sheet Result
A1: Prefeitura Municipal de Cacapava do Sul-RS | K1: Página 1 de 2
A2: Relatório Resumido da Execução Orçamentária
A3: Demonstrativo dos Resultados Primário e Nominal
A4: Orçamento Fiscal e da Seguridade Social
A5: Janeiro a Outubro 2022/Bimestre Setembro-Outubro
A7: RREO - ANEXO VI(LRF, art. 53, inciso III) | I7: R$ 1,00
A8: ACIMA DA LINHA
A9: RECEITAS PRIMÁRIAS | C9: Previsão Atualizada | D9: Até o Bimestre/2022
D10: Receitas Realizadas
D11: (a)
A12: RECEITAS CORRENTES(I) | C12: 144.963.450,80 | D12: 114.982.427,00
A13: Impostos, Taxas e Contribuições de Melhoria | C13: 18.205.576,49 | D13: 14.522.761,31
A14: IPTU | C14: 3.467.839,35 | D14: 2.164.408,75
A15: ISS | C15: 5.814.310,60 | D15: 5.487.913,40
A16: ITBI | C16: 1.378.438,67 | D16: 1.591.071,74
A17: IRRF | C17: 3.914.901,83 | D17: 4.674.420,47
A18: Outros Impostos, Taxas, e Contribuições de Melhoria | C18: 3.630.086,04 | D18: 604.946,95
A19: Contribuições | C19: 8.138.213,42 | D19: 7.594.016,72
A20: Receita Patrimonial | C20: 5.983.517,90 | D20: 4.942.522,31
A21: Aplicações Financeiras (II) | C21: 5.958.845,52 | D21: 4.919.505,86
A22: Outras Receitas Patrimoniais | C22: 24.672,38 | D22: 23.016,45
A23: Transferências Correntes | C23: 109.133.512,41 | D23: 85.086.551,88
... A52: DESPESAS PRIMÁRIAS | C52: Dotação Atualizada | D52: Até o Bimestre/2022
D53: Despesas Empenhadas | E53: Despesas Liquidadas | F53: Despesas Pagas | H53: Restos a Pagar Processados Pagos | J53: Restos a Pagar não Processados
J54: Liquidados | L54: Pagos (c)
F55: (a) | H55: (b)
A56: DESPESAS CORRENTES (XIII) | C56: 132.727.230,51 | D56: 110.665.295,67 | E56: 106.143.850,04 | F56: 103.601.942,03 | H56: 3.494.913,39 | J56: 300.395,14 | L56: 287.700,54
A57: Pessoal e Encargos Sociais | C57: 91.836.703,27 | D57: 77.059.623,43 | E57: 76.993.333,88 | F57: 76.442.468,32 | H57: 734.841,53 | J57: - | L57: -
A58: Juros e Encargos da Dívida (XIV) | C58: 484.333,73 | D58: 10.160,72 | E58: 10.160,72 | F58: 10.160,72 | H58: - | J58: - | L58: -
A59: Outras Despesas Correntes | C59: 40.406.193,51 | D59: 33.595.511,52 | E59: 29.140.355,44 | F59: 27.149.312,99 | H59: 2.760.071,86 | J59: 300.395,14 | L59: 287.700,54
A60: DESPESAS PRIMÁRIAS CORRENTES (XV) = (XIII - XIV) | C60: 132.242.896,78 | D60: 110.655.134,95 | E60: 106.133.689,32 | F60: 103.591.781,31 | H60: 3.494.913,39 | J60: 300.395,14 | L60: 287.700,54
A61: DESPESAS DE CAPITAL (XVI) | C61: 14.430.703,11 | D61: 7.696.806,11 | E61: 3.732.071,95 | F61: 1.931.092,70 | H61: 298.894,66 | J61: 928.209,04 | L61: 922.418,56
A62: Investimentos | C62: 14.426.168,11 | D62: 7.693.806,11 | E62: 3.732.071,95 | F62: 1.931.092,70 | H62: 298.894,66 | J62: 878.691,58 | L62: 872.901,10
A63: Inversões Financeiras | C63: 3.283,00 | D63: 3.000,00 | E63: - | F63: - | H63: - | J63: - | L63: -
A64: Concessão de Empréstimos e Financiamentos (XVII) | C64: 101,00 | D64: - | E64: - | F64: - | H64: - | J64: - | L64: -
A65: Aquisição de Título de Capital já Integralizado (XVIII) | C65: - | D65: - | E65: - | F65: - | H65: - | J65: - | L65: -
A66: Aquisição de Título de Crédito (XIX) | C66: - | D66: - | E66: - | F66: - | H66: - | J66: - | L66: -
A67: Demais Inversões Financeiras | C67: 3.182,00 | D67: 3.000,00 | E67: - | F67: - | H67: - | J67: - | L67: -
... A69: DESPESAS PRIMÁRIAS DE CAPITAL (XXI) = (XVI - XVII - XVIII - XIX - XX) | C69: 14.429.350,11 | D69: 7.696.806,11 | E69: 3.732.071,95 | F69: 1.931.092,70 | H69: 298.894,66 | J69: 878.691,58 | L69: 872.901,10
A71: FONTE: GOVBR - Responsabilidade Fiscal, SECRETARIA DE MUNICÍPIO DA FAZENDA, 23/Nov/2022, 11h e 18m.
A72: Prefeitura Municipal de Cacapava do Sul-RS | K72: Página 2 de 2
A73: Relatório Resumido da Execução Orçamentária
A74: Demonstrativo dos Resultados Primário e Nominal
A75: Orçamento Fiscal e da Seguridade Social
A76: Janeiro a Outubro 2022/Bimestre Setembro-Outubro
A78: RESERVA DE CONTINGÊNCIA (XXII) | C78: 709,85 | D78: - | E78: - | F78: - | H78: - | J78: - | L78: -
A79: DESPESA PRIMÁRIA TOTAL (XXIII) = (XV + XXI + XXII) | C79: 146.672.956,74 | D79: 118.351.941,06 | E79: 109.865.761,27 | F79: 105.522.874,01 | H79: 3.793.808,05 | J79: 1.179.086,72 | L79: 1.160.601,64
A81: RESULTADO PRIMÁRIO - Acima da Linha (XXIV) = [XIIa - (XXIIIa +XXIIIb + XXIIIc)] | C81: 2.342.468,17
A83: META FISCAL PARA O RESULTADO PRIMÁRIO | C83: VALOR CORRENTE
A84: Meta fixada no Anexo de Metas Fiscais da LDO para o exercício de referência | C84: -
A86: JUROS NOMINAIS | C86: Até o Bimestre/2022
C87: VALOR INCORRIDO
A88: Juros, Encargos e Variações Monetárias Ativos (XXV) | C88: 1.747.375,82
A89: Juros, Encargos e Variações Monetárias Passivos (XXVI) | C89: 10.160,72
A91: RESULTADO NOMINAL - Acima da Linha (XXVII) = XXIV + (XXV - XXVI) | C91: 4.079.683,27
A93: META FISCAL PARA O RESULTADO NOMINAL | C93: VALOR CORRENTE
A94: Meta fixada no Anexo de Metas Fiscais da LDO para o exercício de referência | C94: -
A96: ABAIXO DA LINHA
A97: CÁLCULO DO RESULTADO NOMINAL | C97: SALDO
C98: Em 31/Dez/2021 | G98: Até o 5º Bimestre
C99: (a) | G99: (b)
A100: DÍVIDA CONSOLIDADA (XXVIII) | C100: 938.163,67 | G100: 573.678,71
A101: DEDUÇÕES (XXIX) | C101: 14.415.069,22 | G101: 16.626.913,52
A102: Disponibilidade de Caixa | C102: 13.782.614,60 | G102: 16.011.670,21
A103: Disponibilidade de Caixa Bruta | C103: 20.648.054,22 | G103: 18.813.948,24
A104: (-) Restos a Pagar Processados (XXX) | C104: 5.645.028,33 | G104: 1.712.146,26
A105: (-) Depósitos Restituíveis e Valores Vinculados | C105: 1.220.411,29 | G105: 1.090.131,77
A106: Demais Haveres Financeiros | C106: 632.454,62 | G106: 615.243,31
A107: DÍVIDA CONSOLIDADA LÍQUIDA (XXXI) = (XXVIII - XXIX) | C107: -13.476.905,55 | G107: -16.053.234,81
A108: RESULTADO NOMINAL - Abaixo da Linha (XXXII) = (XXXIa - XXXIb) | C108: 2.576.329,26
A110: AJUSTE METODOLÓGICO | C110: Até o Bimestre/2022
A111: VARIAÇÃO SALDO RPP = (XXXIII) = (XXXa - XXXb) | G111: 3.932.882,07
A112: RECEITA DE ALIENAÇÃO DE INVESTIMENTOS PERMANENTES (IX) | G112: -
A113: PASSIVOS RECONHECIDOS NA DC (XXXIV) | G113: -
A114: VARIAÇÃO CAMBIAL (XXXV) | G114: -
A115: PAGAMENTO DE PRECATÓRIOS INTEGRANTES DA DC (XXXVI) | G115: -
A116: AJUSTES RELATIVOS AO RPPS (XXXVII) | G116: -
A117: OUTROS AJUSTES (XXXVIII) | G117: -
A118: RESULTADO NOMINAL AJUSTADO - Abaixo da Linha (XXXIX) = (XXXII - XXXIII - IX + XXXIV + XXXV - XXXVI + XXXVII + XXXVIII) | C118: -1.356.552,81
A120: RESULTADO PRIMÁRIO - Abaixo da Linha (XL) = XXXIX - (XXV - XXVI) | C120: -3.093.767,91
A122: INFORMAÇÕES ADICIONAIS | C122: PREVISÃO ORÇAMENTÁRIA
A123: SALDO DE EXERCÍCIOS ANTERIORES | G123: 5.460.990,94
A124: Recursos Arrecadados em Exercícios Anteriores - RPPS | G124: -
A125: Superávit Financeiro Utilizado para Abertura e Reabertura de Créditos Adicionais | G125: 5.460.990,94
A126: RESERVA ORÇAMENTÁRIA DO RPPS | G126: 11.169.360,41
A133: FONTE: GOVBR - Responsabilidade Fiscal, SECRETARIA DE MUNICÍPIO DA FAZENDA, 23/Nov/2022, 11h e 18m.
A135: FONTE: GOVBR - Responsabilidade Fiscal, SECRETARIA DE MUNICÍPIO DA FAZENDA, 21/Set/2022, 14h e 10m.

Sheet Restos
A2: Prefeitura Municipal de Cacapava do Sul - RS
A3: Relatório Resumido da Execução Orçamentária
A4: Demonstrativo dos Restos a Pagar por Poder e Órgão
A5: Orçamentos Fiscal e da Seguridade Social
A6: Janeiro a Outubro 2022/Bimestre Setembro-Outubro
A8: RREO - ANEXO 7 (LRF, art.53, inciso V) | M8: R$ 1,00
A9: PODER/ÓRGÃO | B9: RESTOS A PAGAR PROCESSADOS | G9: RESTOS A PAGAR NÃO PROCESSADOS | M9: Saldo Total
B11: Inscritos | D11: Pagos | E11: Cancelados | F11: Saldo | G11: Inscritos | I11: Liquidados | J11: Pagos | K11: Cancelados | L11: Saldo | M11: Saldo Total
B12: Em Exercícios | C12: Em 31 de | G12: Em Exercícios | H12: Em 31 de
B13: Anteriores | C13: dezembro de 2021 | G13: Anteriores | H13: dezembro de 2021
B14: (a) | C14: (b) | D14: (c) | E14: (d) | F14: e=(a+b)-(c+d) | G14: (f) | H14: (g) | I14: (h) | J14: (i) | K14: (j) | L14: k=(f+g)-(i+j) | M14: L=(e+k)
A15: RESTOS A PAGAR(EXCETO INTRA-ORÇAMENTÁRIOS) (I) | B15: 1359877.9 | C15: 4179911.1 | D15: 3793808 | E15: 18354.52 | F15: 1727626.5 | G15: 1319811.2 | H15: 1831554.7 | I15: 1228604.2 | J15: 1210119.1 | K15: 7400.34 | L15: 1933846.5 | M15: 3661473
A16: PODER EXECUTIVO | B16: 1359877.9 | C16: 4177488.5 | D16: 3791385.5 | E16: 18354.52 | F16: 1727626.5 | G16: 1319811.2 | H16: 1831554.7 | I16: 1228604.2 | J16: 1210119.1 | K16: 7400.34 | L16: 1933846.5 | M16: 3661473
A17: PODER LEGISLATIVO | B17: 0 | C17: 2422.58 | D17: 2422.58 | E17: 0 | F17: 0 | G17: 0 | H17: 0 | I17: 0 | J17: 0 | K17: 0 | L17: 0 | M17: 0
A18: CAMARA MUNICIPAL CACAPAVA DO SUL | B18: 0 | C18: 2422.58 | D18: 2422.58 | E18: 0 | F18: 0 | G18: 0 | H18: 0 | I18: 0 | J18: 0 | K18: 0 | L18: 0 | M18: 0
A19: RESTOS A PAGAR(INTRA-ORÇAMENTÁRIOS) (II) | B19: 18226475 | C19: 1564234.9 | D19: 3524925.6 | E19: 0 | F19: 16265784 | G19: 0 | H19: 0 | I19: 0 | J19: 0 | K19: 0 | L19: 0 | M19: 16265784
A20: PODER EXECUTIVO | B20: 18226475 | C20: 1564234.9 | D20: 3524925.6 | E20: 0 | F20: 16265784 | G20: 0 | H20: 0 | I20: 0 | J20: 0 | K20: 0 | L20: 0 | M20: 16265784
A21: TOTAL (III) = (I+II) | B21: 19586353 | C21: 5744146 | D21: 7318733.7 | E21: 18354.52 | F21: 17993410 | G21: 1319811.2 | H21: 1831554.7 | I21: 1228604.2 | J21: 1210119.1 | K21: 7400.34 | L21: 1933846.5 | M21: 19927257
A28: __________________________________ __________________________________ __________________________________
A29: GIOVANI AMESTOY DA SILVA IHOKO NAKASHIMA MOTA ARLEI LOPES SOUZA
A30: PREFEITO MUNICIPAL SECRETARIA DE MUNICIPIO DA FAZENDA 610.320.420-87
A31: CPF: 009.854.830-16 CPF: 390.226.680-53 CONTADOR: RS-068452/O-6

Sheet Alienaç
A1: PREFEITURA MUNICIPAL DE CACAPAVA DO SUL - RS
A2: RELATÓRIO RESUMIDO DA EXECUÇÃO ORÇAMENTÁRIA
A3: DEMONSTRATIVO DA RECEITA DE ALIENAÇÃO DE ATIVOS E APLICAÇÃO DOS RECURSOS
A4: ORÇAMENTOS FISCAL E DA SEGURIDADE SOCIAL
A5: Janeiro a Outubro 2022/Bimestre Setembro-Outubro
A6: RREO - ANEXO 11 (LRF, art. 53, § 1º, inciso III) | J6: Em Reais
A7: RECEITAS | D7: PREVISÃO ATUALIZADA | E7: RECEITAS REALIZADAS | J7: SALDO
D8: (a) | E8: (b) | J8: (c)=(a-b)
A9: RECEITAS DE ALIENAÇÃO DE ATIVOS (I) | D9: 0 | E9: - | J9: 0
C10: Receita de Alienação de Bens Móveis | D10: 0 | E10: - | J10: 0
C11: Receita de Alienação de Bens Imóveis | D11: 0 | E11: - | J11: 0
C12: Receita de Alienação de Bens Intangíveis | D12: 0 | E12: - | J12: 0
C13: Receita de Rendimentos de Aplicações Financeiras | D13: 0 | E13: - | J13: 0
A15: DESPESAS | D15: DOTAÇÃO ATUALIZADA | E15: DESPESAS | F15: DESPESAS | G15: DESPESAS | H15: DESPESAS | I15: PAGAMENTO | J15: SALDO
E16: EMPENHADAS | F16: LIQUIDADAS | G16: PAGAS | H16: INSCRITAS EM RESTOS A | I16: DE RESTOS A PAGAR
H17: PAGAR NÃO PROCESSADOS
D18: (d) | E18: (e) | G18: (f) | I18: (g) | J18: (h)=(d-e)
A19: APLICAÇÃO DOS RECURSOS DA ALIENAÇÃO DE ATIVOS (II) | D19: 0 | E19: 0 | F19: 0 | G19: 0 | H19: 0 | I19: 0 | J19: 0
A20: Despesas de Capital | D20: 0 | E20: 0 | F20: 0 | G20: 0 | H20: 0 | I20: 0 | J20: 0
B21: Investimentos | D21: 0 | E21: 0 | F21: 0 | G21: 0 | H21: 0 | I21: 0 | J21: 0
B22: Inversões Financeiras | D22: 0 | E22: 0 | F22: 0 | G22: 0 | H22: 0 | I22: 0 | J22: 0
B23: Amortização da Dívida | D23: 0 | E23: 0 | F23: 0 | G23: 0 | H23: 0 | I23: 0 | J23: 0
A24: Despesas Correntes dos Regimes de Previdência | D24: 0 | E24: 0 | F24: 0 | G24: 0 | H24: 0 | I24: 0 | J24: 0
B25: Regime Próprio dos Servidores Públicos | D25: 0 | E25: 0 | F25: 0 | G25: 0 | H25: 0 | I25: 0 | J25: 0
A27: SALDO FINANCEIRO A APLICAR | D27: 2021 | E27: 2022 | J27: SALDO ATUAL
D28: (i) | E28: (j) = (Ib - (IIf + IIg)) | J28: (k) = (IIIi + IIIj)
A29: VALOR (III) | E29: - | J29: 0
A36: __________________________________ __________________________________ __________________________________
A37: GIOVANI AMESTOY DA SILVA IHOKO NAKASHIMA MOTA ARLEI LOPES SOUZA
A38: PREFEITO MUNICIPAL SECRETARIA DE MUNICIPIO DA FAZENDA 610.320.420-87
A39: CPF: 009.854.830-16 CPF: 390.226.680-53 CONTADOR: RS-068452/O-6

Sheet PPP
A1: Prefeitura Municipal de Cacapava do Sul-RS
A2: RELATÓRIO RESUMIDO DA EXECUÇÃO ORÇAMENTÁRIA
A3: DEMONSTRATIVO DAS PARCERIAS PÚBLICO-PRIVADAS
A4: ORÇAMENTOS FISCAL E DA SEGURIDADE SOCIAL
A5: Janeiro a Outubro 2022/Bimestre Setembro-Outubro
A7: RREO - Anexo 13 (Lei nº 11.079, de 30.12.2004, arts. 22, 25 e 28) | O7: Em reais
A8: IMPACTOS DAS CONTRATAÇÕES DE PPP | E8: SALDO TOTAL EM | H8: SALDO FINAL | J8: SALDO FINAL
E9: 31 DE DEZEMBRO DO
E10: EXERCÍCIO ANTERIOR | H10: Até o Bimestre
A11: TOTAL DE ATIVOS
A12: Ativos Constituídos pela SPE
A13: TOTAL DE PASSIVOS
A14: Obrigações decorrentes de Ativos Constituídos pela SPE
A15: Provisões de PPP
A16: Outros Passivos
A17: ATOS POTENCIAIS PASSIVOS
A18: Obrigações contratuais
A19: Riscos não Provisionados
A20: Garantias concedidas
A21: Outros Passivos Contingentes
A23: DESPESAS DE PPP | E23: EXERCÍCIO | F23: EXERCÍCIO
E24: ANTERIOR | F24: CORRENTE | G24: 2023 | H24: 2024 | I24: 2025 | J24: 2026 | K24: 2027 | L24: 2028 | M24: 2029 | N24: 2030 | O24: 2031
F25: 2022
A26: DO ENTE FEDERADO, EXCETO ESTATAIS NÃO DEPENDENTES (I) = (I.1 + I.2) | E26: 0 | F26: 0 | G26: 0 | H26: 0 | I26: 0 | J26: 0 | K26: 0 | L26: 0 | M26: 0 | N26: 0 | O26: 0
A27: Contratadas(I.1) | E27: 0 | F27: 0 | G27: 0 | H27: 0 | I27: 0 | J27: 0 | K27: 0 | L27: 0 | M27: 0 | N27: 0 | O27: 0
A28: A contratar (I.2)
A29: DAS ESTATAIS NÃO-DEPENDENTES (II) = (II.1 + II.2)
A30: Contratadas (II.1)
A31: A contratar (II.2)
A32: TOTAL DAS DESPESAS DE PPP (III) = (I + II) | E32: 0 | F32: 0 | G32: 0 | H32: 0 | I32: 0 | J32: 0 | K32: 0 | L32: 0 | M32: 0 | N32: 0 | O32: 0
A33: RECEITA CORRENTE LÍQUIDA (RCL) (IV) | E33: 0 | F33: 0 | G33: 0 | H33: 0 | I33: 0 | J33: 0 | K33: 0 | L33: 0 | M33: 0 | N33: 0 | O33: 0
A34: TOTAL DAS DESPESAS CONSIDERADAS PARA O LIMITE (I)
A35: TOTAL DAS DESPESAS CONSIDERADAS PARA O LIMITE / RCL (%) (V) = (I / IV)
A38: __________________________________ __________________________________ __________________________________
A39: GIOVANI AMESTOY DA SILVA IHOKO NAKASHIMA MOTA ARLEI LOPES SOUZA
A40: PREFEITO MUNICIPAL SECRETARIA DE MUNICIPIO DA FAZENDA 610.320.420-87
A41: CPF: 009.854.830-16 CPF: 390.226.680-53 CONTADOR: RS-068452/O-6

Sheet Dívid
A2: PREFEITURA MUNICIPAL DE CACAPAVA DO SUL - RS
A3: RELATÓRIO DE GESTÃO FISCAL
A4: DEMONSTRATIVO DA DÍVIDA CONSOLIDADA LÍQUIDA
A5: ORÇAMENTOS FISCAL E DA SEGURIDADE SOCIAL
A6: JANEIRO A AGOSTO DE 2022
A8: RGF - ANEXO 2 (LRF, art.55, inciso I, alínea "b") | H8: R$ 1,00
A10: DÍVIDA CONSOLIDADA | E10: SALDO DO | F10: SALDO DO EXERCÍCIO DE 2022
E11: EXERCÍCIO | F11: Até o 1º | G11: Até o 2º | H11: Até o 3º
E12: ANTERIOR | F12: Quadrimestre | G12: Quadrimestre | H12: Quadrimestre
A13: DÍVIDA CONSOLIDADA - DC (I) | E13: 938163.67 | F13: 1133247.9 | G13: 803869.25 | H13: 0
B14: Dívida Mobiliária | E14: 0 | F14: 0 | G14: 0 | H14: 0
B15: Dívida Contratual | E15: 936147 | F15: 1131231.2 | G15: 801852.58 | H15: 0
C16: Empréstimos | E16: 0 | F16: 0 | G16: 0 | H16: 0
D17: Internos | E17: 0 | F17: 0 | G17: 0 | H17: 0
D18: Externos | E18: 0 | F18: 0 | G18: 0 | H18: 0
C19: Reestruturação da Dívida de Estados e Municípios | E19: 0 | F19: 0 | G19: 0 | H19: 0
C20: Financiamentos | E20: 32070.25 | F20: 7311.6 | G20: 7311.6 | H20: 0
D21: Internos | E21: 32070.25 | F21: 7311.6 | G21: 7311.6 | H21: 0
D22: Externos | E22: 0 | F22: 0 | G22: 0 | H22: 0
C23: Parcelamento e Renegociação de dívidas | E23: 634077.25 | F23: 975714.23 | G23: 766335.6 | H23: 0
D24: De Tributos | E24: 0 | F24: 0 | G24: 0 | H24: 0
D25: De Contribuições Previdenciárias | E25: 300772.06 | F25: 642409.04 | G25: 433030.41 | H25: 0
D26: De Demais Contribuições Sociais | E26: 0 | F26: 0 | G26: 0 | H26: 0
D27: Do FGTS | E27: 0 | F27: 0 | G27: 0 | H27: 0
D28: Com Instituição Não Financeira | E28: 333305.19 | F28: 333305.19 | G28: 333305.19 | H28: 0
C29: Demais Dívidas Contratuais | E29: 269999.5 | F29: 148205.42 | G29: 28205.38 | H29: 0
B30: Precatórios Posteriores a 05/05/2000 (inclusive) - Vencidos e não pagos | E30: 2016.67 | F30: 2016.67 | G30: 2016.67 | H30: 0
B31: Outras Dívidas | E31: 0 | F31: 0 | G31: 0 | H31: 0
A32: DEDUÇÕES (II) | E32: 14415069 | F32: 21118619 | G32: 18196606 | H32: 0
B33: Disponibilidade de Caixa¹ | E33: 13782615 | F33: 20474563 | G33: 17578121 | H33: 0
C34: Disponibilidade de Caixa Bruta | E34: 20648054 | F34: 23546471 | G34: 20428151 | H34: 0
C35: (-) Restos a Pagar Processados | E35: 5645028.3 | F35: 2030935.5 | G35: 1801765.4 | H35: 0
C36: (-) Depósitos Restituíveis e Valores Vinculados | E36: 1220411.3 | F36: 1040972.6 | G36: 1048264.7 | H36: 0
B37: Demais Haveres Financeiros | E37: 632454.62 | F37: 644055.41 | G37: 618485.12 | H37: 0
A38: DÍVIDA CONSOLIDADA LÍQUIDA (DCL) (III) = (I - II) | E38: (13.476.905,55) | F38: (19.985.370,72) | G38: (17.392.736,47) | H38: 0
A39: RECEITA CORRENTE LÍQUIDA - RCL (IV) | E39: 1.197524e+08 | F39: 1.2590223e+08 | G39: 1.3112094e+08 | H39: 0
A40: (-) Transferências obrigatórias da União relativas às emendas individuais (art. 166-A, § 1º, da CF) (V) | E40: 100000 | F40: 100000 | G40: 350000 | H40: 0
A41: RECEITA CORRENTE LÍQUIDA AJUSTADA PARA CÁLCULO DOS LIMITES DE ENDIVIDAMENTO (VI) = (IV - V) | E41: 1.196524e+08 | F41: 1.2580223e+08 | G41: 1.3077094e+08 | H41: 0
A42: % da DC sobre a RCL AJUSTADA (I/VI) | E42: 0.78 | F42: 0.9 | G42: 0.61 | H42: 0
A43: % da DCL sobre a RCL AJUSTADA (III/VI) | E43: (11,26) | F43: (15,89) | G43: (13,30) | H43: 0
A44: LIMITE DEFINIDO POR RESOLUÇÃO DO SENADO FEDERAL - <0,00%> | E44: 0 | F44: 0 | G44: 0 | H44: 0
A45: LIMITE DE ALERTA (inciso III do § 1º do art. 59 da LRF) - <0,00%> | E45: 0 | F45: 0 | G45: 0 | H45: 0
A47: OUTROS VALORES NÃO INTEGRANTES DA DC | E47: SALDO DO | F47: SALDO DO EXERCÍCIO DE 2022
E48: EXERCÍCIO | F48: Até o 1º | G48: Até o 2º | H48: Até o 3º
E49: ANTERIOR | F49: Quadrimestre | G49: Quadrimestre | H49: Quadrimestre
A50: PRECATÓRIOS ANTERIORES A 05/05/2000 | E50: 0 | F50: 0 | G50: 0 | H50: 0
A51: PRECATÓRIOS POSTERIORES A 05/05/2000² (Não incluídos na DCL) | E51: 191855.5 | F51: 890725.17 | G51: 694027.71 | H51: 0
A52: PASSIVO ATUARIAL | E52: 1.4656062e+08 | F52: 2.0333256e+08 | G52: 2.0333256e+08 | H52: 0
A53: RP NÃO-PROCESSADOS | E53: 3014612.7 | F53: 2425644.9 | G53: 2062734.1 | H53: 0
A54: ANTECIPAÇÕES DE RECEITA ORÇAMENTÁRIA – ARO | E54: 0 | F54: 0 | G54: 0 | H54: 0
A55: DÍVIDA CONTRATUAL DE PPP | E55: 0 | F55: 0 | G55: 0 | H55: 0
A56: APROPRIAÇÃO DE DEPÓSITOS JUDICIAIS | E56: 0 | F56: 0 | G56: 0 | H56: 0
A57: 1. Se o saldo apurado for negativo, ou seja, se o total da Disponibilidade de Caixa Bruta for menor que Restos a Pagar Processados, esse saldo negativo
A58: não deverá ser informado nessa linha, mas sim na linha da "Insuficiência Financeira", no quadro "Outros Valores não integrantes da Dívida Consolidada".
A59: Assim, quando o cálculo de Disponibilidade de Caixa for negativo, o valor dessa linha deverá ser (0) "zero".
A60: 2. Refere-se aos precatórios posteriores a 05/05/2000 que, em cumprimento ao disposto no artigo 100 da Constituição Federal, ainda não foram
A61: incluídos no orçamento ou constam no orçamento e ainda não foram pagos. Ao final do exercício em que esses precatórios foram incluídos ou que
A62: deveriam ter sido incluídos, os valores deverão compor a linha "Precatórios".
A69: __________________________________ __________________________________
A70: GIOVANI AMESTOY DA SILVA IHOKO NAKASHIMA MOTA
A71: PREFEITO MUNICIPAL SECRETARIA DE MUNICIPIO DA FAZENDA
A72: CPF: 009.854.830-16 CPF: 390.226.680-53
D76: __________________________________
D77: ARLEI LOPES SOUZA
D78: 610.320.420-87
D79: CONTADOR: RS-068452/O-6

Sheet RCL
B1: DEMONSTRATIVO DA RECEITA CORRENTE LÍQUIDA | E1: INSTRUÇÃO NORMATIVA nº 18/2021 - TCE/RS. | H1: Página: 1/2 | I1: DEMONSTRATIVO DA RECEITA CORRENTE LÍQUIDA | M1: INSTRUÇÃO NORMATIVA nº 18/2021 - TCE/RS. | T1: Página: 2/2
C2: TOTAIS: | D2: 44835 | E2: 44805 | F2: 44774 | G2: 44743 | H2: 44713 | I2: 44682 | J2: 44652 | K2: 44621 | L2: 44593 | M2: 44562 | N2: 44531 | O2: 44501
A3: Lei Complementar Federal Nº 101/2000 - Inciso I do Artigo 53 | D3: 12º Mês | E3: 11º mês | F3: 10º Mês | G3: 09º mês | H3: 08º Mês | I3: 07º mês | J3: 06º Mês | K3: 05º Mês | L3: 04º Mês | M3: 03º Mês | N3: 02º Mês | O3: 01º Mês
A4: Discriminação | B4: Códificação: | C4: =SUM(D4:O4) -> 0
A5: I - RECEITAS CORRENTES | C5: =SUM(D5:O5) -> 1.4269694e+08 | D5: =D6-D7 -> 11519412 | E5: =E6-E7 -> 10920545 | F5: =F6-F7 -> 10723447 | G5: =G6-G7 -> 11950113 | H5: =H6-H7 -> 11668766 | I5: =I6-I7 -> 13305465 | J5: =J6-J7 -> 11103679 | K5: =K6-K7 -> 11527853 | ... O5: =O6-O7 -> 11336688
A6: Receitas Correntes | B6: 1.0.0.0.0.00.00.00 | C6: =SUM(D6:O6) -> 1.5880981e+08 | D6: =12709999.32 -> 12709999 | E6: =12015391.06 -> 12015391 | F6: =11887679.67 -> 11887680 | G6: =13068617.18 -> 13068617 | H6: 12859296 | I6: =14680470.85 -> 14680471 | J6: 12445411 | K6: 12688906 | L6: 12723514 | M6: =12843050.92 -> 12843051 | N6: =18101953.5 -> 18101954 | O6: =12785520.99 -> 12785521
A7: (R) Deduções das Receitas Correntes | B7: 9.1.0.0.0.00.0.0.00.00.00.00 | C7: =SUM(D7:O7) -> 16112869 | D7: =1190587.1 -> 1190587.1 | E7: =1094846.27 -> 1094846.3 | F7: =1164232.76 -> 1164232.8 | G7: =1118504.09 -> 1118504.1 | H7: =1190530.15 -> 1190530.1 | I7: =1375005.73 -> 1375005.7 | J7: 1341731.5 | K7: =1161052.43 -> 1161052.4 | L7: =1643342.67 -> 1643342.7 | M7: =1660076.16 -> 1660076.2 | N7: =1724126.79 -> 1724126.8 | O7: =1448833.1 -> 1448833.1
A8: II - DEDUÇÕES | C8: =SUM(D8:O8) -> 16145702 | D8: =SUM(D9:D31) -> 1672373.2 | E8: =SUM(E9:E31) -> 1372774 | F8: =SUM(F9:F31) -> 1419739.8 | G8: =SUM(G9:G31) -> 1300027.9 | H8: =SUM(H9:H31) -> 1349194.8 | I8: =SUM(I9:I31) -> 1437892.6 | J8: =SUM(J9:J31) -> 1257813.1 | K8: =SUM(K9:K31) -> 1494171.9 | ... O8: =SUM(O9:O31) -> 1281298.2
A9: Repasses p/Assist. Financ. Complementar - ACS (321) - da EC. Nº 120/22 | B9: 1.7.1.8.03.1.1.01.02.01 | C9: =SUM(D9:O9) -> 1164430 | D9: =104232 -> 104232 | E9: =104232 -> 104232 | F9: =104232 -> 104232 | G9: =41078+31772+9306+113928 -> 196084 | H9: =48050+24800 -> 72850 | I9: =48050+24800 -> 72850 | J9: =72850+24800 -> 97650 | K9: 48050 | L9: 72850 | M9: 72850 | N9: =72850+72850 -> 145700 | O9: =72850 -> 72850
C10: =SUM(D10:O10) -> 0
A11: Contribuições para Custeio dos Sistemas Previdenciário e Assistencial
A12: Contribuições Sociais Específicas de Estados, DF e Municípios | B12: 1.2.1.8.00.0.0.00.00.00
A13: Contribuição para o RPPS do Servidor Público | B13: 1.2.1.8.01 | C13: =SUM(D13:O13) -> 6328109.8 | D13: =425972.73+280838.94-120597.13 -> 586214.54 | E13: =412345.91+8631.35+138512.18 -> 559489.44 | F13: =408401.91+137755.5+8602.75 -> 554760.16 | G13: =408434.58+137060.72+8691.94 -> 554187.24 | H13: =396920.91+123281.04+8590.78 -> 528792.73 | I13: =398239.88+122659.46+8653.19 -> 529552.53 | J13: =396941.18+122332.93+8653.19 -> 527927.3 | K13: =399169.03+121136.46+9403.71 -> 529709.2 | L13: =308768.59+87226.15+5073.55 -> 401068.29 | M13: =234624.7+88797.03+5451.67 -> 328873.4 | N13: =653486.68+91787.64+94059.92 -> 839334.24 | O13: =293422.03+89308.42+5470.32 -> 388200.77
A14: Contribuição Social para o Financiamento da Seguridade Social (201 e 202) | B14: 1.2.1.9.99.1.1.03 e .04 | C14: =SUM(D14:O14) -> 1788588.8 | D14: =93694.45+69984.24-46.25 -> 163632.44 | E14: =89971.79+67663.34 -> 157635.13 | F14: =89883.83+67421.24-201.6 -> 157103.47 | G14: =91117.4+67205.98-261.36 -> 158062.02 | H14: =88927.92+64921.76 -> 153849.68 | I14: =89422.86+64945.43 -> 154368.29 | J14: =89933.51+64765.37 -> 154698.88 | K14: =88953.59+64175.16-64.35 -> 153064.4 | L14: =75311.11+55781.06 -> 131092.17 | M14: =86934.48+53366.32 -> 140300.8 | N14: =78489.05+53390.9 -> 131879.95 | O14: =79522.33+53379.19 -> 132901.52
A15: Compensação Previdenciária ao RPPS | C15: =SUM(D15:O15) -> 0
A16: Compensação Financeira entre o Regime Geral e os Regimes Próprios de Previdência dos Servidores (03) | B16: 1.9.9.0.03.1.1.00.00.00 | C16: =SUM(D16:O16) -> 543474.49 | D16: =41771.66 -> 41771.66 | F16: =87810.76 -> 87810.76 | H16: 46999.51 | I16: =58824.47 -> 58824.47 | J16: 46260.45 | K16: 46260.45 | L16: =41994.23 -> 41994.23 | M16: =41994.23 -> 41994.23 | N16: 90184.06 | O16: =41374.67 -> 41374.67
A17: Receitas do RPPS - Remuneração e Outras Receitas | C17: =SUM(D17:O17) -> 0
A18: Remuneração dos Recurso do Regime Próprio de Previdências Social - RPPS (1) | B18: 1.3.2.1.00.4.0.00.00.00 | C18: =SUM(D18:O18) -> 4413842.2 | D18: =618359.36 -> 618359.36 | E18: =(437508.32-47945.81)-815.56 -> 388746.95 | F18: =349748.56-6010.28 -> 343738.28 | G18: =281732.76-48232.86 -> 233499.9 | H18: =389536.32-25254.89 -> 364281.43 | I18: 443844.93 | J18: =416112.89-137141.35 -> 278971.54 | K18: =619278.08 -> 619278.08 | L18: =346111.52-258485.56 -> 87625.96 | M18: =170931.46-130848.46 -> 40083 | N18: =468274.43 -> 468274.43 | O18: =559892.02-(2703.66+30050.01) -> 527138.35
A19: Outras Receitas Receitas Diretamente Arrecadadas pelo RPPS (1.2.1.8.03.1.1) 8 | B19: 1.9.9.0.99.1.X.01.00.00 | C19: =SUM(D19:O19) -> 35069.57 | D19: =2328.03 -> 2328.03 | E19: =2328.03 -> 2328.03 | F19: =2328.02 -> 2328.02 | G19: =2328.03 -> 2328.03 | H19: 2328.03 | I19: =5089.12 -> 5089.12 | J19: 2761.09 | L19: 2761.09 | N19: 12818.13
A20: Receitas do Fundo de Assistência Social Social dos Servidores | B20: 1.3.2.1.00.1.1.01.10 | C20: =SUM(D20:O20) -> 0
A21: Remuneração de Depósitos Bancários de Recursos Vinculados - Fundo de Assistência Social | B21: 1.3.2.1.00.1.X.01.09
A22: Receitas Diretamente Arrecadadas pelo Fundo de Assistência Social dos Servidores | B22: 1.9.9.0.99.1.X.02.00.00 | C22: =SUM(D22:O22) -> 0
A23: Receitas do Fundo de Assistência à Saúde do Servidor | C23: =SUM(D23:O23) -> 0
A24: Remuneração de Depósito Bancários de Recursos Vínculados - Fundo de Assistência à Saúde do Servidor (341) | B24: 1.3.2.1.00.1.X.01.10.00 | C24: =SUM(D24:O24) -> 166135.34 | D24: =26433.66 -> 26433.66 | E24: =25056.84 -> 25056.84 | F24: =22714.62 -> 22714.62 | G24: =17418.99 -> 17418.99 | H24: =16537.97 -> 16537.97 | I24: =14585.66 -> 14585.66 | J24: =11006.74 -> 11006.74 | K24: 10154.58 | L24: 8239.47 | M24: =2785.15 -> 2785.15 | N24: =7750.51 -> 7750.51 | O24: =3451.15 -> 3451.15
A25: Receitas Diretamente Arrecadadas pelo Fundo de Assistência à Saúde dos Servidores (198) | B25: 1.9.9.0.99.1.X.03.00.00 | C25: =SUM(D25:O25) -> 1586056.8 | D25: =129401.49 -> 129401.49 | E25: =135285.62 -> 135285.62 | F25: =147052.48 -> 147052.48 | G25: =138447.73 -> 138447.73 | H25: =163555.44 -> 163555.44 | I25: =138777.58 -> 138777.58 | J25: =138537.11 -> 138537.11 | K25: =127979.54-40324.34 -> 87655.2 | L25: 125969.03 | M25: =115450.07 -> 115450.07 | N25: =150593.31-50 -> 150543.31 | O25: =115381.72 -> 115381.72
A26: Outras Contribuições Sociais (1) | B26: 1.2.1.9.00.0.0.00.00.00 | C26: =SUM(D26:O26) -> 0
A27: Recei. Dire. Fundo Assis. Saude Servi. - Divida Ativa | B27: 1.9.9.0.99.1.3.03 | C27: =SUM(D27:O27) -> 19417.48 | I27: 19417.48
A28: Recei. Fundo Saude Servi.- Divida Ativa - Multas e Juros (199) | B28: 1.9.9.0.99.1.3.04 | C28: =SUM(D28:O28) -> 582.52 | I28: 582.52
A29: ( - ) Compensação Previdenciárfia à Prefeitura Municipal (243) | B29: (1.2.1.9.99.1.X.01.00.00) | C29: =SUM(D29:O29) -> 0
A30: ( - ) Contribuição dos Inativos e Pensionistas à Prefeitura Municipal | B30: (1.2.1.9.99.1.X.02.00.00) | C30: =SUM(D30:O30) -> 0
A31: ( R ) Todas as contas dedutoras de receita correspondentes às utilizadas acima | B31: Receita de Capital | C31: =SUM(D31:O31) -> 99995 | N31: 99995
A32: III - SUBTOTAL (III = I - II) | C32: =SUM(D32:O32) -> 1.2655124e+08 | D32: =D5-D8 -> 9847039 | E32: =E5-E8 -> 9547770.8 | F32: =F5-F8 -> 9303707.1 | G32: =G5-G8 -> 10650085 | H32: =H5-H8 -> 10319571 | I32: =I5-I8 -> 11867573 | J32: =J5-J8 -> 9845866.2 | K32: =K5-K8 -> 10033682 | ... O32: =O5-O8 -> 10055390
A33: IV - ( + ) Perda para o FUNDEB | C33: =SUM(D33:O33) -> 0
A34: V - RECEITA CORRENTE LÍQUIDA (V = III + V) | C34: =SUM(D34:O34) -> 1.2655124e+08 | D34: =D32+D33 -> 9847039 | E34: =E32+E33 -> 9547770.8 | F34: =F32+F33 -> 9303707.1 | G34: =G32+G33 -> 10650085 | H34: =H32+H33 -> 10319571 | I34: =I32+I33 -> 11867573 | J34: =J32+J33 -> 9845866.2 | K34: =K32+K33 -> 10033682 | ... O34: =O32+O33 -> 10055390
A35: VI - Valor das Emendas Parlamentares de Individuais | C35: =SUM(D35:O35) -> 250000 | H35: =150000+100000 -> 250000
A36: VII - RECEITA CORRENTE LÍQUIDA Endividamento) (VIII = V - VI) | C36: =SUM(D36:O36) -> 1.2630124e+08 | D36: =D34-D35 -> 9847039 | E36: =E34-E35 -> 9547770.8 | F36: =F34-F35 -> 9303707.1 | G36: =G34-G35 -> 10650085 | H36: =H34-H35 -> 10069571 | I36: =I34-I35 -> 11867573 | J36: =J34-J35 -> 9845866.2 | K36: =K34-K35 -> 10033682 | ... O36: =O34-O35 -> 10055390
A37: VIII - Valor das Emendas Parlamentares de Bancada | C37: =SUM(D37:O37) -> 100000 | O37: 100000
A38: IX - RECEITA CORRENTE LIQUIDA (Despesas com Pessoal) (IX = VII - VIII) | C38: =SUM(D38:O38) -> 1.2620124e+08 | D38: =D36-D37 -> 9847039 | E38: =E36-E37 -> 9547770.8 | F38: =F36-F37 -> 9303707.1 | G38: =G36-G37 -> 10650085 | H38: =H36-H37 -> 10069571 | I38: =I36-I37 -> 11867573 | J38: =J36-J37 -> 9845866.2 | K38: =K36-K37 -> 10033682 | ... O38: =O36-O37 -> 9955389.7
A39: Fonte da Metodologia TCE/RS. (OBS.: Foi deduzidos os valores das Emendas Parlamentares os valores referentes a EC Nº 120/2022 dos ACS) | D39: =9951271.04-D38 -> 104232 | E39: =9652002.78-E38 -> 104232 | F39: =9407939.12-F38 -> 104232 | G39: =10846169.18-G38 -> 196084 | H39: =10392421.04-H38 -> 322850 | I39: =11940422.54-I38 -> 72850 | J39: =9943516.24-J38 -> 97650 | K39: =10081731.52-K38 -> 48050 | L39: =10281421.26-L38 -> 72850 | M39: =10513488.11-M38 -> 72850 | N39: =14677042.08-N38 -> 245695 | O39: =10128239.71-O38 -> 172850
A40: ( 1 ) A Natureza de Receita 1.2.9.99.1.0.00.00.00 - Demais Contribuições Socias deverá ser detalhada conforme a necessidade do Orgão para a contabilização das contribuições para Fundos de Assitência Médica dos Servidores Municipais.
A41: ( 2 ) Valor correspondente à Soma das Receitas Arrecadadas no período com os complementos de recurso vínculado código 3110 - transferências da União decorrentes de Emendas Pralamentares Individuais e 3410 - Transferências da União decorrentes de Emendas Parlamentares Individuais - COVID-19.
A42: ( 3 ) Valor correspondente à Soma das Receitas Arrecadadas no período com os complementos de recurso vínculado código 3120 - transferências da União decorrentes de Emendas Parlamentares de bancada e 3150 - Transferências da União decorrentes de Emendas Parlamentares Individuais e de Bancada - COVID-19.
C43: 1.2620124e+08
A45: Giovani Amestoy da Silva | C45: Ihoko Nakashima Mota | G45: Arlei Lopes Souza
A46: Prefeito Municipal | C46: Secret. de Município da Fazenda | G46: Contador - CRC/RS: 068452/O-6

Sheet DCLP
B1: Modelo 2 - Demonstrativo da Despesa com Pessoal | H1: INSTRUÇÃO NORMATIVA nº 18/2021 - TCE/RS. | K1: Página: 1/2 | M1: Modelo 2 - Demonstrativo da Despesa com Pessoal | R1: INSTRUÇÃO NORMATIVA nº 18/2021 - TCE/RS. | W1: Página: 2/2
A2: Lei Complementar Federal nº 101/2000, artigo 54 e alínea "a" do inciso I do artigo 55
A3: Despesa Líquidada | B3: 9000 - Prefeitura e Fundos: | H3: Total dos últimos | I3: =RCL!D2 -> 44835 | J3: =RCL!E2 -> 44805 | K3: =RCL!F2 -> 44774 | L3: =RCL!G2 -> 44743 | M3: =RCL!H2 -> 44713 | N3: =RCL!I2 -> 44682 | O3: =RCL!J2 -> 44652 | P3: =RCL!K2 -> 44621 | ... T3: =RCL!O2 -> 44501
A4: Discriminação | B4: Detalhamento: | G4: Codificação: | H4: 12 meses | I4: 12º Mês | J4: 11º mês | K4: 10º Mês | L4: 9º Mês | M4: 8º Mês | N4: 7º Mês | O4: 6º Mês | P4: 5º Mês | Q4: 4º Mês | R4: 3º Mês | S4: 2º Mês | T4: 1º Mês
A5: I - NATUREZA DE DESPESA | H5: =SUM(I5:T5) -> 1.2393669e+08 | I5: =I6+I7 -> 10531831 | J5: =J6+J7 -> 10367704 | K5: =K6+K7 -> 10342789 | L5: =L6+L7 -> 10266633 | M5: =M6+M7 -> 13271058 | N5: =N6+N7 -> 9786306.4 | O5: =O6+O7 -> 9800939.4 | P5: =P6+P7 -> 9594937.9 | ... T5: =T6+T7 -> 7378248.6
A6: Pessoal e encargos sociais | G6: 3.1.00.00.00.00 | H6: =SUM(I6:T6) -> 1.2303821e+08 | I6: 10439276 | J6: 10259087 | K6: =10241440.06 -> 10241440 | L6: =10173649.96 -> 10173650 | M6: =13197303.28 -> 13197303 | N6: =9717453.4 -> 9717453.4 | O6: 9800939.4 | P6: =9512897.79 -> 9512897.8 | Q6: 9453129.2 | R6: 7753844.4 | S6: =15177341.49 -> 15177341 | T6: =7311846.31 -> 7311846.3
A7: Outras Despesas de Pessoal de Contratos de Terceirização - Substituição de mão de obra (art. 18, § 1º da LRF) | G7: 3.3.XX.34.01.00 | H7: =SUM(I7:T7) -> 898482.2 | I7: =92554.9 -> 92554.9 | J7: =108617.6 -> 108617.6 | K7: =101349.3 -> 101349.3 | L7: =92983.4 -> 92983.4 | M7: =73754.4 -> 73754.4 | N7: =68853 -> 68853 | P7: =82040.1 -> 82040.1 | Q7: =68152.8 -> 68152.8 | R7: 77022 | S7: =66752.4 -> 66752.4 | T7: =66402.3 -> 66402.3
A8: II - DEDUÇÕES | H8: =SUM(I8:T8) -> 31898213 | I8: =SUM(I10:I19) -> 2825463.7 | J8: =SUM(J10:J19) -> 2581814.1 | K8: =SUM(K10:K19) -> 2697101.4 | L8: =SUM(L10:L19) -> 2691175.5 | M8: =SUM(M10:M19) -> 3605506.4 | N8: =SUM(N10:N19) -> 2420548.8 | O8: =SUM(O10:O19) -> 2390980.4 | P8: =SUM(P10:P19) -> 2528661.3 | ... T8: =SUM(T10:T19) -> 2029057.4
A10: Aposentadoria do RPPS, Reserva Remunerada e Reformas dos Militares (com recursos do RPPS) | G10: 3.1.90.01 | H10: =SUM(I10:T10) -> 26699050 | I10: =2255361.06 -> 2255361.1 | J10: =2237316.49 -> 2237316.5 | K10: =2150516.8 -> 2150516.8 | L10: =2143560.48 -> 2143560.5 | M10: =3187388.92 -> 3187388.9 | N10: =2032469.12 -> 2032469.1 | O10: 2019475.9 | P10: =2016240.3 -> 2016240.3 | Q10: =1994589.15 -> 1994589.1 | R10: 1730656.3 | S10: =3278600.89 -> 3278600.9 | T10: =1652874.5 -> 1652874.5
A12: Pensões do RPPS e do Militar (com Recursos do RPPS) | G12: 3.1.90.03 | H12: =SUM(I12:T12) -> 3352241.2 | I12: =258383.84 -> 258383.84 | J12: =259648.67 -> 259648.67 | K12: =260359.09 -> 260359.09 | L12: =259109.97 -> 259109.97 | M12: =391636.18 -> 391636.18 | N12: =263289.7 -> 263289.7 | O12: 267062.41 | P12: 262246.5 | Q12: =266900.34 -> 266900.34 | R12: 224135.64 | S12: =425586.98 -> 425586.98 | T12: =213881.89 -> 213881.89
H13: =SUM(I13:T13) -> 0
A14: Sentenças Judiciais | G14: 3.1.X.X.91 | H14: =SUM(I14:T14) -> 70636.42 | I14: =1613.61 -> 1613.61 | J14: =1613.61 -> 1613.61 | K14: =1613.61 -> 1613.61 | L14: =1613.61 -> 1613.61 | M14: 1613.61 | N14: =1613.61 -> 1613.61 | O14: 1613.61 | P14: =1613.61 -> 1613.61 | Q14: =1613.61 -> 1613.61 | R14: 1396.82 | S14: 53381.19 | T14: 1335.92
H15: =SUM(I15:T15) -> 0
A16: Despesas de Exercícios Anteriores | G16: 3.1.90.92 | H16: =SUM(I16:T16) -> 24599.13 | R16: 24599.13
A18: Indenizações e Restituições Trabalhistas | G18: 3.1.9.0.94 | H18: =SUM(I18:T18) -> 1751686.1 | I18: =310105.23 -> 310105.23 | J18: =83235.37 -> 83235.37 | K18: =284611.95 -> 284611.95 | L18: =286891.44 -> 286891.44 | M18: 24867.64 | N18: =123176.33 -> 123176.33 | O18: 102828.5 | P18: =248560.87 -> 248560.87 | Q18: =34555.15 -> 34555.15 | R18: 21001.8 | S18: =70886.76 -> 70886.76 | T18: =160965.04 -> 160965.04
H19: =SUM(I19:T19) -> 0
A20: III - TOTAL DAS NATUREZAS DE DESPESA (I - II) | H20: =SUM(I20:T20) -> 92038478 | I20: =I5-I8 -> 7706367.2 | J20: =J5-J8 -> 7785890.4 | K20: =K5-K8 -> 7645687.9 | L20: =L5-L8 -> 7575457.9 | M20: =M5-M8 -> 9665551.3 | N20: =N5-N8 -> 7365757.6 | O20: =O5-O8 -> 7409959 | P20: =P5-P8 -> 7066276.6 | ... T20: =T5-T8 -> 5349191.3
A21: =RCL!A9 -> Repasses p/Assist. Financ. Complementar - ACS (321) - da EC. Nº 120/22 | B21: ... Não inclusão no cálculo para fins de despesa com pessoal ... Previsão: EC. Nº 120/22 | G21: =RCL!B9 -> 1.7.1.8.03.1.1.01.02.01 | H21: =RCL!C9 -> 1164430 | I21: =RCL!D9 -> 104232 | J21: =RCL!E9 -> 104232 | K21: =RCL!F9 -> 104232 | L21: =RCL!G9 -> 196084 | M21: =RCL!H9 -> 72850 | N21: =RCL!I9 -> 72850 | ... T21: =RCL!O9 -> 72850
H22: =RCL!C10 -> 0
A23: Despesas da Contribuição suplementar ao RPPS do Poder Legislativo | G23: 3.1.91.13.20.00 | H23: =SUM(I23:T23) -> 389881.65 | I23: =33464.79 -> 33464.79 | J23: 32845.75 | K23: 32522.9 | L23: 32138.34 | M23: 31832.21 | N23: 31828.58 | O23: 31936.61 | P23: 31666.81 | Q23: 33441.86 | R23: 28019.44 | S23: 47839.66 | T23: 22344.7
A24: Recursos para cobertura de Insuficências Financeiras | G24: 3.5.1.3.2.01.01 | H24: =SUM(I24:T24) -> 0
A25: Recursos para cobertura de Déficit Financeiro | G25: 3.5.1.3.2.02.01 | H25: =SUM(I25:T25) -> 0
A26: IV - TOTAL DAS CONTAS PATRIMONIAIS | H26: =SUM(I26:T26) -> 389881.65 | I26: =SUM(I23:I25) -> 33464.79 | J26: =SUM(J23:J25) -> 32845.75 | K26: =SUM(K23:K25) -> 32522.9 | L26: =SUM(L23:L25) -> 32138.34 | M26: =SUM(M23:M25) -> 31832.21 | N26: =SUM(N23:N25) -> 31828.58 | O26: =SUM(O23:O25) -> 31936.61 | P26: =SUM(P23:P25) -> 31666.81 | ... T26: =SUM(T23:T25) -> 22344.7
A27: Cálculo Despesa c/ Pessoal 1º e 2º Quadrimestre/1º Semestre: Emp. Não Liquidados | B27: Cálculo das contas das naturezas de despesas de pessoal dos Itens I e II | H27: =SUM(I27:T27) -> 141404.09 | I27: =(10469865.46-0.01)-I5 -> -61965.47 | J27: =(10238839.91+31545)-J5 -> -97319.59 | K27: =(10230543.52+15000)-K5 -> -97245.84 | L27: =(10162753.42+36500.01)-L5 -> -67379.93 | M27: =13194520.1-M5 -> -76537.58 | N27: =9716713.8-N5 -> -69592.6 | O27: =9788563.69-O5 -> -12375.74 | P27: =9623865.53-P5 -> 28927.64 | Q27: =9465877.22+649785.6-Q5 -> 594380.86 | R27: =7754356.74+77022-R5 -> 512.34
A28: Cálculo Despesa c/ Pessoal 3º Quadrimestre/2º Semestre: Restos a Pagar Não Processados | B28: Cálculo das contas das naturezas de despesas de pessoal dos Itens I e II | H28: =SUM(I28:T28) -> -57270.48 | S28: =(15143005.9-S6)+(-1283.7-S7) -> -102371.69 | T28: =(7288911.42+134438.4)-(T6+T7) -> 45101.21
A29: V - TOTAL DOS EMPENHOS NÃO LÍQUIDADOS - RESTOS A PAGAR NÃO PROCESSADOS | H29: =SUM(I29:T29) -> 84133.61 | I29: =SUM(I27:I28) -> -61965.47 | J29: =SUM(J27:J28) -> -97319.59 | K29: =SUM(K27:K28) -> -97245.84 | L29: =SUM(L27:L28) -> -67379.93 | M29: =SUM(M27:M28) -> -76537.58 | N29: =SUM(N27:N28) -> -69592.6 | O29: =SUM(O27:O28) -> -12375.74 | P29: =SUM(P27:P28) -> 28927.64 | ... T29: =SUM(T27:T28) -> 45101.21
B30: Informação da Execução do Consórcio p/ consolidação - maio a Dez | G30: 8.5.3.2.4.01.01 | H30: =SUM(I30:T30) -> 0
A31: Contas Aplicáveis ao 1º Quadrimestre (1) | B31: Informação da Execução do Consórcio p/ consolidação - Exercício atual - 1º Bimestre | G31: 8.5.3.2.4.02.01 | H31: =SUM(I31:T31) -> 0
B32: Informação da Execução do Consórcio p/ consolidação - Exercício atual - 2º Bimestre | G32: 8.5.3.2.4.02.02 | H32: =SUM(I32:T32) -> 0
B33: Informação da Execução do Consórcio p/ consolidação - julho a Dez | G33: 8.5.3.2.4.01.02 | H33: =SUM(I33:T33) -> 0
A34: Contas Aplicáveis ao 1º Semestre (1) | B34: Informação da Execução do Consórcio p/ consolidação - Exercício atual - 1º Bimestre | G34: 8.5.3.2.4.02.01 | H34: =SUM(I34:T34) -> 0
B35: Informação da Execução do Consórcio p/ consolidação - Exercício atual - 2º Bimestre | G35: 8.5.3.2.4.02.02 | H35: =SUM(I35:T35) -> 0
B36: Informação da Execução do Consórcio p/ consolidação - Exercício atual - 3º Bimestre | G36: 8.5.3.2.4.02.03 | H36: =SUM(I36:T36) -> 0
B37: Informação da Execução do Consórcio p/ consolidação - Setembro a Dez | G37: 8.5.3.2.4.01.03 | H37: =SUM(I37:T37) -> 0
B38: Informação da Execução do Consórcio p/ consolidação - Exercício atual - 1º Bimestre | G38: 8.5.3.2.4.02.01 | H38: =SUM(I38:T38) -> 0
A39: Contas Aplicáveis ao 2º Quadrimestre (1) | B39: Informação da Execução do Consórcio p/ consolidação - Exercício atual - 2º Bimestre | G39: 8.5.3.2.4.02.02 | H39: =SUM(I39:T39) -> 0
B40: Informação da Execução do Consórcio p/ consolidação - Exercício atual - 3º Bimestre | G40: 8.5.3.2.4.02.03 | H40: =SUM(I40:T40) -> 0
B41: Informação da Execução do Consórcio p/ consolidação - Exercício atual - 4º Bimestre | G41: 8.5.3.2.4.02.04 | H41: =SUM(I41:T41) -> 0
B42: Informação da Execução do Consórcio p/ consolidação - Exercício atual - 1º Bimestre | G42: 8.5.3.2.4.02.01 | H42: =SUM(I42:T42) -> 0
B43: Informação da Execução do Consórcio p/ consolidação - Exercício atual - 2º Bimestre | G43: 8.5.3.2.4.02.02 | H43: =SUM(I43:T43) -> 0
A44: Contas Aplicáveis ao 3º Quadrimestre e ao 2º Semestre (1) | B44: Informação da Execução do Consórcio p/ consolidação - Exercício atual - 3º Bimestre | G44: 8.5.3.2.4.02.03 | H44: =SUM(I44:T44) -> 0
B45: Informação da Execução do Consórcio p/ consolidação - Exercício atual - 4º Bimestre | G45: 8.5.3.2.4.02.04 | H45: =SUM(I45:T45) -> 0
B46: Informação da Execução do Consórcio p/ consolidação - Exercício atual - 5º Bimestre | G46: 8.5.3.2.4.02.05 | H46: =SUM(I46:T46) -> 0
B47: Informação da Execução do Consórcio p/ consolidação - Exercício atual - 6º Bimestre | G47: 8.5.3.2.4.02.06 | H47: =SUM(I47:T47) -> 0
A48: VI - TOTAL DAS CONTAS CONTÁBEIS DE CPONTROLE | C48: EXECUÇÃO DOS CONSÓRCIOS PÚBLICOS | H48: =SUM(I48:T48) -> 0 | I48: =SUM(I30:I47) -> 0 | J48: =SUM(J30:J47) -> 0 | K48: =SUM(K30:K47) -> 0 | L48: =SUM(L30:L47) -> 0 | M48: =SUM(M30:M47) -> 0 | N48: =SUM(N30:N47) -> 0 | O48: =SUM(O30:O47) -> 0 | P48: =SUM(P30:P47) -> 0 | ... T48: =SUM(T30:T47) -> 0
A49: VII - TOTAL DA DESPESA COM PESSOAL ATIVO / INATIVO DA ENTIDADE VII = (III + IV + V - VI) | H49: =H20+H26+H29-(H21+H48) -> 91348063 | I49: =I20+I26+I29-(I21+I48) -> 7573634.5 | J49: =J20+J26+J29-(J21+J48) -> 7617184.5 | K49: =K20+K26+K29-(K21+K48) -> 7476733 | L49: =L20+L26+L29-(L21+L48) -> 7344132.3 | M49: =M20+M26+M29-(M21+M48) -> 9547996 | N49: =N20+N26+N29-(N21+N48) -> 7255143.6 | O49: =O20+O26+O29-(O21+O48) -> 7331869.9 | ... T49: =T20+T26+T29-(T21+T48) -> 5343787.2
A50: Fonte: Demonstrativo da Despesa Orçamentária Empenhada e liquidada ao Mês e a Metodologia a fonte é o TCE/RS.
N56: Giovani Amestoy da Silva | P56: Ihoko Nakashima Mota | S56: Arlei Lopes Souza
N57: Prefeito Municipal | P57: Secret. de Município da Fazenda | S57: Contador - CRC/RS: 068452/O-6

Sheet DCLP_RCL
C2: Evolução Mensal da Despesa Liquidada com Pessoal | J2: INSTRUÇÃO NORMATIVA nº 18/2021 - TCE/RS.
D3: =DCLP!I3 -> 44835 | E3: =DCLP!J3 -> 44805 | F3: =DCLP!K3 -> 44774 | G3: =DCLP!L3 -> 44743 | H3: =DCLP!M3 -> 44713 | I3: =DCLP!N3 -> 44682 | J3: =DCLP!O3 -> 44652 | K3: =DCLP!P3 -> 44621 | ... O3: =DCLP!T3 -> 44501
B4: TOTAIS DOS ÚLTIMOS 12 MESES | D4: 12º Mês | E4: 11º mês | F4: 10º Mês | G4: 9º Mês | H4: 8º Mês | I4: 7º Mês | J4: 6º Mês | K4: 5º Mês | L4: 4º Mês | M4: 3º Mês | N4: 2º Mês | O4: 1º Mês
B5: Despesa Liquida c/ Pessoal | C5: =(SUM(D5:O5)) -> 91348063 | D5: =DCLP!I49 -> 7573634.5 | E5: =DCLP!J49 -> 7617184.5 | F5: =DCLP!K49 -> 7476733 | G5: =DCLP!L49 -> 7344132.3 | H5: =DCLP!M49 -> 9547996 | I5: =DCLP!N49 -> 7255143.6 | J5: =DCLP!O49 -> 7331869.9 | K5: =DCLP!P49 -> 7078821.1 | ... O5: =DCLP!T49 -> 5343787.2
B6: Recuperação:Passivo Atuarial | C6: =SUM(D6:O6) -> 15565745 | D6: =1423916.93 -> 1423916.9 | E6: =1417561.47 -> 1417561.5 | F6: =1346516.62 -> 1346516.6 | G6: =1335834.82 -> 1335834.8 | H6: =1336186.24 -> 1336186.2 | I6: =1303174.31 -> 1303174.3 | J6: =1307449.39 -> 1307449.4 | K6: =1304820.38 -> 1304820.4 | L6: =1308506.75 -> 1308506.8 | M6: =1026437.85 -> 1026437.8 | N6: =1642636.93 -> 1642636.9 | O6: =812702.95 -> 812702.95
B7: Receita Corrente Líquida | C7: =SUM(D7:O7) -> 1.2620124e+08 | D7: =RCL!D38 -> 9847039 | E7: =RCL!E38 -> 9547770.8 | F7: =RCL!F38 -> 9303707.1 | G7: =RCL!G38 -> 10650085 | H7: =RCL!H38 -> 10069571 | I7: =RCL!I38 -> 11867573 | J7: =RCL!J38 -> 9845866.2 | K7: =RCL!K38 -> 10033682 | ... O7: =RCL!O38 -> 9955389.7
B8: Índice da DCLP s/ a RCL | C8: =C5/C7 -> 0.72382857 | D8: =D5/D7 -> 0.76912811 | E8: =E5/E7 -> 0.79779717 | F8: =F5/F7 -> 0.80362944 | G8: =G5/G7 -> 0.68958437 | H8: =H5/H7 -> 0.94820285 | I8: =I5/I7 -> 0.61134184 | J8: =J5/J7 -> 0.74466479 | ... O8: =O5/O7 -> 0.53677328
B9: Índice c/ Dedução do Passivo | C9: =(C5-C6)/C7 -> 0.60048791 | D9: =(D5-D6)/D7 -> 0.62452454 | E9: =(E5-E6)/E7 -> 0.64932676 | F9: =(F5-F6)/F7 -> 0.6589004 | G9: =(G5-G6)/G7 -> 0.56415487 | H9: =(H5-H6)/H7 -> 0.8155074 | I9: =(I5-I6)/I7 -> 0.50153216 | J9: =(J5-J6)/J7 -> 0.61187308 | ... O9: =(O5-O6)/O7 -> 0.45513881
B10: Limite Máximo do Índice | C10: 0.54 | D10: 0.54 | E10: 0.54 | F10: 0.54 | G10: 0.54 | H10: 0.54 | I10: 0.54 | J10: 0.54 | K10: 0.54 | L10: 0.54 | M10: 0.54 | N10: 0.54 | O10: 0.54
B11: OBS.: | C11: No Valor da RCL foi deduzidos os valores das Emendandas Parlamentares e os Repasses p/Assist. Financ. Complementar - ACS (321) - da EC. Nº 120/22 do Período.
B12: Nota: | C12: Na apuração da despesa com pessoal do Executivo foi deduzido o valor referente a contribuição suplementar ao RPPS do Poder Legislativo do período de doze(12) meses, que importou num total de R$ 378.463,67.
B53: Fonte: | C53: Demonstrativos apurados pela Contabilidade da Receita Corrente Realizada e da Despesa Líquidada Orçamentarias.
C57: Giovani Amestoy da Silva | F57: Ihoko Nakashima Mota | J57: Arlei Lopes Souza
C58: Prefeito Municipal | F58: Secret. de Município da Fazenda | J58: Contador - CRC/RS: 068452/O-6

Sheet AcompFAPS
A2: Aliquotas vigentes em 2021 do FAPS/RPPS | F2: ENTE | G2: SEGURADO | I2: Anos: | J2: 2021 | K2: 2022
F3: Normal | G3: Normal | I3: Suplementar: | J3: 0.33 | K3: 0.4
F4: 0.1999 | G4: 0.1184
G5: Média dos Segurados
F6: Período: | G6: 2021 | H6: 2021 | I6: 2022 | J6: 2023 | K6: 2024 | L6: 2025
F7: L. M. Nº 4167 de 04/08/2020 - Art. 4º - Aliquota do Passivo Atuarial. | G7: 0.33 | H7: 0.335 | I7: 0.4 | J7: 0.5 | K7: 0.74 | L7: 0.72
F8: L. M. Nº 4.244 de 22/07/2021 - Art. 4º - Aliquota do Passivo Atuarial.
B9: Ano: 2021 | D9: Janeiro | E9: Fevereiro | F9: Março | G9: Abril | H9: Maio | I9: Junho | J9: Julho | K9: Agosto | L9: Setembro | M9: Outubro | N9: Novembro | O9: Dezembro | P9: TOTAIS:
B10: Aportes Periodicos
A11: 7.9.9.0.01.1.1 | B11: Amortiz Deficit Atuarial | C11: 311 | D11: 646851.22 | E11: 1584309.8 | F11: 1110585.6 | G11: 1101862.1 | H11: =1041204.38 -> 1041204.4 | I11: 1041463.5 | J11: 1038282 | K11: 1036421.9 | L11: 1047813.3 | M11: 1031939.7 | N11: =1031371.47 -> 1031371.5 | O11: =2257142.6 -> 2257142.6 | P11: =SUM(D11:O11) -> 13969248 | Q11: =13969247.57-P11 -> 0
A12: 7.9.9.0.01.1.3 | B12: Deficit Atuarial - Div Ativa | C12: 320 | D12: 40013.54 | E12: 25467.31 | F12: =43738.35 -> 43738.35 | G12: 147124.29 | H12: =167667.79 -> 167667.79 | I12: 197063.87 | J12: 79480.33 | K12: 114330.75 | L12: 39881.89 | M12: 76483.03 | N12: =132426.56 -> 132426.56 | O12: =81964.99 -> 81964.99 | P12: =SUM(D12:O12) -> 1145642.7 | Q12: =1145642.7-P12 -> 0
B13: 1. Receitas Totais | D13: 1821306.7 | E13: 3418373.4 | F13: 2477692 | G13: 2713144.4 | H13: =2527081.2 -> 2527081.2 | I13: 2358458.2 | J13: 2342207.5 | K13: =2308046.36 -> 2308046.4 | L13: 2466047.5 | M13: 2370360.4 | N13: =2878589.87 -> 2878589.9 | O13: =5272665.5 -> 5272665.5 | P13: =SUM(D13:N13) -> 27681307 | Q13: =27681307.39-P13 -> 0
B14: 2. Total da Despesa Paga | D14: 1774960.3 | E14: 1892028.5 | F14: 1916270.8 | G14: 1847527.9 | H14: 1862823.2 | I14: =1860508.85 -> 1860508.9 | J14: 1888869.8 | K14: 1864374.6 | L14: =1864704.24 -> 1864704.2 | M14: 1868149.1 | N14: =1866454.01 -> 1866454 | O14: =3707726.11 -> 3707726.1 | P14: =SUM(D14:O14) -> 24214397 | Q14: =24214397.41-P14 -> 0
B15: 3. Resultado: 1. - 2. = | C15: (- ) | D15: =D13-D14 -> 46346.42 | E15: =E13-E14 -> 1526344.8 | F15: =F13-F14 -> 561421.16 | G15: =G13-G14 -> 865616.53 | H15: =H13-H14 -> 664258.01 | I15: =I13-I14 -> 497949.35 | J15: =J13-J14 -> 453337.71 | K15: =K13-K14 -> 443671.71 | ... O15: =O13-O14 -> 1564939.4 | P15: =SUM(D15:N15) -> 7174636.1
B17: Valor do déficit para cobertura do Passivo Atuarial: | C17: ( = ) | D17: =SUM(D11:D12)-D15 -> 640518.34 | E17: =SUM(E11:E12)-E15 -> 83432.26 | F17: =SUM(F11:F12)-F15 -> 592902.82 | G17: =SUM(G11:G12)-G15 -> 383369.85 | H17: =SUM(H11:H12)-H15 -> 544614.16 | I17: =SUM(I11:I12)-I15 -> 740577.99 | J17: =SUM(J11:J12)-J15 -> 664424.66 | K17: =SUM(K11:K12)-K15 -> 707080.93 | ... O17: =SUM(O11:O12)-O15 -> 774168.2 | P17: =SUM(D17:O17) -> 6375314.8
B18: Progressão do Déficit no período | E18: =D17+E17 -> 723950.6 | F18: =E18+F17 -> 1316853.4 | G18: =F18+G17 -> 1700223.3 | H18: =G18+H17 -> 2244837.4 | I18: =H18+I17 -> 2985415.4 | J18: =I18+J17 -> 3649840.1 | K18: =J18+K17 -> 4356921 | L18: =K18+L17 -> 4843272.9 | M18: =L18+M17 -> 5449484.4 | ... O18: =N18+O17 -> 6375314.8
B20: Rendimentos Líquidos Auferidos do Período: | D20: =21390.5-13008.99 -> 8381.51 | E20: 7644.48 | F20: =70335.98-81867.41 -> -11531.43 | G20: 236970.22 | H20: =196118.17-25818.29 -> 170299.88 | I20: =48213.11-50509.62 -> -2296.51 | J20: =73898.94-87402.27 -> -13503.33 | K20: =93050.89-139895.26 -> -46844.37 | L20: =207190.52-117856.34 -> 89334.18 | M20: =356724.71-334520.02 -> 22204.69 | N20: =559892.02-(2703.66+30050.01) -> 527138.35 | O20: =468274.43 -> 468274.43 | P20: =SUM(D20:O20) -> 1456072.1 | Q20: =(2351279.88-(895207.78))-P20 -> 0
O21: (-) 9419 Demais Variações Monetárias Negativas | P21: -352333.58
A22: 08/09/2021 Arrecadacao da Receita Ref correcao contribuicoes repassadas ao RPPS compensando os juros pelo atraso ao FAPS pela Camara de Vereadores emp extra 119/2021 Correcao SELIC contribuicao patronal contido R$ 160,40 | O22: =P22-J38 -> -205490.18 | P22: =P20+P21 -> 1103738.5
B23: Saldo dos Valores Aplicados: | D23: 33033587 | E23: 32875957 | F23: 34457888 | G23: 35776936 | H23: 35898682 | I23: =35480656.82 -> 35480657 | J23: =35920808.42 -> 35920808 | K23: 36369533 | L23: =36874615.14 -> 36874615 | M23: 37473088 | N23: 38488332 | O23: 40962776 | P23: TOTAIS:
E24: =E23-D23 -> -157630.07 | F24: =F23-E23 -> 1581931.6 | G24: =G23-F23 -> 1319048 | H24: =H23-G23 -> 121746.14 | I24: =I23-H23 -> -418025.45 | J24: =J23-I23 -> 440151.6 | K24: =K23-J23 -> 448724.77 | L24: =L23-K23 -> 505081.95 | ... O24: =O23-N23 -> 2474443.8 | P24: =SUM(E24:O24) -> 7929189.6 | Q24: =O23-D23-P24 -> 0
C26: Percentual dos Rendimentos em relação ao Saldo: | D26: =D20/D23 -> 0.00025372691 | E26: =E20/E23 -> 0.00023252495 | F26: =F20/F23 -> -0.00033465284 | G26: =G20/G23 -> 0.0066235471 | H26: =H20/H23 -> 0.0047439034 | I26: =I20/I23 -> -6.472569e-05 | J26: =J20/J23 -> -0.00037591943 | K26: =K20/K23 -> -0.0012880113 | ... O26: =O20/O23 -> 0.011431706 | P26: =SUM(D26:O26) -> 0.037933353
B28: Rendimento da Poupança: | D28: 0.001159 | E28: 0.001159 | F28: 0.001159 | G28: 0.00159 | H28: 0.00159 | I28: 0.002019 | J28: 0.002446 | K28: 0.002446 | L28: 0.003012 | M28: 0.003575 | N28: 0.004412 | O28: 0.004902 | P28: =SUM(D28:O28) -> 0.029469
C29: Diferença em relação a Poupança: | D29: =D28-D26 -> 0.00090527309 | E29: =E28-E26 -> 0.00092647505 | F29: =F28-F26 -> 0.0014936528 | G29: =G28-G26 -> -0.0050335471 | H29: =H28-H26 -> -0.0031539034 | I29: =I28-I26 -> 0.0020837257 | J29: =J28-J26 -> 0.0028219194 | K29: =K28-K26 -> 0.0037340113 | ... O29: =O28-O26 -> -0.0065297064 | P29: =SUM(D29:O29) -> -0.0084643526
B32: Ano: 2022 | D32: Janeiro | E32: Fevereiro | F32: Março | G32: Abril | H32: Maio | I32: Junho | J32: Julho | K32: Agosto | L32: Setembro | M32: Outubro | N32: Novembro | O32: Dezembro | P32: TOTAIS:
B33: Aportes Periodicos
A34: 7.9.9.0.01.1.1 | B34: Amortiz Deficit Atuarial | C34: 2 | D34: =891787.92 -> 891787.92 | E34: =1297234.15 -> 1297234.1 | F34: =1687898.51 -> 1687898.5 | G34: =1685861.8 -> 1685861.8 | H34: 1689453.1 | I34: 1686800.6 | J34: =1759027.36 -> 1759027.4 | K34: =1760518.98 -> 1760519 | L34: =1773575.36 -> 1773575.4 | M34: =94187.06 -> 94187.06 | P34: =SUM(D34:O34) -> 14326345 | Q34: =14326344.81-P34 -> 0
A35: 7.9.9.0.01.1.3 | B35: Deficit Atuarial - Div Ativa | C35: 7 | D35: =54875.67 -> 54875.67 | E35: =111840.76 -> 111840.76 | F35: =76216.62 -> 76216.62 | G35: =196927.82 -> 196927.82 | H35: 121457.79 | I35: 89905.39 | J35: =81930.93 -> 81930.93 | K35: =75400.28 -> 75400.28 | L35: 26474.98 | M35: =150757.23 -> 150757.23 | P35: =SUM(D35:O35) -> 985787.47 | Q35: =985787.47-P35 -> 0
B36: 1. Receitas Totais | D36: =2095430.84 -> 2095430.8 | E36: =2742554.41 -> 2742554.4 | F36: =3839700.82 -> 3839700.8 | G36: =3771843.75 -> 3771843.8 | H36: 3848650.1 | I36: =3752341.12 -> 3752341.1 | J36: =3711368.89 -> 3711368.9 | K36: =3913552.05 -> 3913552 | L36: =3896369.6 -> 3896369.6 | M36: =1841352.19 -> 1841352.2 | P36: =SUM(D36:N36) -> 33413164 | Q36: =33413163.79-P36 -> 0
B37: 2. Total da Despesa Paga | D37: =1954791.97 -> 1954792 | E37: =2260829.3 -> 2260829.3 | F37: 2278311.8 | G37: 2289318.1 | H37: 2296838 | I37: =3583557.43 -> 3583557.4 | J37: =2402140.19 -> 2402140.2 | K37: 2406151 | L37: =2503434.53 -> 2503434.5 | M37: 2513863.7 | P37: =SUM(D37:O37) -> 24489236 | Q37: =24489236.1-P37 -> 0
B38: 3. Resultado: 1. - 2. = | C38: (- ) | D38: =D36-D37 -> 140638.87 | E38: =E36-E37 -> 481725.11 | F38: =F36-F37 -> 1561389.1 | G38: =G36-G37 -> 1482525.6 | H38: =H36-H37 -> 1551812.1 | I38: =I36-I37 -> 168783.69 | J38: =J36-J37 -> 1309228.7 | K38: =K36-K37 -> 1507401 | ... O38: =O36-O37 -> 0 | P38: =SUM(D38:O38) -> 8923927.7
B40: Valor do déficit para cobertura do Passivo Atuarial: | C40: ( = ) | D40: =SUM(D34:D35)-D38 -> 806024.72 | E40: =SUM(E34:E35)-E38 -> 927349.8 | F40: =SUM(F34:F35)-F38 -> 202726.06 | G40: =SUM(G34:G35)-G38 -> 400263.97 | H40: =SUM(H34:H35)-H38 -> 259098.83 | I40: =SUM(I34:I35)-I38 -> 1607922.2 | J40: =SUM(J34:J35)-J38 -> 531729.59 | K40: =SUM(K34:K35)-K38 -> 328518.26 | ... O40: =SUM(O34:O35)-O38 -> 0 | P40: =SUM(D40:O40) -> 6388204.6
B41: Progressão do Déficit no período | E41: =D40+E40 -> 1733374.5 | F41: =E41+F40 -> 1936100.6 | G41: =F41+G40 -> 2336364.5 | H41: =G41+H40 -> 2595463.4 | I41: =H41+I40 -> 4203385.6 | J41: =I41+J40 -> 4735115.2 | K41: =J41+K40 -> 5063633.5 | L41: =K41+L40 -> 5470748.7 | M41: =L41+M40 -> 6388204.6 | ... O41: =N41+O40 -> 6388204.6
B43: Rendimentos Líquidos Auferidos do Período: | D43: =170931.46-130848.46 -> 40083 | E43: =346111.52-258485.56 -> 87625.96 | F43: =619278.08-40324.34 -> 578953.74 | G43: =416112.89-137141.35 -> 278971.54 | H43: 443844.93 | I43: =389536.32-25254.89 -> 364281.43 | J43: =281732.76-48232.86 -> 233499.9 | K43: =349748.56-6010.28 -> 343738.28 | L43: =437508.32-47945.81 -> 389562.51 | M43: =618359.36 -> 618359.36 | P43: =SUM(D43:O43) -> 3378920.6 | Q43: =(4073164.2-694243.55)-P43 -> 0
P45: =P43+P44 -> 3378920.6
B46: Saldo dos Valores Aplicados: | D46: 40962776 | E46: =41262902.53 -> 41262903 | F46: =43145513.5 -> 43145514 | G46: =44628052.33 -> 44628052 | H46: =46061864.93 -> 46061865 | I46: =46338876.84 -> 46338877 | J46: 47648106 | K46: =49155506.54 -> 49155507 | L46: =50548441.61 -> 50548442 | M46: =49875930.06 -> 49875930 | P46: TOTAIS:
D47: =40962776.23-D46 -> 0 | E47: =E46-D46 -> 300126.3 | F47: =F46-E46 -> 1882611 | G47: =G46-F46 -> 1482538.8 | H47: =H46-G46 -> 1433812.6 | I47: =I46-H46 -> 277011.91 | J47: =J46-I46 -> 1309228.7 | K47: =K46-J46 -> 1507401 | L47: =L46-K46 -> 1392935.1 | M47: =M46-L46 -> -672511.55 | O47: =O46-N46 -> 0 | P47: =SUM(E47:O47) -> 8913153.8 | Q47: =M46-D46-P47 -> 0
C49: Percentual dos Rendimentos em relação ao Saldo: | D49: =D43/D46 -> 0.00097852254 | E49: =E43/E46 -> 0.0021236015 | F49: =F43/F46 -> 0.013418631 | G49: =G43/G46 -> 0.0062510355 | H49: =H43/H46 -> 0.0096358437 | I49: =I43/I46 -> 0.0078612486 | J49: =J43/J46 -> 0.0049005075 | K49: =K43/K46 -> 0.0069928743 | ... O49: =O43/O46 -> #DIV/0! | P49: =SUM(D49:O49) -> #DIV/0!
B51: Rendimento da Poupança: | D51: 0.005608 | E51: 0.005 | F51: 0.005976 | G51: 0.005558 | H51: 0.006671 | I51: 0.006491 | J51: 0.006639 | K51: 0.007421 | L51: 0.006814 | P51: =SUM(D51:O51) -> 0.056178
C52: Diferença em relação a Poupança: | D52: =D51-D49 -> 0.0046294775 | E52: =E51-E49 -> 0.0028763985 | F52: =F51-F49 -> -0.0074426313 | G52: =G51-G49 -> -0.00069303551 | H52: =H51-H49 -> -0.0029648437 | I52: =I51-I49 -> -0.0013702486 | J52: =J51-J49 -> 0.0017384925 | K52: =K51-K49 -> 0.00042812567 | L52: =L51-L49 -> -0.00089271652 | P52: =SUM(D52:O52) -> -0.0036909815
H56: Giovani Amestoy da Silva | K56: Ihoko Nakashima Mota | O56: Arlei Lopes Souza
H57: Prefeito Municipal | K57: Secret. de Município da Fazenda | O57: Contador - CRC/RS: 068452/O-6

Sheet Cronogra
E1: ANEXO II DO CRONOGRAMA DE DESEMBOLSO PARA 2022 | U1: ANEXO III - CRONOGRAMA DE REEMBOLSO E DESEMBOLSO AO MÊS PARA 2022
U2: CRONOGRAMA DE DESEMBOLSO POR ORGÃO PARA O EXERCÍCIO DE 2022
A3: Cronograma | B3: RECEITA CONSOLIDADA REALIZADA | L3: PREVISTO | N3: REESTIMADA | Q3: Seq. | R3: ÓRGÃOS | S3: JANEIRO | T3: FEVEREIRO | U3: MARÇO | V3: ABRIL | W3: MAIO | X3: JUNHO | Y3: JULHO | Z3: AGOSTO | AA3: SETEMBRO | AB3: OUTUBRO | AC3: NOVEMBRO | AD3: DEZEMBRO | AE3: TOTAL
A4: MESES | B4: 2017 | C4: % | D4: 2018 | E4: % | F4: 2019 | G4: % | H4: 2020 | I4: % | J4: 2021 | K4: % | L4: 2022 | M4: % | N4: 2023 | O4: 2024 | Q4: 1 | R4: Câmara | S4: =4740087.5/12 -> 395007.29 | T4: =4740087.5/12 -> 395007.29 | U4: =4740087.5/12 -> 395007.29 | V4: =4740087.5/12 -> 395007.29 | W4: =4740087.5/12 -> 395007.29 | X4: =4740087.5/12 -> 395007.29 | Y4: =4740087.5/12 -> 395007.29 | Z4: =4740087.5/12 -> 395007.29 | ... AD4: =4740087.5/12 -> 395007.29 | AE4: =SUM(S4:AD4) -> 4740087.5 | AF4: =AE4/$AE$20 -> 0.026303497
A5: Janeiro | B5: 8128227.2 | C5: =B5/B17 -> 0.077766632 | D5: 7522241.3 | E5: =D5/D17 -> 0.079831482 | F5: 10690470 | G5: =F5/F17 -> 0.092128812 | H5: 10229896 | I5: =H5/H17 -> 0.082588546 | J5: 11654887 | K5: =J5/J17 -> 0.07573584 | L5: 11654887 | M5: =L5/L17 -> 0.064674815 | N5: =((F5+H5+J5+L5)/3.15)-354050.16 -> 13687264 | O5: =(H5+J5+L5+N5)/3.15 -> 14992678 | Q5: 2 | R5: Gabinete | S5: =2573043.32*M5 -> 166411.1 | T5: =2573043.32*M6 -> 170025.96 | U5: =2573043.32*M7 -> 203969.39 | V5: =2573043.32*M8 -> 215116.48 | W5: =2573043.32*M9 -> 216701.95 | X5: =2573043.32*M10 -> 203574.65 | Y5: =2573043.32*M11 -> 235037.37 | Z5: =2573043.32*M12 -> 204875.91 | AA5: =2573043.32*M13 -> 198153.25 | AB5: =2573043.32*M14 -> 217551.11 | AC5: =2573043.32*M15 -> 207822.25 | AD5: =2573043.32*M16 -> 333803.9 | AE5: =SUM(S5:AD5) -> 2573043.3 | AF5: =AE5/$AE$20 -> 0.014278225
A6: Fevereiro | B6: 8406126.3 | C6: =B6/B17 -> 0.080425426 | D6: =7197732.78 -> 7197732.8 | E6: =D6/D17 -> 0.076387563 | F6: =8384491.75 -> 8384491.8 | G6: =F6/F17 -> 0.07225625 | H6: =10875208.14 -> 10875208 | I6: =H6/H17 -> 0.087798312 | J6: 11908060 | K6: =J6/J17 -> 0.077381008 | L6: 11908060 | M6: =L6/L17 -> 0.066079709 | N6: =(F6+H6+J6+L6)/3.15 -> 13674863 | O6: =(H6+J6+L6+N6)/3.15 -> 15354346 | Q6: 3 | R6: SGM | S6: =1292784.43*M5 -> 83610.593 | T6: =1292784.43*M6 -> 85426.82 | U6: =1292784.43*M7 -> 102481.16 | V6: =1292784.43*M8 -> 108081.83 | W6: =1292784.43*M9 -> 108878.43 | X6: =1292784.43*M10 -> 102282.82 | Y6: =1292784.43*M11 -> 118090.76 | Z6: =1292784.43*M12 -> 102936.62 | AA6: =1292784.43*M13 -> 99558.927 | AB6: =1292784.43*M14 -> 109305.08 | AC6: =1292784.43*M15 -> 104416.97 | AD6: =1292784.43*M16 -> 167714.43 | AE6: =SUM(S6:AD6) -> 1292784.4 | AF6: =AE6/$AE$20 -> 0.0071738657
A7: Março | B7: =8078817.9 -> 8078817.9 | C7: =B7/B17 -> 0.07729391 | D7: 7899052.6 | E7: =D7/D17 -> 0.083830478 | F7: 8599525.4 | G7: =F7/F17 -> 0.074109377 | H7: 9752914.4 | I7: =H7/H17 -> 0.07873775 | J7: =11176115.04 -> 11176115 | K7: =J7/J17 -> 0.072624683 | L7: =((D7+F7+H7+J7)/2.62) -> 14285346 | M7: =L7/L17 -> 0.079271651 | N7: =(F7+H7+J7+L7)/3.15 -> 13909175 | O7: =(H7+J7+L7+N7)/3.15 -> 15594778 | Q7: 4 | R7: SMCP | S7: =2267014.1*M5 -> 146618.72 | T7: =2267014.1*M6 -> 149803.63 | U7: =2267014.1*M7 -> 179709.95 | V7: =2267014.1*M8 -> 189531.24 | W7: =2267014.1*M9 -> 190928.14 | X7: =2267014.1*M10 -> 179362.16 | Y7: =2267014.1*M11 -> 207082.8 | Z7: =2267014.1*M12 -> 180508.65 | AA7: =2267014.1*M13 -> 174585.56 | AB7: =2267014.1*M14 -> 191676.31 | AC7: =2267014.1*M15 -> 183104.57 | AD7: =2267014.1*M16 -> 294102.37 | AE7: =SUM(S7:AD7) -> 2267014.1 | AF7: =AE7/$AE$20 -> 0.01258002
A8: Abril | B8: 8695190.6 | C8: =B8/B17 -> 0.083191042 | D8: 7799663.9 | E8: =D8/D17 -> 0.082775693 | F8: =10080023.23 -> 10080023 | G8: =F8/F17 -> 0.086868078 | H8: =9810398.72 -> 9810398.7 | I8: =H8/H17 -> 0.079201836 | J8: =11782970.82 -> 11782971 | K8: =J8/J17 -> 0.076568156 | L8: =((D8+F8+H8+J8)/2.62) -> 15066052 | M8: =L8/L17 -> 0.083603911 | N8: =(F8+H8+J8+L8)/3.15 -> 14837919 | O8: =(H8+J8+L8+N8)/3.15 -> 16348362 | Q8: 5 | R8: SMA | S8: =10593557.4*M5 -> 685136.36 | T8: =10593557.4*M6 -> 700019.2 | U8: =10593557.4*M7 -> 839768.78 | V8: =10593557.4*M8 -> 885662.83 | W8: =10593557.4*M9 -> 892190.4 | X8: =10593557.4*M10 -> 838143.58 | Y8: =10593557.4*M11 -> 967679.72 | Z8: =10593557.4*M12 -> 843501.03 | AA8: =10593557.4*M13 -> 815822.95 | AB8: =10593557.4*M14 -> 895686.52 | AC8: =10593557.4*M15 -> 855631.53 | AD8: =10593557.4*M16 -> 1374314.5 | AE8: =SUM(S8:AD8) -> 10593557 | AF8: =AE8/$AE$20 -> 0.058785329
A9: Maio | B9: =8219532.42 -> 8219532.4 | C9: =B9/B17 -> 0.078640193 | D9: =7664973.99 -> 7664974 | E9: =D9/D17 -> 0.081346265 | F9: =9454030.45 -> 9454030.4 | G9: =F9/F17 -> 0.081473369 | H9: =10655694.71 -> 10655695 | I9: =H9/H17 -> 0.086026124 | J9: 11989285 | K9: =J9/J17 -> 0.077908825 | L9: =((D9+F9+H9+J9)/2.62) -> 15177093 | M9: =L9/L17 -> 0.084220094 | N9: =(F9+H9+J9+L9)/3.15 -> 15008287 | O9: =((H9+J9+L9+N9)/3.15)-5409.33 -> 16766133 | Q9: 6 | R9: SMF | S9: =3624054.99*M5 -> 234385.08 | T9: =3624054.99*M6 -> 239476.5 | U9: =3624054.99*M7 -> 287284.82 | V9: =3624054.99*M8 -> 302985.17 | W9: =3624054.99*M9 -> 305218.25 | X9: =3624054.99*M10 -> 286728.84 | Y9: =3624054.99*M11 -> 331043.14 | Z9: =3624054.99*M12 -> 288561.62 | AA9: =3624054.99*M13 -> 279092.95 | AB9: =3624054.99*M14 -> 306414.27 | AC9: =3624054.99*M15 -> 292711.46 | AD9: =3624054.99*M16 -> 470152.86 | AE9: =SUM(S9:AD9) -> 3624055 | AF9: =AE9/$AE$20 -> 0.020110455
A10: Junho | B10: 7486671.7 | C10: =B10/B17 -> 0.071628564 | D10: =7453635.72+55.15 -> 7453690.9 | E10: =D10/D17 -> 0.079103976 | F10: =8906802.9 -> 8906802.9 | G10: =F10/F17 -> 0.076757447 | H10: =8869527.04 -> 8869527 | I10: =H10/H17 -> 0.07160594 | J10: 11272675 | K10: =J10/J17 -> 0.07325215 | L10: =((D10+F10+H10+J10)/2.62)+325373.3 -> 14257700 | M10: =L10/L17 -> 0.079118237 | N10: =(F10+H10+J10+L10)/3.15 -> 13748160 | O10: =(H10+J10+L10+N10)/3.15 -> 15285099 | Q10: 7 | R10: SMTur | S10: =1406241.51*M5 -> 90948.409 | T10: =1406241.51*M6 -> 92924.03 | U10: =1406241.51*M7 -> 111475.09 | V10: =1406241.51*M8 -> 117567.29 | W10: =1406241.51*M9 -> 118433.79 | X10: =1406241.51*M10 -> 111259.35 | Y10: =1406241.51*M11 -> 128454.62 | Z10: =1406241.51*M12 -> 111970.52 | AA10: =1406241.51*M13 -> 108296.4 | AB10: =1406241.51*M14 -> 118897.88 | AC10: =1406241.51*M15 -> 113580.79 | AD10: =1406241.51*M16 -> 182433.34 | AE10: =SUM(S10:AD10) -> 1406241.5 | AF10: =AE10/$AE$20 -> 0.007803457
A11: Julho | B11: 9406077.2 | C11: =B11/B17 -> 0.089992433 | D11: 8077958 | E11: =D11/D17 -> 0.085729151 | F11: 9979327.4 | G11: =F11/F17 -> 0.086000296 | H11: =10817635.8 -> 10817636 | I11: =H11/H17 -> 0.087333516 | J11: =14253541.57 -> 14253542 | K11: =J11/J17 -> 0.09262243 | L11: =((D11+F11+H11+J11)/2.62) -> 16461245 | M11: =L11/L17 -> 0.091346059 | N11: =(F11+H11+J11+L11)/3.15 -> 16352937 | O11: =(H11+J11+L11+N11)/3.15 -> 18376305 | Q11: 8 | R11: SMTSUI | S11: =21619230.49*M5 -> 1398219.7 | T11: =21619230.49*M6 -> 1428592.5 | U11: =21619230.49*M7 -> 1713792.1 | V11: =21619230.49*M8 -> 1807452.2 | W11: =21619230.49*M9 -> 1820773.6 | X11: =21619230.49*M10 -> 1710475.4 | Y11: =21619230.49*M11 -> 1974831.5 | Z11: =21619230.49*M12 -> 1721408.8 | AA11: =21619230.49*M13 -> 1664923.7 | AB11: =21619230.49*M14 -> 1827908.5 | AC11: =21619230.49*M15 -> 1746164.6 | AD11: =21619230.49*M16 -> 2804687.9 | AE11: =SUM(S11:AD11) -> 21619230 | AF11: =AE11/$AE$20 -> 0.11996854
A12: Agosto | B12: =7641217.97 -> 7641218 | C12: =B12/B17 -> 0.073107182 | D12: 7400073.4 | E12: =D12/D17 -> 0.078534948 | F12: 8879675.8 | G12: =F12/F17 -> 0.076523669 | H12: =9516468.8 -> 9516468.8 | I12: =H12/H17 -> 0.076828865 | J12: =11797731.93 -> 11797732 | K12: =J12/J17 -> 0.076664076 | L12: =((D12+F12+H12+J12)/2.62) -> 14348836 | M12: =L12/L17 -> 0.079623964 | N12: =(F12+H12+J12+L12)/3.15 -> 14140544 | O12: =(H12+J12+L12+N12)/3.15 -> 15810660 | Q12: 9 | R12: SEDUC | S12: =46335083.1*M5 -> 2996712.9 | T12: =46335083.1*M6 -> 3061808.8 | U12: =46335083.1*M7 -> 3673058.5 | V12: =46335083.1*M8 -> 3873794.2 | W12: =46335083.1*M9 -> 3902345.1 | X12: =46335083.1*M10 -> 3665950.1 | Y12: =46335083.1*M11 -> 4232527.2 | Z12: =46335083.1*M12 -> 3689383 | AA12: =46335083.1*M13 -> 3568322 | AB12: =46335083.1*M14 -> 3917636.7 | AC12: =46335083.1*M15 -> 3742440.5 | AD12: =46335083.1*M16 -> 6011104.1 | AE12: =SUM(S12:AD12) -> 46335083 | AF12: =AE12/$AE$20 -> 0.25712072
A13: Setembro | B13: 7402995.9 | C13: =B13/B17 -> 0.070827998 | D13: =6729771.56 -> 6729771.6 | E13: =D13/D17 -> 0.071421219 | F13: =8643003.18 -> 8643003.2 | G13: =F13/F17 -> 0.074484062 | H13: =10310037.68 -> 10310038 | I13: =H13/H17 -> 0.083235548 | J13: =10677554.69 -> 10677555 | K13: =J13/J17 -> 0.069384935 | L13: =((D13+F13+H13+J13)/2.62) -> 13878003 | M13: =L13/L17 -> 0.077011236 | N13: =(F13+H13+J13+L13)/3.15 -> 13812253 | O13: =(H13+J13+L13+N13)/3.15 -> 15453285 | Q13: 10 | R13: SMS | S13: =29524656.15*M5 -> 1909501.7 | T13: =29524656.15*M6 -> 1950980.7 | U13: =29524656.15*M7 -> 2340468.2 | V13: =29524656.15*M8 -> 2468376.7 | W13: =29524656.15*M9 -> 2486569.3 | X13: =29524656.15*M10 -> 2335938.7 | Y13: =29524656.15*M11 -> 2696961 | Z13: =29524656.15*M12 -> 2350870.2 | AA13: =29524656.15*M13 -> 2273730.3 | AB13: =29524656.15*M14 -> 2496313.1 | AC13: =29524656.15*M15 -> 2384678.3 | AD13: =29524656.15*M16 -> 3830267.9 | AE13: =SUM(S13:AD13) -> 29524656 | AF13: =AE13/$AE$20 -> 0.163837
A14: Outubro | B14: 9451675.9 | C14: =B14/B17 -> 0.090428698 | D14: =7115297.7 -> 7115297.7 | E14: =D14/D17 -> 0.075512702 | F14: =10001253.91 -> 10001254 | G14: =F14/F17 -> 0.086189256 | H14: 9354372.9 | I14: =H14/H17 -> 0.075520223 | J14: 13448878 | K14: =J14/J17 -> 0.087393558 | L14: =((D14+F14+H14+J14)/2.62) -> 15236566 | M14: =L14/L17 -> 0.084550117 | N14: =(F14+H14+J14+L14)/3.15 -> 15251133 | O14: =(H14+J14+L14+N14)/3.15 -> 16917762 | Q14: 11 | R14: SMAS | S14: =4812513*M5 -> 311248.39 | T14: =4812513*M6 -> 318009.46 | U14: =4812513*M7 -> 381495.85 | V14: =4812513*M8 -> 402344.91 | W14: =4812513*M9 -> 405310.3 | X14: =4812513*M10 -> 380757.54 | Y14: =4812513*M11 -> 439604.1 | Z14: =4812513*M12 -> 383191.36 | AA14: =4812513*M13 -> 370617.58 | AB14: =4812513*M14 -> 406898.54 | AC14: =4812513*M15 -> 388702.08 | AD14: =4812513*M16 -> 624332.9 | AE14: =SUM(S14:AD14) -> 4812513 | AF14: =AE14/$AE$20 -> 0.026705397
A15: Novembro | B15: 8798730.5 | C15: =B15/B17 -> 0.084181658 | D15: 8267235.2 | E15: =D15/D17 -> 0.087737898 | F15: 7399552.2 | G15: =F15/F17 -> 0.063768194 | H15: =9067503.09 -> 9067503.1 | I15: =H15/H17 -> 0.073204251 | J15: 13400303 | K15: =J15/J17 -> 0.08707791 | L15: =((D15+F15+H15+J15)/2.62) -> 14555188 | M15: =L15/L17 -> 0.080769046 | N15: =(F15+H15+J15+L15)/3.15 -> 14102396 | O15: =(H15+J15+L15+N15)/3.15 -> 16230283 | Q15: 12 | R15: SMAIC | S15: =2280833.24*M5 -> 147512.47 | T15: =2280833.24*M6 -> 150716.8 | U15: =2280833.24*M7 -> 180805.42 | V15: =2280833.24*M8 -> 190686.58 | W15: =2280833.24*M9 -> 192091.99 | X15: =2280833.24*M10 -> 180455.5 | Y15: =2280833.24*M11 -> 208345.13 | Z15: =2280833.24*M12 -> 181608.98 | AA15: =2280833.24*M13 -> 175649.79 | AB15: =2280833.24*M14 -> 192844.72 | AC15: =2280833.24*M15 -> 184220.73 | AD15: =2280833.24*M16 -> 295895.15 | AE15: =SUM(S15:AD15) -> 2280833.2 | AF15: =AE15/$AE$20 -> 0.012656705
A16: Dezembro | B16: 12805493 | C16: =B16/B17 -> 0.12251626 | D16: 11098810 | E16: =D16/D17 -> 0.11778863 | F16: =15020134.53 -> 15020135 | G16: =F16/F17 -> 0.12944119 | H16: 14606142 | I16: =H16/H17 -> 0.11791909 | J16: =20526658.64 -> 20526659 | K16: =J16/J17 -> 0.13338643 | L16: =((D16+F16+H16+J16)/2.62) -> 23378529 | M16: =L16/L17 -> 0.12973116 | N16: =(F16+H16+J16+L16)/3.15 -> 23343322 | O16: =(H16+J16+L16+N16)/3.15 -> 25985604 | Q16: 13 | R16: Encargos | S16: =3242059.87*M5 -> 209679.62 | T16: =3242059.87*M6 -> 214234.37 | U16: =3242059.87*M7 -> 257003.44 | V16: =3242059.87*M8 -> 271048.88 | W16: =3242059.87*M9 -> 273046.59 | X16: =3242059.87*M10 -> 256506.06 | Y16: =3242059.87*M11 -> 296149.39 | Z16: =3242059.87*M12 -> 258145.66 | AA16: =3242059.87*M13 -> 249675.04 | AB16: =3242059.87*M14 -> 274116.54 | AC16: =3242059.87*M15 -> 261858.08 | AD16: =3242059.87*M16 -> 420596.19 | AE16: =SUM(S16:AD16) -> 3242059.9 | AF16: =AE16/$AE$20 -> 0.017990704
A17: TOTAIS | B17: =SUM(B5:B16) -> 1.0452076e+08 | C17: =B17/B17 -> 1 | D17: =SUM(D5:D16) -> 94226502 | E17: =D17/D17 -> 1 | F17: =SUM(F5:F16) -> 1.1603829e+08 | G17: =F17/F17 -> 1 | H17: =SUM(H5:H16) -> 1.238658e+08 | I17: =H17/H17 -> 1 | J17: =SUM(J5:J16) -> 1.5388866e+08 | K17: =J17/J17 -> 1 | L17: =SUM(L5:L16) -> 1.802075e+08 | M17: =L17/L17 -> 1 | N17: =SUM(N5:N16) -> 1.8186825e+08 | O17: =SUM(O5:O16) -> 2.0311529e+08 | Q17: 14 | R17: Reserva | S17: =708.85*M5 -> 45.844742 | T17: =708.85*M6 -> 46.840602 | U17: =708.85*M7 -> 56.191709 | V17: =708.85*M8 -> 59.262632 | W17: =708.85*M9 -> 59.699414 | X17: =708.85*M10 -> 56.082962 | Y17: =708.85*M11 -> 64.750654 | Z17: =708.85*M12 -> 56.441447 | AA17: =708.85*M13 -> 54.589415 | AB17: =708.85*M14 -> 59.933351 | AC17: =708.85*M15 -> 57.253138 | AD17: =708.85*M16 -> 91.959934 | AE17: =SUM(S17:AD17) -> 708.85 | AF17: =AE17/$AE$20 -> 3.933521e-06
A18: % em relação ao ano anterior | D18: =(D17-B17)/B17 -> -0.09849005 | F18: =(F17-D17)/D17 -> 0.23148253 | H18: =(H17-F17)/F17 -> 0.067456262 | J18: =(J17-H17)/H17 -> 0.24238216 | L18: =(L17-J17)/J17 -> 0.17102524 | N18: =(N17-L17)/L17 -> 0.0092157541 | O18: =(O17-N17)/N17 -> 0.11682656 | Q18: 15 | R18: FAPS | S18: =41552033.47*M5 -> 2687370.1 | T18: =41552033.47*M6 -> 2745746.3 | U18: =41552033.47*M7 -> 3293898.3 | V18: =41552033.47*M8 -> 3473912.5 | W18: =41552033.47*M9 -> 3499516.2 | X18: =41552033.47*M10 -> 3287523.6 | Y18: =41552033.47*M11 -> 3795614.5 | Z18: =41552033.47*M12 -> 3308537.6 | AA18: =41552033.47*M13 -> 3199973.5 | AB18: =41552033.47*M14 -> 3513229.3 | AC18: =41552033.47*M15 -> 3356118.1 | AD18: =41552033.47*M16 -> 5390593.6 | AE18: =SUM(S18:AD18) -> 41552033 | AF18: =AE18/$AE$20 -> 0.23057882
L19: =180207504.88-L17 -> 0.0041984916 | Q19: 16 | R19: FASM | S19: =4343603.46*M5 -> 280921.75 | T19: =4343603.46*M6 -> 287024.05 | U19: =4343603.46*M7 -> 344324.62 | V19: =4343603.46*M8 -> 363142.24 | W19: =4343603.46*M9 -> 365818.69 | X19: =4343603.46*M10 -> 343658.25 | Y19: =4343603.46*M11 -> 396771.06 | Z19: =4343603.46*M12 -> 345854.92 | AA19: =4343603.46*M13 -> 334506.27 | AB19: =4343603.46*M14 -> 367252.18 | AC19: =4343603.46*M15 -> 350828.71 | AD19: =4343603.46*M16 -> 563500.72 | AE19: =SUM(S19:AD19) -> 4343603.5 | AF19: =AE19/$AE$20 -> 0.024103344
A20: Cronograma | B20: DESPESA CONSOLIDA LIQUIDADA | L20: PREVISTO | N20: REESTIMADA | Q20: = | R20: TOTAL | S20: =SUM(S4:S19) -> 11743330 | T20: =SUM(T4:T19) -> 11989843 | U20: =SUM(U4:U19) -> 14304599 | V20: =SUM(V4:V19) -> 15064770 | W20: =SUM(W4:W19) -> 15172890 | X20: =SUM(X4:X19) -> 14277680 | Y20: =SUM(Y4:Y19) -> 16423264 | Z20: =SUM(Z4:Z19) -> 14366419 | ... AF20: =SUM(AF4:AF19) -> 1
A21: MESES | B21: =B4 -> 2017 | C21: % | D21: =D4 -> 2018 | F21: =F4 -> 2019 | G21: % | H21: =H4 -> 2020 | I21: % | J21: =J4 -> 2021 | K21: % | L21: =L4 -> 2022 | M21: % | N21: =N4 -> 2023 | O21: =O4 -> 2024 | R21: % ao mês | S21: =S20/$AE$20 -> 0.065165599 | T21: =T20/$AE$20 -> 0.06653354 | U21: =U20/$AE$20 -> 0.079378487 | V21: =V20/$AE$20 -> 0.083596794 | W21: =W20/$AE$20 -> 0.084196769 | X21: =X20/$AE$20 -> 0.079229108 | Y21: =Y20/$AE$20 -> 0.091135296 | Z21: =Z20/$AE$20 -> 0.079721533 | ... AE21: =AE20/$AE$20 -> 1
A22: Janeiro | B22: 5981651 | C22: =B22/B34 -> 0.062053544 | D22: 7670864.2 | E22: =D22/D34 -> 0.072802734 | F22: 7979821.7 | G22: =F22/F34 -> 0.068577943 | H22: =7671797.23 -> 7671797.2 | I22: =H22/H34 -> 0.062068219 | J22: 9502229.8 | K22: =J22/J34 -> 0.068250821 | L22: =21974771.81-L23 -> 10042746 | M22: =L22/L34 -> 0.056820339 | N22: =(F22+H22+J22+L22)/3.2 -> 10998936 | O22: =(H22+J22+L22+N22)/3.3 -> 11580518 | Q22: Total por Bimestre | S22: 1º Bimestre | T22: =S20+T20 -> 23733173 | U22: 2º Bimestre | V22: =U20+V20 -> 29369369 | W22: 3º Bimestre | X22: =W20+X20 -> 29450570 | Y22: 4º Bimestre | Z22: =Y20+Z20 -> 30789683 | AA22: 5º Bimestre | AB22: =AA20+AB20 -> 29138768 | AC22: 6º Bimestre | AD22: =AC20+AD20 -> 37725942 | AE22: =SUM(S22:AD22) -> 1.802075e+08
A23: Fevereiro | B23: 6665778.9 | C23: =B23/B34 -> 0.069150675 | D23: =7361356.62+32710.31 -> 7394066.9 | E23: =D23/D34 -> 0.070175703 | F23: 7902084.6 | G23: =F23/F34 -> 0.067909876 | H23: =8682002.48 -> 8682002.5 | I23: =H23/H34 -> 0.070241224 | J23: 9870035.5 | K23: =J23/J34 -> 0.070892626 | L23: =11932025.47 -> 11932025 | M23: =L23/L34 -> 0.067509595 | N23: =(F23+H23+J23+L23)/3 -> 12795383 | O23: =(H23+J23+L23+N23)/3.3 -> 13114984 | Q23: Seq. | R23: ÓRGÃOS | S23: JANEIRO | T23: FEVEREIRO | U23: MARÇO | V23: ABRIL | W23: MAIO | X23: JUNHO | Y23: JULHO | Z23: AGOSTO | AA23: SETEMBRO | AB23: OUTUBRO | AC23: NOVEMBRO | AD23: DEZEMBRO | AE23: TOTAL
A24: Março | B24: 7484694 | C24: =B24/B34 -> 0.077646086 | D24: 8190765.8 | E24: =D24/D34 -> 0.077737022 | F24: =9215305.68 -> 9215305.7 | G24: =F24/F34 -> 0.079195592 | H24: 9514390.6 | I24: =H24/H34 -> 0.076975611 | J24: 11697779 | K24: =J24/J34 -> 0.084020596 | L24: =((D24+F24+H24+J24)/2.7) -> 14303052 | M24: =L24/L34 -> 0.080924505 | N24: =(F24+H24+J24+L24)/3 -> 14910176 | O24: =(H24+J24+L24+N24)/3.3 -> 15280423 | Q24: 1 | R24: Câmara | S24: =287905.27 -> 287905.27 | T24: =344135.62 -> 344135.62 | U24: 340954.83 | V24: 304678.46 | W24: 329133.08 | X24: 357057.56 | Y24: 328737.1 | Z24: 318546.02 | AA24: =326428.97 -> 326428.97 | AB24: 330659.77 | AE24: =SUM(S24:AD24) -> 3268236.7 | AF24: =AE24/$AE$40 -> 0.023682716
A25: Abril | B25: =7391916.3-2329.01 -> 7389587.3 | C25: =B25/B34 -> 0.07665945 | D25: 7513399.3 | E25: =D25/D34 -> 0.071308264 | F25: 9663995.9 | G25: =F25/F34 -> 0.083051599 | H25: =10634576.05 -> 10634576 | I25: =H25/H34 -> 0.086038405 | J25: =9795349.04 -> 9795349 | K25: =J25/J34 -> 0.070356183 | L25: =((D25+F25+H25+J25)/2.7) -> 13928637 | M25: =L25/L34 -> 0.078806122 | N25: =(F25+H25+J25+L25)/3 -> 14674186 | O25: =(H25+J25+L25+N25)/3.3 -> 14858409 | Q25: 2 | R25: Gabinete | S25: =183560.36 -> 183560.36 | T25: =212903.98 -> 212903.98 | U25: 211831.89 | V25: 198188.58 | W25: =200278.53 -> 200278.53 | X25: 396979.81 | Y25: 219313.14 | Z25: 204866.19 | AA25: =226553.12 -> 226553.12 | AB25: 209662.79 | AE25: =SUM(S25:AD25) -> 2264138.4 | AF25: =AE25/$AE$40 -> 0.01640669
A26: Maio | B26: 8056881.4 | C26: =B26/B34 -> 0.083581947 | D26: 8332242.9 | E26: =D26/D34 -> 0.079079755 | F26: =9721771.29 -> 9721771.3 | G26: =F26/F34 -> 0.083548116 | H26: =8693274.76 -> 8693274.8 | I26: =H26/H34 -> 0.070332422 | J26: 11144329 | K26: =J26/J34 -> 0.080045384 | L26: =((D26+F26+H26+J26)/2.7) -> 14033933 | M26: =L26/L34 -> 0.079401868 | N26: =(F26+H26+J26+L26)/3 -> 14531103 | O26: =(H26+J26+L26+N26)/3.3 -> 14667467 | Q26: 3 | R26: SGM | S26: =64399.21 -> 64399.21 | T26: =63086.12 -> 63086.12 | U26: 74169.84 | V26: 88227.21 | W26: =338444.64 -> 338444.64 | X26: 118439.73 | Y26: 116455.65 | Z26: 270074.74 | AA26: =105359.34 -> 105359.34 | AB26: =166749.88 -> 166749.88 | AE26: =SUM(S26:AD26) -> 1405406.4 | AF26: =AE26/$AE$40 -> 0.010184036
A27: Junho | B27: 8550639.5 | C27: =B27/B34 -> 0.088704186 | D27: 9391234.3 | E27: =D27/D34 -> 0.089130444 | F27: 9467661 | G27: =F27/F34 -> 0.081364313 | H27: =10697988.26 -> 10697988 | I27: =H27/H34 -> 0.086551437 | J27: 10512021 | K27: =J27/J34 -> 0.075503761 | L27: =((D27+F27+H27+J27)/2.7) -> 14840335 | M27: =L27/L34 -> 0.083964371 | N27: =(F27+H27+J27+L27)/3 -> 15172669 | O27: =(H27+J27+L27+N27)/3.3 -> 15522125 | Q27: 4 | R27: SMCP | S27: =146249.25 -> 146249.25 | T27: =165675.66 -> 165675.66 | U27: 182713.95 | V27: 174354.53 | W27: =197881.81 -> 197881.81 | X27: 240110.08 | Y27: 205522.18 | Z27: 179706.54 | AA27: =182061.88 -> 182061.88 | AB27: =174203.66 -> 174203.66 | AE27: =SUM(S27:AD27) -> 1848479.5 | AF27: =AE27/$AE$40 -> 0.01339469
A28: Julho | B28: 8123962.6 | C28: =B28/B34 -> 0.084277847 | D28: =8712975.37 -> 8712975.4 | E28: =D28/D34 -> 0.082693216 | F28: 8718239.6 | G28: =F28/F34 -> 0.074923846 | H28: 9134532 | I28: =H28/H34 -> 0.073902387 | J28: =11281097.36 -> 11281097 | K28: =J28/J34 -> 0.081027735 | L28: =((D28+F28+H28+J28)/2.7) -> 14017350 | M28: =L28/L34 -> 0.079308044 | N28: =(F28+H28+J28+L28)/3 -> 14383740 | O28: =(H28+J28+L28+N28)/3.3 -> 14792945 | Q28: 5 | R28: SMA | S28: =698271.56 -> 698271.56 | T28: =900797.26 -> 900797.26 | U28: 917020.1 | V28: 924215.98 | W28: =947015.05 -> 947015.05 | X28: 1046556.6 | Y28: 993938.39 | Z28: 1000517.1 | AA28: =1050715.75 -> 1050715.8 | AB28: =1055287.08 -> 1055287.1 | AE28: =SUM(S28:AD28) -> 9534334.9 | AF28: =AE28/$AE$40 -> 0.069088922
A29: Agosto | B29: 8191361.9 | C29: =B29/B34 -> 0.084977046 | D29: =8881833.91 -> 8881833.9 | E29: =D29/D34 -> 0.08429582 | F29: 9251295.1 | G29: =F29/F34 -> 0.079504882 | H29: =9036456.79 -> 9036456.8 | I29: =H29/H34 -> 0.073108916 | J29: 11242672 | K29: =J29/J34 -> 0.080751739 | L29: =((D29+F29+H29+J29)/2.7) -> 14226762 | M29: =L29/L34 -> 0.080492868 | N29: =(F29+H29+J29+L29)/3 -> 14585729 | O29: =(H29+J29+L29+N29)/3.3 -> 14876248 | Q29: 6 | R29: SMF | S29: =262956.12 -> 262956.12 | T29: =306697.57 -> 306697.57 | U29: 302867.51 | V29: 313979.37 | W29: =281346.4 -> 281346.4 | X29: 395284.5 | Y29: 291842.42 | Z29: 446003.69 | AA29: =253082.08 -> 253082.08 | AB29: =255618.51 -> 255618.51 | AE29: =SUM(S29:AD29) -> 3109678.2 | AF29: =AE29/$AE$40 -> 0.022533749
A30: Setembro | B30: =7555140.76 -> 7555140.8 | C30: =B30/B34 -> 0.078376899 | D30: 8405663.2 | E30: =D30/D34 -> 0.079776574 | F30: =9019781.08 -> 9019781.1 | G30: =F30/F34 -> 0.077515269 | H30: =10105595.49 -> 10105595 | I30: =H30/H34 -> 0.081758719 | J30: =10938610.35 -> 10938610 | K30: =J30/J34 -> 0.078567784 | L30: =((D30+F30+H30+J30)/2.7) -> 14248019 | M30: =L30/L34 -> 0.080613134 | N30: =(F30+H30+J30+L30)/3 -> 14770668 | O30: =(H30+J30+L30+N30)/3.3 -> 15170574 | Q30: 7 | R30: SMTur | S30: =57439.42 -> 57439.42 | T30: =61104.79 -> 61104.79 | U30: 78507.41 | V30: 80939.03 | W30: =82312.61 -> 82312.61 | X30: 103928.27 | Y30: 94089.47 | Z30: 84931.78 | AA30: =103994.41 -> 103994.41 | AB30: =87924.99 -> 87924.99 | AE30: =SUM(S30:AD30) -> 835172.18 | AF30: =AE30/$AE$40 -> 0.0060519319
A31: Outubro | B31: 7682619.9 | C31: =B31/B34 -> 0.079699365 | D31: 8594186.1 | E31: =D31/D34 -> 0.081565809 | F31: =9257306.49 -> 9257306.5 | G31: =F31/F34 -> 0.079556543 | H31: 9996580.7 | I31: =H31/H34 -> 0.080876741 | J31: 11341397 | K31: =J31/J34 -> 0.081460845 | L31: =((D31+F31+H31+J31)/2.7) -> 14514619 | M31: =L31/L34 -> 0.082121517 | N31: =(F31+H31+J31+L31)/3 -> 15036634 | O31: =(H31+J31+L31+N31)/3.3 -> 15420979 | Q31: 8 | R31: SMTSUI | S31: =958534.61 -> 958534.61 | T31: =850858.73 -> 850858.73 | U31: 897542.71 | V31: 961339.85 | W31: =1051243.21 -> 1051243.2 | X31: 1175630 | Y31: 958121.39 | Z31: 912767.91 | AA31: =952409.82 -> 952409.82 | AB31: 2880577 | AE31: =SUM(S31:AD31) -> 11599025 | AF31: =AE31/$AE$40 -> 0.084050346
A32: Novembro | B32: 8077679.6 | C32: =B32/B34 -> 0.083797708 | D32: 8884947.5 | E32: =D32/D34 -> 0.084325371 | F32: 9510627.3 | G32: =F32/F34 -> 0.081733562 | H32: =10537885.72 -> 10537886 | I32: =H32/H34 -> 0.085256137 | J32: 11405835 | K32: =J32/J34 -> 0.08192368 | L32: =((D32+F32+H32+J32)/2.7) -> 14940480 | M32: =L32/L34 -> 0.084530976 | N32: =(F32+H32+J32+L32)/3 -> 15464943 | O32: =(H32+J32+L32+N32)/3.3 -> 15863377 | Q32: 9 | R32: SEDUC | S32: =2409037.59 -> 2409037.6 | T32: =3390965.27 -> 3390965.3 | U32: 4453096.8 | V32: 3650943.1 | W32: =4451436.12 -> 4451436.1 | X32: 5321971.3 | Y32: 4410079.8 | Z32: 4391051.8 | AA32: =4925784.47 -> 4925784.5 | AB32: 4440607.9 | AE32: =SUM(S32:AD32) -> 41844974 | AF32: =AE32/$AE$40 -> 0.30322242
A33: Dezembro | B33: 12634998 | C33: =B33/B34 -> 0.13107525 | D33: 13392877 | E33: =D33/D34 -> 0.12710929 | F33: =15787827.89+865628.68 -> 16653457 | G33: =F33/F34 -> 0.14311846 | H33: 18897584 | I33: =H33/H34 -> 0.15288978 | J33: =20493779.25 -> 20493779 | K33: =J33/J34 -> 0.14719885 | L33: =((D33+F33+H33+J33)/2.7) -> 25717666 | M33: =L33/L34 -> 0.14550666 | N33: =(F33+H33+J33+L33)/3 -> 27254162 | O33: =(H33+J33+L33+N33)/3.3 -> 27988846 | Q33: 10 | R33: SMSMA | S33: =2160274.39 -> 2160274.4 | T33: =2485721.26 -> 2485721.3 | U33: 2241731.1 | V33: 2969516.9 | W33: =2755897.41 -> 2755897.4 | X33: 3209993.3 | Y33: 3054426.4 | Z33: 2842612.4 | AA33: =2613135 -> 2613135 | AB33: 2593923.3 | AE33: =SUM(S33:AD33) -> 26927231 | AF33: =AE33/$AE$40 -> 0.19512356
A34: TOTAIS | B34: =SUM(B22:B33) -> 96394995 | C34: =B34/B34 -> 1 | D34: =SUM(D22:D33) -> 1.0536506e+08 | E34: =D34/D34 -> 1 | F34: =SUM(F22:F33) -> 1.1636135e+08 | G34: =F34/F34 -> 1 | H34: =SUM(H22:H33) -> 1.2360266e+08 | I34: =H34/H34 -> 1 | J34: =SUM(J22:J33) -> 1.3922514e+08 | K34: =J34/J34 -> 1 | L34: =SUM(L22:L33) -> 1.7674562e+08 | M34: =L34/L34 -> 1 | N34: =SUM(N22:N33) -> 1.8457833e+08 | O34: =SUM(O22:O33) -> 1.8913689e+08 | Q34: 11 | R34: SMAS | S34: =241258.57 -> 241258.57 | T34: =316961.69 -> 316961.69 | U34: 355543.58 | V34: 341250.44 | W34: =365911.56 -> 365911.56 | X34: 435485.05 | Y34: 428333.81 | Z34: 343437.32 | AA34: =353007.18 -> 353007.18 | AB34: =378621.69 -> 378621.69 | AE34: =SUM(S34:AD34) -> 3559810.9 | AF34: =AE34/$AE$40 -> 0.025795559
A35: % em relação ao ano anterior | D35: 0.060015321 | F35: 0.20274498 | H35: 0.15953984 | J35: 0.061875221 | L35: 0.11385731 | N35: 0.085121633 | O35: 0.069107984 | Q35: 12 | R35: SMAIC | S35: =95023.54 -> 95023.54 | T35: =108772.56 -> 108772.56 | U35: 141731.21 | V35: 137306 | W35: =321894.49 -> 321894.49 | X35: 245931.24 | Y35: 124085.27 | Z35: 122916.03 | AA35: =364499.17 -> 364499.17 | AB35: =148490.59 -> 148490.59 | AE35: =SUM(S35:AD35) -> 1810650.1 | AF35: =AE35/$AE$40 -> 0.013120565
A36: Superávit | B36: =B17-B34 -> 8125761.5 | D36: =D17-D34 -> -11138555 | F36: =F17-F34 -> -323055.85 | H36: =H17-H34 -> 263135.53 | J36: =J17-J34 -> 14663524 | L36: =L17-L34 -> 3461881.1 | N36: =N17-N34 -> -2710074.6 | O36: =O17-O34 -> 13978400 | Q36: 13 | R36: Encargos | S36: =293420.09 -> 293420.09 | T36: =266651.89 -> 266651.89 | U36: 264776.15 | V36: 375243.85 | W36: =172346.66 -> 172346.66 | X36: 255590.5 | Y36: 284184.79 | Z36: 282878.43 | AA36: =276570.92 -> 276570.92 | AB36: =268994.63 -> 268994.63 | AE36: =SUM(S36:AD36) -> 2740657.9 | AF36: =AE36/$AE$40 -> 0.019859707
Q37: 14 | R37: Reserva | AE37: =SUM(S37:AD37) -> 0 | AF37: =AE37/$AE$40 -> 0
Q38: 15 | R38: FAPS | S38: =1954791.97 -> 1954792 | T38: =2261489.49 -> 2261489.5 | U38: 2282313.1 | V38: 2290418.3 | W38: =2295758.82 -> 2295758.8 | X38: 3580781.9 | Y38: 2403548.8 | Z38: 2412757.3 | AA38: =2503083.55 -> 2503083.5 | AB38: =2514623.29 -> 2514623.3 | AE38: =SUM(S38:AD38) -> 24499567 | AF38: =AE38/$AE$40 -> 0.1775319
B39: Cronograma | C39: A Vertic | D39: RECEITA/2022 | F39: DIFERENÇA | H39: DESPESA/2022 | I39: A Vertic | J39: DIFERENÇA | L39: SUPERÁVIT/DÉFICIT | Q39: 16 | R39: FASM | S39: =229624.39 -> 229624.39 | T39: 196203.58 | U39: 250913.07 | V39: 251135.32 | W39: =287922.25 -> 287922.25 | X39: 380186.83 | Y39: 257995.85 | Z39: 43507.75 | AA39: =64120.51 -> 64120.51 | AB39: =791949.92 -> 791949.92 | AE39: =SUM(S39:AD39) -> 2753559.5 | AF39: =AE39/$AE$40 -> 0.019953196
B40: MESES | C40: % | D40: REALIZADA | F40: RECEITA | H40: EXECUTADA | I40: % | J40: DESPESA | L40: AO MÊS | Q40: = | R40: TOTAL | S40: =SUM(S24:S39) -> 10042746 | T40: =SUM(T24:T39) -> 11932025 | U40: =SUM(U24:U39) -> 12995713 | V40: =SUM(V24:V39) -> 13061737 | W40: =SUM(W24:W39) -> 14078823 | X40: =SUM(X24:X39) -> 17263927 | Y40: =SUM(Y24:Y39) -> 14170674 | Z40: =SUM(Z24:Z39) -> 13856575 | ... AE40: =SUM(AE24:AE39) -> 1.3800092e+08 | AF40: =AE40/$AE$40 -> 1
B41: Janeiro | C41: =D41/$D$53 -> 0.090452684 | D41: =26446557.48-D42 -> 13016876 | F41: =D41-L5 -> 1361989.3 | H41: =21974771.81-H42 -> 10042746 | I41: =H41/$H$53 -> 0.072773038 | J41: =H41-L22 -> 0 | L41: =D41-H41 -> 2974130 | S41: =S40-$H41 -> 0 | T41: =T40-H42 -> 0 | U41: =U40-$H43 -> 0 | V41: =V40-$H44 -> 0 | W41: =W40-$H45 -> 0 | X41: =X40-$H46 -> 0 | Y41: =Y40-$H47 -> 0 | Z41: =Z40-$H48 -> 0 | AA41: =AA40-$H49 -> 0 | AB41: =AB40-$H50 -> 0 | AC41: =AC40-$H51 -> 0 | AD41: =AD40-$H52 -> 0 | AE41: =AE40-$H53 -> 0
B42: Fevereiro | C42: =D42/$D$53 -> 0.093321214 | D42: =13429681.17 -> 13429681 | F42: =D42-L6 -> 1521621.6 | H42: =11932025.47 -> 11932025 | I42: =H42/$H$53 -> 0.086463375 | J42: =H42-L23 -> 0 | L42: =D42-H42 -> 1497655.7 | S42: CRONOGRAMA DA DESPESA POR CATEGORIA | W42: EXERCÍCIO DE 2022 | AE42: =85045512.97 -> 85045513
B43: Março | C43: =D43/$D$53 -> 0.10415581 | D43: =14988868.06 -> 14988868 | F43: =D43-L7 -> 703521.71 | H43: 12995713 | I43: =H43/$H$53 -> 0.094171206 | J43: =H43-L24 -> -1307338.9 | L43: =D43-H43 -> 1993154.8 | S43: Janeiro | T43: Fevereiro | U43: Março | V43: Abril | W43: Maio | X43: Junho | Y43: Julho | Z43: Agosto | AA43: Setembro | AB43: Outubro | AC43: Novembro | AD43: Dezembro | AE43: TOTAL
B44: Abril | C44: =D44/$D$53 -> 0.099770878 | D44: 14357840 | F44: =D44-L8 -> -708212.02 | H44: 13061737 | I44: =H44/$H$53 -> 0.094649636 | J44: =H44-L25 -> -866900.16 | L44: =D44-H44 -> 1296103.2 | P44: 3. | Q44: DESPESA CORRENTE | S44: =SUM(S45:S47) -> 10193992 | T44: =SUM(T45:T47) -> 10407982 | U44: =SUM(U45:U47) -> 12417344 | V44: =SUM(V45:V47) -> 13077222 | W44: =SUM(W45:W47) -> 13171078 | X44: =SUM(X45:X47) -> 12393976 | Y44: =SUM(Y45:Y47) -> 14256486 | Z44: =SUM(Z45:Z47) -> 12471007 | ... AE44: =SUM(AE45:AE47) -> 1.564321e+08
B45: Maio | C45: =D45/$D$53 -> 0.11319404 | D45: =16289542.18 -> 16289542 | F45: =D45-L9 -> 1112449.1 | H45: =14078822.64 -> 14078823 | I45: =H45/$H$53 -> 0.10201977 | J45: =H45-L26 -> 44889.903 | L45: =D45-H45 -> 2210719.5 | P45: 3.1. | Q45: Vencimento e Encargos | S45: =119478722.02*S21 -> 7785902.5 | T45: =119478722.02*T21 -> 7949342.3 | U45: =119478722.02*U21 -> 9484040.2 | V45: =119478722.02*V21 -> 9988038.1 | W45: =119478722.02*W21 -> 10059722 | X45: =119478722.02*X21 -> 9466192.6 | Y45: =119478722.02*Y21 -> 10888729 | Z45: =119478722.02*Z21 -> 9525026.9 | ... AD45: =119478722.02*AD21 -> 15354299 | AE45: =SUM(S45:AD45) -> 1.1947872e+08
B46: Junho | C46: =D46/$D$53 -> 0.10673514 | D46: =15360054.2 -> 15360054 | F46: =D46-L10 -> 1102354.2 | H46: =17263926.67 -> 17263927 | I46: =H46/$H$53 -> 0.12510008 | J46: =H46-L27 -> 2423591.6 | L46: =D46-H46 -> -1903872.5 | P46: 3.2. | Q46: Juros e Encargo Dív. | S46: =608541*S21 -> 39655.939 | T46: =608541*T21 -> 40488.387 | U46: =608541*U21 -> 48305.064 | V46: =608541*V21 -> 50872.076 | W46: =608541*W21 -> 51237.186 | X46: =608541*X21 -> 48214.161 | Y46: =608541*Y21 -> 55459.564 | Z46: =608541*Z21 -> 48513.821 | ... AD46: =608541*AD21 -> 78204.052 | AE46: =SUM(S46:AD46) -> 608541
B47: Julho | C47: =D47/$D$53 -> 0.11301357 | D47: =16263570.87 -> 16263571 | F47: =D47-L11 -> -197674.47 | H47: 14170674 | I47: =H47/$H$53 -> 0.10268536 | J47: =H47-L28 -> 153324.71 | L47: =D47-H47 -> 2092896.4 | P47: 3.3. | Q47: Outras Desp. Corrente | S47: =36344840.91*S21 -> 2368433.3 | T47: =36344840.91*T21 -> 2418150.9 | U47: =36344840.91*U21 -> 2884998.5 | V47: =36344840.91*V21 -> 3038312.2 | W47: =36344840.91*W21 -> 3060118.2 | X47: =36344840.91*X21 -> 2879569.3 | Y47: =36344840.91*Y21 -> 3312297.8 | Z47: =36344840.91*Z21 -> 2897466.4 | ... AD47: =36344840.91*AD21 -> 4670702.3 | AE47: =SUM(S47:AD47) -> 36344841
B48: Agosto | C48: =D48/$D$53 -> 0.096167018 | D48: =13839215.47 -> 13839215 | F48: =D48-L12 -> -509620.36 | H48: =13856574.9 -> 13856575 | I48: =H48/$H$53 -> 0.10040929 | J48: =H48-L29 -> -370187.18 | L48: =D48-H48 -> -17359.43 | P48: 4. | Q48: DESPESA DE CAPITAL | S48: =SUM(S49:S51) -> 668946.42 | T48: =SUM(T49:T51) -> 682988.79 | U48: =SUM(U49:U51) -> 814846.42 | V48: =SUM(V49:V51) -> 858148.73 | W48: =SUM(W49:W51) -> 864307.68 | X48: =SUM(X49:X51) -> 813313 | Y48: =SUM(Y49:Y51) -> 935533.95 | Z48: =SUM(Z49:Z51) -> 818367.9 | ... AE48: =SUM(AE49:AE51) -> 10265331
B49: Setembro | C49: =D49/$D$53 -> 0.097680938 | D49: =14057080.83 -> 14057081 | F49: =D49-L13 -> 179078.12 | H49: =14300806.17 -> 14300806 | I49: =H49/$H$53 -> 0.10362834 | J49: =H49-L30 -> 52787.596 | L49: =D49-H49 -> -243725.34 | P49: 4.4. | Q49: Investimentos | S49: =10263193.69*S21 -> 668807.16 | T49: =10263193.69*T21 -> 682846.61 | U49: =10263193.69*U21 -> 814676.79 | V49: =10263193.69*V21 -> 857970.09 | W49: =10263193.69*W21 -> 864127.75 | X49: =10263193.69*X21 -> 813143.69 | Y49: =10263193.69*Y21 -> 935339.2 | Z49: =10263193.69*Z21 -> 818197.54 | ... AD49: =10263193.69*AD21 -> 1318930.6 | AE49: =SUM(S49:AD49) -> 10263194
B50: Outubro | C50: =D50/$D$53 -> 0.085508707 | D50: =12305397.85 -> 12305398 | F50: =D50-L14 -> -2931167.8 | H50: =16297895.01 -> 16297895 | I50: =H50/$H$53 -> 0.1180999 | J50: =H50-L31 -> 1783276.3 | L50: =D50-H50 -> -3992497.2 | P50: 4.5. | Q50: Inversões Financeira | S50: =283*S21 -> 18.441864 | T50: =283*T21 -> 18.828992 | U50: =283*U21 -> 22.464112 | V50: =283*V21 -> 23.657893 | W50: =283*W21 -> 23.827686 | X50: =283*X21 -> 22.421838 | Y50: =283*Y21 -> 25.791289 | Z50: =283*Z21 -> 22.561194 | ... AD50: =283*AD21 -> 36.368538 | AE50: =SUM(S50:AD50) -> 283
B51: Novembro | C51: =D51/$D$53 -> 0 | F51: =D51-L15 -> -14555188 | I51: =H51/$H$53 -> 0 | J51: =H51-L32 -> -14940480 | L51: =D51-H51 -> 0 | P51: 4.6. | Q51: Amortização da Dívida | S51: =1854*S21 -> 120.81702 | T51: =1854*T21 -> 123.35318 | U51: =1854*U21 -> 147.16771 | V51: =1854*V21 -> 154.98846 | W51: =1854*W21 -> 156.10081 | X51: =1854*X21 -> 146.89077 | Y51: =1854*Y21 -> 168.96484 | Z51: =1854*Z21 -> 147.80372 | ... AD51: =1854*AD21 -> 238.25891 | AE51: =SUM(S51:AD51) -> 1854
B52: Dezembro | C52: =D52/$D$53 -> 0 | F52: =D52-L16 -> -23378529 | I52: =H52/$H$53 -> 0 | J52: =H52-L33 -> -25717666 | L52: =D52-H52 -> 0 | P52: TOTAL DA DESPESA FIXADA | S52: =S44+S48 -> 10862938 | T52: =T44+T48 -> 11090970 | U52: =U44+U48 -> 13232190 | V52: =V44+V48 -> 13935371 | W52: =W44+W48 -> 14035385 | X52: =X44+X48 -> 13207289 | Y52: =Y44+Y48 -> 15192020 | Z52: =Z44+Z48 -> 13289375 | ... AE52: =AE44+AE48 -> 1.6669743e+08
B53: TOTAIS | C53: =SUM(C41:C52) -> 1 | D53: =SUM(D41:D52) -> 1.4390813e+08 | F53: =SUM(F41:F52) -> -36299378 | G53: =(H53-H34)/H34 -> 0.11648825 | H53: =SUM(H41:H52) -> 1.3800092e+08 | I53: =SUM(I41:I52) -> 1 | J53: =SUM(J41:J52) -> -38744702 | L53: =SUM(L41:L52) -> 5907205.2 | P53: 9.9. | Q53: Reserva de Contigência | S53: =S20-S52 -> 880391.82 | T53: =T20-T52 -> 898872.8 | U53: =U20-U52 -> 1072408.9 | V53: =V20-V52 -> 1129398.6 | W53: =W20-W52 -> 1137504.3 | X53: =X20-X52 -> 1070390.8 | Y53: =Y20-Y52 -> 1231244.3 | Z53: =Z20-Z52 -> 1077043.5 | ... AD53: =AD20-AD52 -> 1736189.1 | AE53: =SUM(S53:AD53) -> 13510070
D54: =143908127.1-D53 -> 0 | H54: =138000921.89-H53 -> 0 | P54: TOTAL GERAL PREVISTO | S54: =S52+S53 -> 11743330 | T54: =T52+T53 -> 11989843 | U54: =U52+U53 -> 14304599 | V54: =V52+V53 -> 15064770 | W54: =W52+W53 -> 15172890 | X54: =X52+X53 -> 14277680 | Y54: =Y52+Y53 -> 16423264 | Z54: =Z52+Z53 -> 14366419 | ... AD54: =AD52+AD53 -> 23158599 | AE54: =SUM(S54:AD54) -> 1.802075e+08
H55: SUPERÁVIT/DÉFICIT | I55: +/- | J55: =D53-H53 -> 5907205.2 | K55: SOBRE A DESPESA LIQUIDADA.
P56: 3. | Q56: DESPESA CORRENTE | S56: =SUM(S57:S59) -> 10042746 | T56: =SUM(T57:T59) -> 11870250 | U56: =SUM(U57:U59) -> 12841335 | V56: =SUM(V57:V59) -> 13001149 | W56: =SUM(W57:W59) -> 13810268 | X56: =SUM(X57:X59) -> 16938780 | Y56: =SUM(Y57:Y59) -> 13982093 | Z56: =SUM(Z57:Z59) -> 13556055 | ... AE56: =SUM(AE57:AE59) -> 1.3426885e+08 | AF56: =AE56/$AE$64 -> 0.97295618
I57: Restos a Pagar Processados de Exercícios Anteriores Pagos: | J57: =Exec_Orç!K19-J58 -> 6839095.4 | K57: a Pagar: | L57: =Exec_Orç!L19 -> 18512818 | P57: 3.1. | Q57: Vencimento e Encargos | S57: =8005499.8 -> 8005499.8 | T57: =9733196.11 -> 9733196.1 | U57: 9780954.5 | V57: =10060591.48 -> 10060591 | W57: =9988176.85 -> 9988176.8 | X57: =13508004.78 -> 13508005 | Y57: 10438961 | Z57: =10505678.54 -> 10505679 | AA57: =10529006.73 -> 10529007 | AB57: =10704995.94 -> 10704996 | AE57: =SUM(S57:AD57) -> 1.0325507e+08 | AF57: =AE57/$AE$64 -> 0.74822012
I58: Restos a Pagar Não Processados de Exercícios Anteriores Pagos: | J58: =-Exec_Orç!H26 -> 1059816.3 | K58: Cancelados: | L58: =Exec_Orç!J19 -> 25754.86 | P58: 3.2. | Q58: Juros e Encargo Dív. | U58: 10160.72 | AE58: =SUM(S58:AD58) -> 10160.72 | AF58: =AE58/$AE$64 -> 7.3627914e-05
I59: Totais: | J59: =SUM(J57:J58) -> 7898911.8 | P59: 3.3. | Q59: Outras Desp. Corrente | S59: =2037246.54 -> 2037246.5 | T59: =2137054.21 -> 2137054.2 | U59: 3050219.3 | V59: =2940557.86 -> 2940557.9 | W59: =3822090.71 -> 3822090.7 | X59: =3430775.31 -> 3430775.3 | Y59: =3543131.49 -> 3543131.5 | Z59: =3050376.04 -> 3050376 | AA59: =3207578.21 -> 3207578.2 | AB59: =3784593.56 -> 3784593.6 | AE59: =SUM(S59:AD59) -> 31003623 | AF59: =AE59/$AE$64 -> 0.22466244
P60: 4. | Q60: DESPESA DE CAPITAL | S60: =SUM(S61:S63) -> 0 | T60: =SUM(T61:T63) -> 61775.15 | U60: =SUM(U61:U63) -> 154378.71 | V60: =SUM(V61:V63) -> 60587.65 | W60: =SUM(W61:W63) -> 268555.08 | X60: =SUM(X61:X63) -> 325146.58 | Y60: =SUM(Y61:Y63) -> 188581.72 | Z60: =SUM(Z61:Z63) -> 300520.32 | ... AE60: =SUM(AE61:AE63) -> 3732072 | AF60: =AE60/$AE$64 -> 0.027043819
P61: 4.4. | Q61: Investimentos | AE61: =SUM(S61:AD61) -> 0 | AF61: =AE61/$AE$64 -> 0
P62: 4.5. | Q62: Inversões Financeiras | T62: =61775.15 -> 61775.15 | U62: 154378.71 | V62: =60587.65 -> 60587.65 | W62: =268555.08 -> 268555.08 | X62: =325146.58 -> 325146.58 | Y62: =188581.72 -> 188581.72 | Z62: =300520.32 -> 300520.32 | AA62: =564221.23 -> 564221.23 | AB62: =1808305.51 -> 1808305.5 | AE62: =SUM(S62:AD62) -> 3732072 | AF62: =AE62/$AE$64 -> 0.027043819
B63: Giovani Amestoy da Silva | E63: Ihoko Nakashima Mota | I63: Arlei Lopes Souza | P63: 4.6. | Q63: Amortização da Dívida | AE63: =SUM(S63:AD63) -> 0 | AF63: =AE63/$AE$64 -> 0
B64: Prefeito Municipal | E64: Secret. de Município da Fazenda | I64: Contador - CRC/RS: 068452/O-6 | P64: Total da Despesa Liquidada: | S64: =S56+S60 -> 10042746 | T64: =T56+T60 -> 11932025 | U64: =U56+U60 -> 12995713 | V64: =V56+V60 -> 13061737 | W64: =W56+W60 -> 14078823 | X64: =X56+X60 -> 17263927 | Y64: =Y56+Y60 -> 14170674 | Z64: =Z56+Z60 -> 13856575 | ... AF64: =AF56+AF60 -> 1
S65: =H41-S64 -> 0 | T65: =H42-T64 -> 0 | U65: =H43-U64 -> 0 | V65: =H44-V64 -> 0 | W65: =H45-W64 -> 0 | X65: =H46-X64 -> 0 | Y65: =H47-Y64 -> 0 | Z65: =H48-Z64 -> 0 | AA65: =H49-AA64 -> 0 | AB65: =H50-AB64 -> 0 | AC65: =H51-AC64 -> 0 | AD65: =H52-AD64 -> 0 | AE65: =AE64-H53 -> 0
R66: Giovani Amestoy da Silva | U66: Ihoko Nakashima Mota | Y66: Arlei Lopes Souza | AD66: Nota: + Despesa não Liquidada: | AE66: =146517691.12-AE64 -> 8516769.2
R67: Prefeito Municipal | U67: Secret. de Município da Fazenda | Y67: Contador - CRC/RS: 068452/O-6 | AD67: Total da DespesaEmpenhada: | AE67: =AE66+AE64 -> 1.4651769e+08
X69: Análise da relação da Despesa Corrente Liquidada em relação a Receita Orçamentária sem os valores das Receitas Intraorçamentária e de Capital
C70: EVOLUÇÃO DOS SALDOS DOS RESTOS A PAGAR PROCESSADOS E NÃO PROCESSADOS DO PERÍODO: | R70: Consolidadas | S70: Janeiro | T70: Fevereiro | U70: Março | V70: Abril | W70: Maio | X70: Junho | Y70: Julho | Z70: Agosto | AA70: Setembro | AB70: Outubro | AC70: Novembro | AD70: Dezembro | AE70: TOTAIS:
A71: Ano: 2021 | B71: Janeiro | C71: Ano | D71: Fevereiro | E71: Março | F71: Abril | G71: Maio | H71: Junho | J71: Julho | K71: Agosto | L71: Setembro | M71: Outubro | N71: Novembro | O71: Dezembro | R71: Despesas Corr. Líquidada | S71: =S56 -> 10042746 | T71: =T56 -> 11870250 | U71: =U56 -> 12841335 | V71: =V56 -> 13001149 | W71: =W56 -> 13810268 | X71: =X56 -> 16938780 | Y71: =Y56 -> 13982093 | Z71: =Z56 -> 13556055 | ... AD71: =AD56 -> 0 | AE71: =SUM(S71:AD71) -> 1.3426885e+08
A72: =O101 -> 4383.53 | B72: 4383.53 | C72: 2004 | D72: 4383.53 | E72: 4383.53 | F72: 4383.53 | G72: 4383.53 | H72: 4383.53 | J72: 4383.53 | K72: 4383.53 | L72: 4383.53 | M72: 4383.53 | R72: Rec. Corrente - Deduções | S72: =RCL!E5 -> 10920545 | T72: =RCL!D5 -> 11519412 | U72: =RCL!D5 -> 11519412 | V72: =RCL!H5 -> 11668766 | W72: =RCL!G5 -> 11950113 | X72: =RCL!F5 -> 10723447 | Y72: =RCL!E5 -> 10920545 | Z72: =RCL!D5 -> 11519412 | AA72: =RCL!E5 -> 10920545 | AB72: =RCL!D5 -> 11519412 | AC72: =RCL!E38 -> 9547770.8 | AD72: =RCL!D38 -> 9847039 | AE72: =SUM(S72:AD72) -> 1.3257642e+08
A73: =O102 -> 57.84 | B73: 57.84 | C73: 2005 | D73: 57.84 | E73: 57.84 | F73: 57.84 | G73: 57.84 | H73: 57.84 | J73: 57.84 | K73: 57.84 | L73: 57.84 | M73: 57.84 | R73: % da DC s/ RC: | S73: =S71/S72 -> 0.91961954 | T73: =T71/T72 -> 1.0304563 | U73: =U71/U72 -> 1.1147561 | V73: =V71/V72 -> 1.1141838 | W73: =W71/W72 -> 1.15566 | X73: =X71/X72 -> 1.5796022 | Y73: =Y71/Y72 -> 1.2803475 | Z73: =Z71/Z72 -> 1.1768009 | ... AE73: =AE71/AE72 -> 1.0127657
A74: =O103 -> 1022.7 | B74: 1022.7 | C74: 2006 | D74: 1022.7 | E74: 1022.7 | F74: 376.17 | G74: 1022.7 | H74: 1022.7 | J74: 1022.7 | K74: 1022.7 | L74: 1022.7 | M74: 376.17
A75: =O104 -> 776.55 | B75: 776.55 | C75: 2007 | D75: 776.55 | E75: 776.55 | F75: 776.55 | G75: 776.55 | H75: 776.55 | J75: 776.55 | K75: 776.55 | L75: 776.55 | M75: 776.55 | T75: SECRETARIA MUNICIPAL DA SAÚDE E MEIO AMBIENTE - SMSMA
A76: =O105 -> 2046.08 | B76: 2046.08 | C76: 2008 | D76: 2046.08 | E76: 2046.08 | F76: 1737.19 | G76: 2046.08 | H76: 2046.08 | J76: 2046.08 | K76: 2046.08 | L76: 2046.08 | M76: 1737.19
A77: =O106 -> 2230.9 | B77: 2230.9 | C77: 2009 | D77: 2230.9 | E77: 2230.9 | F77: 1779.08 | G77: 2230.9 | H77: 2230.9 | J77: 2230.9 | K77: 2230.9 | L77: 2230.9 | M77: 1779.08 | T77: COMPARATIVO DA DESPESA PREVISTA CONSOLIDADA COM A DESPESA PREVISTA PARA A SAÚDE
A78: =O107 -> 7980.88 | B78: 7980.88 | C78: 2010 | D78: 7980.88 | E78: 7980.88 | F78: 6480.66 | G78: 7980.88 | H78: 7980.88 | J78: 7980.88 | K78: 7980.88 | L78: 7980.88 | M78: 6480.66 | Q78: Seq. | R78: PREVISTO: | S78: =S3 -> JANEIRO | T78: =T3 -> FEVEREIRO | U78: =U3 -> MARÇO | V78: =V3 -> ABRIL | W78: =W3 -> MAIO | X78: =X3 -> JUNHO | Y78: =Y3 -> JULHO | Z78: =Z3 -> AGOSTO | ... AE78: =AE3 -> TOTAL
A79: =O108 -> 172953.87 | B79: 172953.87 | C79: 2011 | D79: 172953.87 | E79: 172953.87 | F79: 169801.14 | G79: 172953.87 | H79: 172953.87 | J79: 172953.87 | K79: 172953.87 | L79: 172953.87 | M79: 169801.14 | Q79: I | R79: TOTAL | S79: =S20 -> 11743330 | T79: =T20 -> 11989843 | U79: =U20 -> 14304599 | V79: =V20 -> 15064770 | W79: =W20 -> 15172890 | X79: =X20 -> 14277680 | Y79: =Y20 -> 16423264 | Z79: =Z20 -> 14366419 | ... AE79: =AE20 -> 1.802075e+08
A80: =O109 -> 1853617.8 | B80: 1840064.1 | C80: 2012 | D80: 1826510.5 | E80: 1812793 | F80: 1798786.6 | G80: 1782459 | H80: 1768905.3 | J80: 1755351.7 | K80: 1741666.8 | L80: 1727981.9 | M80: 1681494
A81: =O110 -> 10667.58 | B81: 10667.58 | C81: 2013 | D81: 10667.58 | E81: 10667.58 | F81: 9489.87 | G81: 10667.58 | H81: 10667.58 | J81: 10667.58 | K81: 10667.58 | L81: 10667.58 | M81: 9489.87 | Q81: =Q13 -> 10 | R81: =R13 -> SMS | S81: =S13 -> 1909501.7 | T81: =T13 -> 1950980.7 | U81: =U13 -> 2340468.2 | V81: =V13 -> 2468376.7 | W81: =W13 -> 2486569.3 | X81: =X13 -> 2335938.7 | ... AE81: =AE13 -> 29524656
A82: =O111 -> 262666.27 | B82: 239850.34 | C82: 2014 | D82: 217034.41 | E82: 194218.48 | F82: 191899.2 | G82: 148586.62 | H82: 125770.69 | J82: 102954.76 | K82: 79925.05 | L82: 56895.34 | M82: 50378.79 | R82: % s/ Consolidado | S82: =(S81/S79)*100 -> 16.260308 | T82: =(T81/T79)*100 -> 16.271945 | U82: =(U81/U79)*100 -> 16.361649 | V82: =(V81/V79)*100 -> 16.385094 | W82: =(W81/W79)*100 -> 16.388238 | X82: =(X81/X79)*100 -> 16.360772 | Y82: =(Y81/Y79)*100 -> 16.421589 | Z82: =(Z81/Z79)*100 -> 16.363648 | ... AE82: =(AE81/AE79)*100 -> 16.3837
A83: =O112 -> 2976030.7 | B83: 2963376.6 | C83: 2015 | D83: 2950722.5 | E83: 2938068.5 | F83: 2938068.5 | G83: 2912760.3 | H83: 2900106.2 | J83: 2887452.1 | K83: 2874662 | L83: 2861872 | M83: 2849217.9
A84: =O113 -> 3090443.4 | B84: 3076165.7 | C84: 2016 | D84: 3061888.1 | E84: 3047610.4 | F84: 3046096.7 | G84: 3019055.1 | H84: 3004777.4 | J84: 2990499.8 | K84: 2976151.9 | L84: 2961804.1 | M84: 2946012.8 | R84: Bal. Orçamentário | S84: Créditos Orçam. | T84: Disponib. Dotaç. | U84: Empenhado | V84: Liquidado | W84: A Liquidar | X84: Pago | Y84: A Pagar | Z84: Pgtos a EFetuar | AA84: Balcte Orçam.:
A85: =O114 -> 1983979.7 | B85: 1946694.2 | C85: 2017 | D85: 1909408.7 | E85: 1872123.2 | F85: 1872123.2 | G85: 1797552.2 | H85: 1760285.4 | J85: 1723018.6 | K85: 1685664 | L85: 1648309.5 | M85: 1611141.9 | R85: Valores: | S85: =Cruz!I27 -> 1.9131178e+08 | T85: =S85-U85 -> 44794085 | U85: =AE67 -> 1.4651769e+08 | V85: =AE64 -> 1.3800092e+08 | W85: =U85-V85 -> 8516769.2 | X85: =128168366.9 -> 1.2816837e+08 | Y85: =V85-X85 -> 9832555 | Z85: =W85+Y85 -> 18349324 | AA85: =Z85-W85 -> 9832555
A86: =O115 -> 1947123.9 | B86: 1947123.9 | C86: 2018 | D86: 1947123.9 | E86: 1947123.9 | F86: 1945507.2 | G86: 1942352.9 | H86: 1942352.9 | J86: 1942352.9 | K86: 1942352.9 | L86: 1942352.9 | M86: 1940736.2 | T86: COMPARATIVO DA DESPESA REALIZADA CONSOLIDADA COM A DESPESA REALIZADA NA SAÚDE
A87: =O116 -> 1589682.4 | B87: 1589682.4 | C87: 2019 | D87: 1589682.4 | E87: 1589682.4 | F87: 1586108.1 | G87: 1587718.8 | H87: 1581519.2 | J87: 1581519.2 | K87: 1581519.2 | L87: 1581519.2 | M87: 1577945 | Q87: Seq. | R87: REALIZADO | S87: =S40 -> 10042746 | T87: =T40 -> 11932025 | U87: =U40 -> 12995713 | V87: =V40 -> 13061737 | W87: =W40 -> 14078823 | X87: =X40 -> 17263927 | Y87: =Y40 -> 14170674 | Z87: =Z40 -> 13856575 | ... AE87: =AE40 -> 1.3800092e+08
A88: =O117 -> 5680688.6 | B88: 5574403.2 | C88: 2020 | D88: 5452349.8 | E88: 5428351.2 | F88: 5425688.5 | G88: 5160820.3 | H88: 5071879.8 | J88: 4974185.6 | K88: 4878471.8 | L88: 4765345.7 | M88: 4667433
A89: 1358407.7 | B89: 1358407.7 | C89: 2021 | D89: 1101746.4 | E89: 1192060.1 | F89: 1191267.2 | G89: 774491.43 | H89: 721135.3 | J89: 545689.11 | K89: 531930.01 | L89: 462235.07 | M89: 458930.18 | Q89: =Q33 -> 10 | R89: =R33 -> SMSMA | S89: =S33 -> 2160274.4 | T89: =T33 -> 2485721.3 | U89: =U33 -> 2241731.1 | V89: =V33 -> 2969516.9 | W89: =W33 -> 2755897.4 | X89: =X33 -> 3209993.3 | ... AE89: =AE33 -> 26927231
A90: =SUM(A72:A89) -> 20944760 | B90: =SUM(B72:B89) -> 20737888 | C90: =20737888.04-B90 -> 0 | D90: =SUM(D72:D89) -> 20258587 | E90: =SUM(E72:E89) -> 20224151 | F90: =SUM(F72:F89) -> 20190427 | G90: =SUM(G72:G89) -> 19327916 | H90: =SUM(H72:H89) -> 19078852 | J90: =SUM(J72:J89) -> 18705144 | K90: =SUM(K72:K89) -> 18494464 | L90: =SUM(L72:L89) -> 18210436 | M90: =SUM(M72:M89) -> 17978172 | O90: =SUM(O72:O89) -> 0 | Q90: II | R90: % s/ Consolidado | S90: =(S89/S87)*100 -> 21.510793 | T90: =(T89/T87)*100 -> 20.83235 | U90: =(U89/U87)*100 -> 17.249773 | V90: =(V89/V87)*100 -> 22.734472 | W90: =(W89/W87)*100 -> 19.574772 | X90: =(X89/X87)*100 -> 18.593646 | Y90: =(Y89/Y87)*100 -> 21.554559 | Z90: =(Z89/Z87)*100 -> 20.514538 | ... AE90: =(AE89/AE87)*100 -> 19.512356
A91: Pagos: | B91: =A90-B90 -> 206872.2 | D91: =B90-D90 -> 479301.4 | E91: =D90-E90 -> 34435.74 | F91: =E90-F90 -> 33723.79 | G91: =F90-G90 -> 862510.72 | H91: =G90-H90 -> 249064.2 | J91: =H90-J90 -> 373708.53 | K91: =J90-K90 -> 210679.97 | L91: =K90-L90 -> 284028.05 | M91: =L90-M90 -> 232263.98 | O91: =N90-O90 -> 0
A92: Não Process.: | B92: =B90-20622652.63 -> 115235.41 | D92: =D90-20190158.89 -> 68427.75 | G92: =19327916.39-G90 -> 0 | H92: =19078852.19-H90 -> 0 | J92: =18705143.66-J90 -> 0 | K92: =18494463.69-K90 -> 0
R94: % s/ o Total | S94: =S43 -> Janeiro | T94: =T43 -> Fevereiro | U94: =U43 -> Março | V94: =V43 -> Abril | W94: =W43 -> Maio | X94: =X43 -> Junho | Y94: =Y43 -> Julho | Z94: =Z43 -> Agosto | ... AE94: =AE43 -> TOTAL
R95: % ao mês | S95: =S89/$AE$89 -> 0.080226383 | T95: =T89/$AE$89 -> 0.092312545 | U95: =U89/$AE$89 -> 0.083251451 | V95: =V89/$AE$89 -> 0.11027933 | W95: =W89/$AE$89 -> 0.10234611 | X95: =X89/$AE$89 -> 0.11920993 | Y95: =Y89/$AE$89 -> 0.11343262 | Z95: =Z89/$AE$89 -> 0.10556645 | ... AD95: =AD89/$AE$89 -> 0 | AE95: =AE89/$AE$20 -> 0.14942347
S98: DESPESA REALIZADO POR BIMESTRE NA SAÚDE EM 2.021
C99: EVOLUÇÃO DOS SALDOS DOS RESTOS A PAGAR DO PERÍODO: | Q99: Total por Bimestre | S99: 1º Bimestre | T99: =S89+T89 -> 4645995.7 | U99: 2º Bimestre | V99: =U89+V89 -> 5211248 | W99: 3º Bimestre | X99: =W89+X89 -> 5965890.7 | Y99: 4º Bimestre | Z99: =Y89+Z89 -> 5897038.7 | AA99: 5º Bimestre | AB99: =AA89+AB89 -> 5207058.3 | AC99: 6º Bimestre | AD99: =AC89+AD89 -> 0 | AE99: =SUM(S99:AD99) -> 26927231
A100: Ano: 2020 | B100: Janeiro | C100: Ano | D100: Fevereiro | E100: Março | F100: Abril | G100: Maio | H100: Junho | J100: Julho | K100: Agosto | L100: Setembro | M100: Outubro | N100: Novembro | O100: Dezembro
A101: 4383.53 | B101: 4383.53 | C101: 2004 | D101: 4383.53 | E101: 4383.53 | F101: 4383.53 | G101: 4383.53 | H101: 4383.53 | J101: 4383.53 | K101: 57.84 | L101: 4383.53 | M101: 4383.53 | N101: 4383.53 | O101: 4383.53 | T101: COMPARATIVO DA DESPESA PREVISTA COM A REALIZADA MÊS NO EXERCÍCIO DE 2.022
A102: 57.84 | B102: 57.84 | C102: 2005 | D102: 57.84 | E102: 57.84 | F102: 57.84 | G102: 57.84 | H102: 57.84 | J102: 57.84 | K102: 1022.7 | L102: 57.84 | M102: 57.84 | N102: 57.84 | O102: 57.84 | R102: DIFERENÇA: | S102: =S81-S89 -> -250772.73 | T102: =T81-T89 -> -534740.56 | U102: =U81-U89 -> 98737.134 | V102: =V81-V89 -> -501140.22 | W102: =W81-W89 -> -269328.09 | X102: =X81-X89 -> -874054.6 | Y102: =Y81-Y89 -> -357465.4 | Z102: =Z81-Z89 -> -491742.2 | ... AE102: =AE81-AE89 -> 2597424.7
A103: 1022.7 | B103: 1022.7 | C103: 2006 | D103: 1022.7 | E103: 1022.7 | F103: 1022.7 | G103: 1022.7 | H103: 1022.7 | J103: 1022.7 | K103: 776.55 | L103: 1022.7 | M103: 376.17 | N103: 376.17 | O103: 1022.7
A104: 776.55 | B104: 776.55 | C104: 2007 | D104: 776.55 | E104: 776.55 | F104: 776.55 | G104: 776.55 | H104: 776.55 | J104: 776.55 | K104: 2046.08 | L104: 776.55 | M104: 776.55 | N104: 776.55 | O104: 776.55
...

Sheet Cruz
D1: PREFEITURA MUNICIPAL DE CAÇAPAVA DO SUL/RS.
B2: CNPJ: | C2: 88142302/0001-45 | E2: Endereço: RUA XV DE NOVEMBRO, Nº 438 / CENTRO / CAÇAPAVA DO SUL / RS / CEP: 96.570-000
D4: CONTROLE DO DÉFICIT ORÇAMENTÁRIO
D6: INSTRUMENTO DE CONTROLE: TERMÔMETRO DE CRUZ
F7: PREVISTA | I7: ATUALIZADA
A8: EXERCICIO DE 2022 | D8: DESPESAS CONSOLIDADAS | F8: Cota Mensal | G8: Valor Líquidado | H8: Receita | I8: Orçado para | J8: Déficit ou | K8: Estouro ou | L8: % s/
A9: Órgãos de Governo | E9: Período:Janeiro a Outubro | F9: Acumulada | G9: Até o mês | H9: até o Mês | I9: o Exercício | J9: Superávit | K9: Economia | L9: Total de C
A10: Nº | B10: [A] | F10: [B] | G10: [C] | H10: [D] | I10: [E] | J10: [F] B - C | K10: [G] F / B | L10: [H]
A11: 1 | B11: Câmara Municipal | F11: =SUM(SUM(Cronogra!S4:AB4)) -> 3950072.9 | G11: =Cronogra!AE24 -> 3268236.7 | I11: 4400713.1 | J11: =F11-G11 -> 681836.24 | K11: =(J11/F11)*100 -> 17.261358 | L11: =(G11/$G$27)*100 -> 2.3682716
A12: 2 | B12: Gabinete do Prefeito | F12: =SUM(SUM(Cronogra!S5:AB5)) -> 2031417.2 | G12: =Cronogra!AE25 -> 2264138.4 | I12: 2793240.6 | J12: =F12-G12 -> -232721.22 | K12: =(J12/F12)*100 -> -11.456102 | L12: =(G12/$G$27)*100 -> 1.640669
A13: 3 | B13: Secretaria Geral do Município | F13: =SUM(SUM(Cronogra!S6:AB6)) -> 1020653 | G13: =Cronogra!AE26 -> 1405406.4 | I13: 2630756.4 | J13: =F13-G13 -> -384753.32 | K13: =(J13/F13)*100 -> -37.696779 | L13: =(G13/$G$27)*100 -> 1.0184036
A14: 4 | B14: Secretaria da Planejamento e Meio Ambiente | F14: =SUM(SUM(Cronogra!S7:AB7)) -> 1789807.2 | G14: =Cronogra!AE27 -> 1848479.5 | I14: 2553924.1 | J14: =F14-G14 -> -58672.379 | K14: =(J14/F14)*100 -> -3.2781397 | L14: =(G14/$G$27)*100 -> 1.339469
A15: 5 | B15: Secretaria de Municipio da Administração | F15: =SUM(SUM(Cronogra!S8:AB8)) -> 8363611.4 | G15: =Cronogra!AE28 -> 9534334.9 | I15: 10635242 | J15: =F15-G15 -> -1170723.5 | K15: =(J15/F15)*100 -> -13.997823 | L15: =(G15/$G$27)*100 -> 6.9088922
A16: 6 | B16: Secretaria da Fazenda | F16: =SUM(SUM(Cronogra!S9:AB9)) -> 2861190.7 | G16: =Cronogra!AE29 -> 3109678.2 | H16: =105912200.98 -> 1.059122e+08 | I16: 3832759 | J16: =F16-G16 -> -248487.51 | K16: =(J16/F16)*100 -> -8.6847588 | L16: =(G16/$G$27)*100 -> 2.2533749
A17: 7 | B17: Secretaria de Municipio da Cultura e do Turismo | F17: =SUM(SUM(Cronogra!S10:AB10)) -> 1110227.4 | G17: =Cronogra!AE30 -> 835172.18 | I17: 1690162.3 | J17: =F17-G17 -> 275055.2 | K17: =(J17/F17)*100 -> 24.774673 | L17: =(G17/$G$27)*100 -> 0.60519319
A18: 8 | B18: Secretaria de Transporte, Serviços Urbanos e Interior | F18: =SUM(SUM(Cronogra!S11:AB11)) -> 17068378 | G18: =Cronogra!AE31 -> 11599025 | I18: 22316306 | J18: =F18-G18 -> 5469352.8 | K18: =(J18/F18)*100 -> 32.043776 | L18: =(G18/$G$27)*100 -> 8.4050346
A19: 9 | B19: Secretaria da Educação | F19: =SUM(SUM(Cronogra!S12:AB12)) -> 36581538 | G19: =Cronogra!AE32 -> 41844974 | I19: 50741511 | J19: =F19-G19 -> -5263435.6 | K19: =(J19/F19)*100 -> -14.388229 | L19: =(G19/$G$27)*100 -> 30.322242
A20: 10 | B20: Secretaria de Municipio da Saúde | F20: =SUM(SUM(Cronogra!S13:AB13)) -> 23309710 | G20: =Cronogra!AE33 -> 26927231 | I20: 32862066 | J20: =F20-G20 -> -3617521.6 | K20: =(J20/F20)*100 -> -15.519376 | L20: =(G20/$G$27)*100 -> 19.512356
A21: 11 | B21: Secretaria de Município da Ação Social | F21: =SUM(SUM(Cronogra!S14:AB14)) -> 3799478 | G21: =Cronogra!AE34 -> 3559810.9 | I21: 4917169.9 | J21: =F21-G21 -> 239667.12 | K21: =(J21/F21)*100 -> 6.3078961 | L21: =(G21/$G$27)*100 -> 2.5795559
A22: 12 | B22: Secretaria de Munic. da Agropecuária Industria e Comércio | F22: =SUM(SUM(Cronogra!S15:AB15)) -> 1800717.4 | G22: =Cronogra!AE35 -> 1810650.1 | I22: 2809358.2 | J22: =F22-G22 -> -9932.7308 | K22: =(J22/F22)*100 -> -0.55159854 | L22: =(G22/$G$27)*100 -> 1.3120565
A23: 13 | B23: Encargos Gerais do Município | F23: =SUM(SUM(Cronogra!S16:AB16)) -> 2559605.6 | G23: =Cronogra!AE36 -> 2740657.9 | I23: 3220103.5 | J23: =F23-G23 -> -181052.32 | K23: =(J23/F23)*100 -> -7.0734459 | L23: =(G23/$G$27)*100 -> 1.9859707
A24: 14 | B24: Reserva de Contigências | F24: =SUM(SUM(Cronogra!S17:AB17)) -> 559.63693 | G24: =Cronogra!AE37 -> 0 | I24: 708.85 | J24: =F24-G24 -> 559.63693 | K24: =(J24/F24)*100 -> 100 | L24: =(G24/$G$27)*100 -> 0
A25: 15 | B25: Regime Próprio de Previdência | F25: =SUM(SUM(Cronogra!S18:AB18)) -> 32805322 | G25: =Cronogra!AE38 -> 24499567 | H25: =33413163.79 -> 33413164 | I25: 41552033 | J25: =F25-G25 -> 8305755.2 | K25: =(J25/F25)*100 -> 25.318317 | L25: =(G25/$G$27)*100 -> 17.75319
A26: 16 | B26: Fundo de assistência a Saúde do Servidor Municipal | F26: =SUM(SUM(Cronogra!S19:AB19)) -> 3429274 | G26: =Cronogra!AE39 -> 2753559.5 | H26: =4582762.33 -> 4582762.3 | I26: 4355722.7 | J26: =F26-G26 -> 675714.56 | K26: =(J26/F26)*100 -> 19.704303 | L26: =(G26/$G$27)*100 -> 1.9953196
A27: Total | F27: =SUM(F11:F26) -> 1.4248156e+08 | G27: =SUM(G11:G26) -> 1.3800092e+08 | H27: =SUM(H11:H26) -> 1.4390813e+08 | I27: =SUM(I11:I26) -> 1.9131178e+08 | J27: =SUM(J11:J26) -> 4480640.6 | L27: =SUM(L11:L26) -> 100
B28: FONTES: | C28: Demonstrativos da Despesas Fixada e Liquidada por Órgão e Receita Efetivamente Realizada. | I28: =191311776.61-I27 -> 0
G29: =G27-Cronogra!AE40 -> 0 | H29: =H27-Cronogra!D53 -> 0
B30: NOTAS: 1 - | C30: Na coluna: "% s/ Total de C " consta o percentual que cada Órgão representa em relação ao total da Despesa Liquidada, conforme se verifica nos Órgãos de nº 9 que lida
B31: com a Educação representa 30,24% e de Nº 10 que lida com a Saúde 20,22%, respectivamente da Despesa Total Líquidada.
B32: 2 - | C32: O valor constante na coluna: "Cota Mensal Acumulada" foi apurado em conformidade com o Decreto de Desembolso Financeiro e Orçamentário, publicado em janeiro
B33: do corrente ano, que regula os quantitativos referentes ao Cronograma das saídas de acordo com as entradas(Pagamentos igual ou menor que os Recebimentos).
B34: 3 - | C34: =IF(H34>0,"Superávit Orçamentário Consolidado apurado do período","Déficit Orçamentário Consolidado apurado do período") -> Superávit Orçamentário Consolidado apurado do período | H34: =H27-G27 -> 5907205.2 | I34: SOBRE A DESPESA LIQUIDADA CONSOLIDADA.
B35: 4 - | C35: =IF(H35>0,"Superávit Orçamentário da Pref. Municipal apurado do período","Déficit Orçamentário da Pref. Municipal apurado do período") -> Déficit Orçamentário da Pref. Municipal apurado do período | H35: =H16-SUM(G11:G24) -> -4835594.9
B36: 5 - | C36: Restos a Pagar de exercícios anteriores pagos no período de Janeiro a Outubro de 2022, totalizou: | J36: =Exec_Orç!K19 -> 7898911.8
C39: Giovani Amestoy da Silva | F39: Ihoko Nakashima Mota | J39: Arlei Lopes Souza
C40: Prefeito Municipal | F40: Secret. de Município da Fazenda | J40: Contador - CRC/RS: 068452/O-6
B74: OBSERVAÇÕES:
B75: 1ª - Os Órgãos que apresentam Déficit Orçamentário estão abaixo do ponto zero na representação gráfica com a coluna invertida para baixo.
B76: 2ª - Os Órgãos que apresentam Superávit Orçamentário e, consequentemente,estão situados acima do ponto zero na representação gráfica, coluna para cima.
B77: 3ª - O déficit é provocado pelo despêndio maior que o previsto para o periodo no Orçamento e Regumentado no Decreto Executivo nº 4865, de 03 Fevereiro de 2022.
B78: 4ª - Percent da Despesa Corrente s/ a Receita Corrente, exceto a Despesa e a Receita Intras - § 6º do art. 167-A da CF: | I78: =((Cronogra!AE56-Exec_Orç!W19)/SUM(RCL!D5:I5))*100 -> 116.54434
C82: Giovani Amestoy da Silva | F82: Ihoko Nakashima Mota | J82: Arlei Lopes Souza
C83: Prefeito Municipal | F83: Secret. de Município da Fazenda | J83: Contador - CRC/RS: 068452/O-6

Sheet Exec_Orç
B1: POSIÇÃO DAS OBRIGAÇÕES REALIZADAS ATÉ AGOSTO DE 2022. | P1: =B1 -> POSIÇÃO DAS OBRIGAÇÕES REALIZADAS ATÉ AGOSTO DE 2022.
H2: Empenhos de restos a Pagar | P2: DESPESAS ORÇAMENTÁRIAS, EXCETO AS DESPESAS INTRAORÇAMENTÁRIAS | V2: Despesas Intraorçamentárias
A3: Seq. | B3: ÓRGÃOS | C3: 1. Dotações: | D3: 2. Empenhado: | E3: 3. Liquidado | F3: 4. Pago: | G3: 5. A Pagar = 3 - 4 | H3: 6.Empenhado¹ | I3: 7. Liquidado | J3: 8. Cancelado4 | K3: 9. Pago³ | L3: 10. A Pagar²= 7 - 9 | O3: 1. Dotações: | P3: Dot. Atualizada | Q3: 2. Empenhado: | R3: 3. Liquidado | S3: 4. Pago: | T3: 5. A Pagar = 3 - 4 | U3: A liquidar: | V3: 2. Empenhado: | W3: 3. Liquidado | X3: 4. Pago: | Y3: 5. A Pagar = 3 - 4
A4: 1 | B4: Câmara | C4: =Cruz!I11 -> 4400713.1 | D4: 3337638.3 | E4: =Cruz!G11 -> 3268236.7 | F4: 3214462 | G4: =E4-F4 -> 53774.66 | H4: =2422.58 -> 2422.58 | I4: 2422.58 | K4: 2422.58 | L4: =I4-K4 -> 0 | M4: =I4-(K4+L4) -> 0 | O4: 4038528.5 | P4: 4028528.5 | Q4: 2608294.1 | R4: 2470952 | S4: 2438083.2 | T4: =R4-S4 -> 32868.8 | U4: =Q4-R4 -> 137342.07 | V4: =D4-Q4 -> 729344.26 | W4: =E4-R4 -> 797284.69 | X4: =F4-S4 -> 776378.83 | Y4: =W4-X4 -> 20905.86
A5: 2 | B5: Gabinete | C5: =Cruz!I12 -> 2793240.6 | D5: 2303326.8 | E5: =Cruz!G12 -> 2264138.4 | F5: 2151106.3 | G5: =E5-F5 -> 113032.09 | H5: =357675.77 -> 357675.77 | I5: =357675.77 -> 357675.77 | K5: 72846.47 | L5: =I5-K5 -> 284829.3 | M5: =I5-(K5+L5) -> 0 | N5: =284829.3-L5 -> 0 | O5: 2154661.4 | P5: 2368358.7 | Q5: 1576887.9 | R5: 1541874.5 | S5: 1510155.4 | T5: =R5-S5 -> 31719.16 | U5: =Q5-R5 -> 35013.4 | V5: =D5-Q5 -> 726438.88 | W5: =E5-R5 -> 722263.85 | X5: =F5-S5 -> 640950.92 | Y5: =W5-X5 -> 81312.93
A6: 3 | B6: SGM | C6: =Cruz!I13 -> 2630756.4 | D6: 1454068.6 | E6: =Cruz!G13 -> 1405406.4 | F6: 1150187.6 | G6: =E6-F6 -> 255218.72 | H6: =264666.67 -> 264666.67 | I6: =230219.8 -> 230219.8 | K6: 65981.62 | L6: =I6-K6 -> 164238.18 | M6: =I6-(K6+L6) -> 0 | N6: =164238.18-L6 -> 0 | O6: 1109144.6 | P6: 2360716.5 | Q6: 1056646.1 | R6: 1013575.6 | S6: 945971.25 | T6: =R6-S6 -> 67604.3 | U6: =Q6-R6 -> 43070.59 | V6: =D6-Q6 -> 397422.44 | W6: =E6-R6 -> 391830.81 | X6: =F6-S6 -> 204216.39 | Y6: =W6-X6 -> 187614.42
A7: 4 | B7: SMCP | C7: =Cruz!I14 -> 2553924.1 | D7: 1876945.4 | E7: =Cruz!G14 -> 1848479.5 | F7: 1725848 | G7: =E7-F7 -> 122631.58 | H7: =446850.73 -> 446850.73 | I7: =446850.73 -> 446850.73 | K7: =84472.29 -> 84472.29 | L7: =I7-K7 -> 362378.44 | M7: =I7-(K7+L7) -> 0 | N7: =362378.44-L7 -> 0 | O7: 1659144.4 | P7: 1809144.4 | Q7: 1128300.4 | R7: 1089398.1 | S7: 1071330.3 | T7: =R7-S7 -> 18067.8 | U7: =Q7-R7 -> 38902.31 | V7: =D7-Q7 -> 748644.94 | W7: =E7-R7 -> 759081.43 | X7: =F7-S7 -> 654517.65 | Y7: =W7-X7 -> 104563.78
A8: 5 | B8: SMA | C8: =Cruz!I15 -> 10635242 | D8: 9587518.1 | E8: =Cruz!G15 -> 9534334.9 | F8: 7913133.4 | G8: =E8-F8 -> 1621201.4 | H8: =5533668.74 -> 5533668.7 | I8: =5520168.74 -> 5520168.7 | K8: 733770.94 | L8: =I8-K8 -> 4786397.8 | M8: =I8-(K8+L8) -> 0 | N8: =4786397.8-L8 -> 0 | O8: 1734005.6 | P8: 1834495.6 | Q8: 1247562.3 | R8: 1173883.6 | S8: 1145584.7 | T8: =R8-S8 -> 28298.82 | U8: =Q8-R8 -> 73678.76 | V8: =D8-Q8 -> 8339955.7 | W8: =E8-R8 -> 8360451.3 | X8: =F8-S8 -> 6767548.7 | Y8: =W8-X8 -> 1592902.6
A9: 6 | B9: SMF | C9: =Cruz!I16 -> 3832759 | D9: 3221071.1 | E9: =Cruz!G16 -> 3109678.2 | F9: 2857795.9 | G9: =E9-F9 -> 251882.26 | H9: =1059173.79 -> 1059173.8 | I9: =1059173.79 -> 1059173.8 | K9: 254839.66 | L9: =I9-K9 -> 804334.13 | M9: =I9-(K9+L9) -> 0 | N9: =804334.13-L9 -> 0 | O9: 2632683.6 | P9: 2802282.6 | Q9: 2091839.3 | R9: 1993840.3 | S9: 1776916.4 | T9: =R9-S9 -> 216923.87 | U9: =Q9-R9 -> 97998.99 | V9: =D9-Q9 -> 1129231.9 | W9: =E9-R9 -> 1115837.9 | X9: =F9-S9 -> 1080879.5 | Y9: =W9-X9 -> 34958.39
A10: 7 | B10: SMTur | C10: =Cruz!I17 -> 1690162.3 | D10: 947274.28 | E10: =Cruz!G17 -> 835172.18 | F10: 793007.46 | G10: =E10-F10 -> 42164.72 | H10: =230723.23 -> 230723.23 | I10: 230723.23 | K10: =86299.44 -> 86299.44 | L10: =I10-K10 -> 144423.79 | M10: =I10-(K10+L10) -> 0 | N10: =144423.79-L10 -> 0 | O10: 1306791.8 | P10: 1537938.3 | Q10: 650788.65 | R10: 571190.21 | S10: 551894.48 | T10: =R10-S10 -> 19295.73 | U10: =Q10-R10 -> 79598.44 | V10: =D10-Q10 -> 296485.63 | W10: =E10-R10 -> 263981.97 | X10: =F10-S10 -> 241112.98 | Y10: =W10-X10 -> 22868.99
A11: 8 | B11: SMTSUI | C11: =Cruz!I18 -> 22316306 | D11: 16534154 | E11: =Cruz!G18 -> 11599025 | F11: 9294084.5 | G11: =E11-F11 -> 2304940.7 | H11: =4821602.64 -> 4821602.6 | I11: 3657664.9 | J11: =163.93 -> 163.93 | K11: 1384267.5 | L11: =I11-K11 -> 2273397.3 | M11: =I11-(K11+L11) -> 0 | N11: =2273397.34-L11 -> 0 | O11: 19652575 | P11: 19504922 | Q11: 13240900 | R11: 6607777.3 | S11: 6321781.5 | T11: =R11-S11 -> 285995.77 | U11: =Q11-R11 -> 6633122.6 | V11: =D11-Q11 -> 3293254.6 | W11: =E11-R11 -> 4991248 | X11: =F11-S11 -> 2972303 | Y11: =W11-X11 -> 2018944.9
A12: 9 | B12: SEDUC | C12: =Cruz!I19 -> 50741511 | D12: 42505942 | E12: =Cruz!G19 -> 41844974 | F12: 38927755 | G12: =E12-F12 -> 2917218.6 | H12: =7281022.38 -> 7281022.4 | I12: 6447322.6 | J12: =22615.68 -> 22615.68 | K12: 2726040.5 | L12: =I12-K12 -> 3721282.1 | M12: =I12-(K12+L12) -> 0 | N12: =3721282.12-L12 -> 0 | O12: 35134639 | P12: 36694952 | Q12: 24757314 | R12: 24181657 | S12: 23209544 | T12: =R12-S12 -> 972112.51 | U12: =Q12-R12 -> 575657.42 | V12: =D12-Q12 -> 17748628 | W12: =E12-R12 -> 17663318 | X12: =F12-S12 -> 15718211 | Y12: =W12-X12 -> 1945106.1
A13: 10 | B13: SMSMA | C13: =Cruz!I20 -> 32862066 | D13: 27949774 | E13: =Cruz!G20 -> 26927231 | F13: 25371549 | G13: =E13-F13 -> 1555682.9 | H13: =6685202.81 -> 6685202.8 | I13: 6663080.8 | J13: 2975.25 | K13: 2047781.9 | L13: =I13-K13 -> 4615298.9 | M13: =I13-(K13+L13) -> 0 | N13: =4615298.92-L13 -> 0 | O13: 23931167 | P13: 26279447 | Q13: 19358942 | R13: 18021663 | S13: 17441104 | T13: =R13-S13 -> 580559.06 | U13: =Q13-R13 -> 1337278.9 | V13: =D13-Q13 -> 8590831.8 | W13: =E13-R13 -> 8905568.4 | X13: =F13-S13 -> 7930444.6 | Y13: =W13-X13 -> 975123.79
A14: 11 | B14: SMAS | C14: =Cruz!I21 -> 4917169.9 | D14: 3892373.5 | E14: =Cruz!G21 -> 3559810.9 | F14: 3318300.5 | G14: =E14-F14 -> 241510.38 | H14: =902825.86 -> 902825.86 | I14: 902141.83 | K14: 193943.89 | L14: =I14-K14 -> 708197.94 | M14: =I14-(K14+L14) -> 0 | N14: =708197.94-L14 -> 0 | O14: 4133525.8 | P14: 4213632.7 | Q14: 2686625.2 | R14: 2372040.7 | S14: 2310768.7 | T14: =R14-S14 -> 61271.93 | U14: =Q14-R14 -> 314584.55 | V14: =D14-Q14 -> 1205748.3 | W14: =E14-R14 -> 1187770.2 | X14: =F14-S14 -> 1007531.8 | Y14: =W14-X14 -> 180238.45
A15: 12 | B15: SMAIC | C15: =Cruz!I22 -> 2809358.2 | D15: 2028129.5 | E15: =Cruz!G22 -> 1810650.1 | F15: 1513192.7 | G15: =E15-F15 -> 297457.37 | H15: =556940.07 -> 556940.07 | I15: 556165.57 | K15: 152157.43 | L15: =I15-K15 -> 404008.14 | M15: =I15-(K15+L15) -> 0 | N15: =404008.14-L15 -> 0 | O15: 1963731 | P15: 2497256 | Q15: 1487529.7 | R15: 1056467.4 | S15: 998520.67 | T15: =R15-S15 -> 57946.73 | U15: =Q15-R15 -> 431062.29 | V15: =D15-Q15 -> 540599.78 | W15: =E15-R15 -> 754182.7 | X15: =F15-S15 -> 514672.06 | Y15: =W15-X15 -> 239510.64
A16: 13 | B16: Encargos | C16: =Cruz!I23 -> 3220103.5 | D16: 2931750.4 | E16: =Cruz!G23 -> 2740657.9 | F16: 2695148.8 | G16: =E16-F16 -> 45509.16 | H16: =258186.02 -> 258186.02 | I16: =257216.5 -> 257216.5 | K16: 46908.18 | L16: =I16-K16 -> 210308.32 | M16: =I16-(K16+L16) -> 0 | N16: =210308.32-L16 -> 0 | O16: 2948144.9 | P16: 2924044.9 | Q16: 2387644.2 | R16: 1941705.6 | S16: 1918161.8 | T16: =R16-S16 -> 23543.84 | U16: =Q16-R16 -> 445938.56 | V16: =D16-Q16 -> 544106.18 | W16: =E16-R16 -> 798952.3 | X16: =F16-S16 -> 776986.98 | Y16: =W16-X16 -> 21965.32
A17: 15 | B17: FAPS | C17: =Cruz!I25 -> 41552033 | D17: 24512176 | E17: =Cruz!G25 -> 24499567 | F17: 24489236 | G17: =E17-F17 -> 10330.45 | H17: =44620.01 -> 44620.01 | I17: 44620.01 | K17: 10896.22 | L17: =I17-K17 -> 33723.79 | M17: =I17-(K17+L17) -> 0 | N17: =33723.79-L17 -> 0 | O17: 41552033 | P17: 41552033 | Q17: 19501213 | R17: 19481860 | S17: 19471938 | T17: =R17-S17 -> 9921.88 | U17: =Q17-R17 -> 19353.56 | V17: =D17-Q17 -> 5010963.1 | W17: =E17-R17 -> 5017706.8 | X17: =F17-S17 -> 5017298.3 | Y17: =W17-X17 -> 408.57
A18: 16 | B18: FASM | C18: =Cruz!I26 -> 4355722.7 | D18: 3435548.7 | E18: =Cruz!G26 -> 2753559.5 | F18: 2753559.5 | G18: =E18-F18 -> 0 | H18: =36283.16 -> 36283.16 | I18: 36283.16 | K18: =36283.16 -> 36283.16 | L18: =I18-K18 -> 0 | M18: =I18-(K18+L18) -> 0 | O18: 4343603.5 | P18: 4343603.5 | Q18: 2490770.5 | R18: 1897489 | S18: 1857330.8 | T18: =R18-S18 -> 40158.24 | U18: =Q18-R18 -> 593281.49 | V18: =D18-Q18 -> 944778.16 | W18: =E18-R18 -> 856070.43 | X18: =F18-S18 -> 896228.67 | Y18: =W18-X18 -> -40158.24
C19: =SUM(C4:C18) -> 1.9131107e+08 | D19: =SUM(D4:D18) -> 1.4651769e+08 | E19: =SUM(E4:E18) -> 1.3800092e+08 | F19: =SUM(F4:F18) -> 1.2816837e+08 | G19: =SUM(G4:G18) -> 9832555 | H19: =SUM(H4:H18) -> 28481864 | I19: =SUM(I4:I18) -> 26411730 | J19: =SUM(J4:J18) -> 25754.86 | ... L19: =SUM(L4:L18) -> 18512818 | M19: =I19-(K19+L19) -> 0 | O19: =SUM(O4:O18) -> 1.4829438e+08 | P19: =SUM(P4:P18) -> 1.5475136e+08 | Q19: =SUM(Q4:Q18) -> 96271257 | R19: =SUM(R4:R18) -> 85415374 | S19: =SUM(S4:S18) -> 82969085 | T19: =SUM(T4:T18) -> 2446288.4 | U19: =SUM(U4:U18) -> 10855884 | V19: =SUM(V4:V18) -> 50246434 | ... Y19: =SUM(Y4:Y18) -> 7386266.6
B20: Verificação: | C20: =C19+Cruz!I24-Cruz!I27 -> 0 | D20: =146517691.12-D19 -> 0 | E20: =138000921.89-E19 -> 0 | F20: =128168366.9-F19 -> 0 | G20: =9832554.99-G19 -> 0 | H20: =28481864.46-H19 -> 0 | I20: =26411729.97-I19 -> 0 | J20: =25754.86-J19 -> 0 | K20: =7898911.76-K19 -> 0 | L20: =18512818.21-L19 -> 0 | O20: Reserva de Contin. | P20: =154752064.79-P19 -> 708.85 | Q20: =96271257.48-Q19 -> 0 | R20: =85415373.58-R19 -> 0 | S20: =82969085.14-S19 -> 0 | T20: =2446288.44-T19 -> -6.9849193e-09 | U20: =(13302172.34-T19)-U19 -> 0 | Y20: =T19+Y19 -> 9832555
B21: Fonte: Relatório Consolidado da "Situacao de Empenhos de Restos a Pagar por Orgãos - Posicão até Novembro/22"
F23: Verificação dos saldos Contábeis com o Relatório "Situacao de Empenhos de Restos a Pagar"
H24: =28481864.46-H19 -> 0 | I24: ¹ 5.3.0.0 - INSCRIÇÃO DE RESTOS A PAGAR do exercício anterior
G25: 6.3.2.9.0 RP PROCESSADOS CANCELADOS (3111) R$ 21.415,08 | H25: =(18473048.61-L19) -> -39769.6 | I25: ² 6.3.2.1 - RP PROCESSADOS A PAGAR 3098 | L25: =H25+21415.08 -> -18354.52
G26: 6.3.1.4 - RP NÃO PROCESSADOS PAGOS (3099) = 1.059.816,35 | H26: =(6839095.41)-K19 -> -1059816.3 | I26: ³ 6.3.2.2 - RP PROCESSADOS PAGOS | L26: =K19+H26 -> 6839095.4 | M26: =1059816.35+H26 -> 0
G27: 6.3.1.9 - RP NÃO PROCESSADOS CANCELADOS (3105) | H27: =(18354.52)-J19 -> -7400.34 | I27: 4 6.3.2.9. - RP PROCESSADOS CANCELADOS | L27: =J19+H27 -> 18354.52
D29: Execução orçamentária | I29: Execução dos Restos a Pagar Processados e não Processados
B30: 1.Receita Realizada: | D30: 2. Empenhado | E30: 3.Desp. Liquidada | F30: 4.Despesa Paga: | G30: 5.Resultado: 1-4 | H30: 6.A Pagar: 3-4 | I30: 7.Empenhado¹ | J30: 8. Liquidado | K30: 9. Pago³ | L30: 10. A Pagar²= 9 - 10 | M30: 11. Resultado:
B31: Pref. | C31: =Cruz!H16 -> 1.059122e+08 | D31: =SUM(D4:D16) -> 1.1856997e+08 | E31: =SUM(E4:E16) -> 1.107478e+08 | F31: =SUM(F4:F16) -> 1.0092557e+08 | G31: =C31-F31 -> 4986629.7 | H31: =E31-F31 -> 9822224.5 | I31: =SUM(H4:H16) -> 28400961 | J31: =SUM(I4:I16) -> 26330827 | K31: =SUM(K4:K16) -> 7851732.4 | L31: =SUM(L4:L16) -> 18479094 | M31: =C31-(F31+K31) -> -2865102.7
B32: FAPS | C32: =Cruz!H25 -> 33413164 | D32: =D17 -> 24512176 | E32: =E17 -> 24499567 | F32: =F17 -> 24489236 | G32: =C32-F32 -> 8923927.7 | H32: =E32-F32 -> 10330.45 | I32: =H17 -> 44620.01 | J32: =I17 -> 44620.01 | K32: =K17 -> 10896.22 | L32: =L17 -> 33723.79 | M32: =C32-(F32+K32) -> 8913031.5
B33: FASM | C33: =Cruz!H26 -> 4582762.3 | D33: =D18 -> 3435548.7 | E33: =E18 -> 2753559.5 | F33: =F18 -> 2753559.5 | G33: =C33-F33 -> 1829202.9 | H33: =E33-F33 -> 0 | I33: =H18 -> 36283.16 | J33: =I18 -> 36283.16 | K33: =K18 -> 36283.16 | L33: =L18 -> 0 | M33: =C33-(F33+K33) -> 1792919.7
B34: Total: | C34: =SUM(C31:C33) -> 1.4390813e+08 | D34: =SUM(D31:D33) -> 1.4651769e+08 | E34: =SUM(E31:E33) -> 1.3800092e+08 | F34: =SUM(F31:F33) -> 1.2816837e+08 | G34: =SUM(G31:G33) -> 15739760 | H34: =SUM(H31:H33) -> 9832555 | I34: =SUM(I31:I33) -> 28481864 | J34: =SUM(J31:J33) -> 26411730 | ... M34: =SUM(M31:M33) -> 7840848.4
B35: O resultado apurado na tabela acima é sobre a despesa paga, sobre a despesa liquidada o resultado é | H35: =C34-E34 -> 5907205.2 | I35: O saldo dos Restos a Pagar em 31 de Ago/22 ficou em | L35: =(D19-F19)+(L19) -> 36862142
R38: Giovani Amestoy da Silva | T38: Ihoko Nakashima Mota | W38: Arlei Lopes Souza
G39: Giovani Amestoy da Silva | I39: Ihoko Nakashima Mota | L39: Arlei Lopes Souza | R39: Prefeito Municipal | T39: Secret. de Município da Fazenda | W39: Contador - CRC/RS: 068452/O-6
G40: Prefeito Municipal | I40: Secret. de Município da Fazenda | L40: Contador - CRC/RS: 068452/O-6

Sheet Míni
B1: CALCULO DOS PERCENTUAIS MÍNIMOS LEGAIS
A2: PERÍODO: | B2: 1º de Janeiro a 30 de Novembro de 2022 | E2: Artigos 198 e 212 da CF/88 e E/C nº 29
A4: Análise Horizontal das Receitas em relação ao montante arrecadado no mês em uma previsão de arrecadação de um doze avos ao mês.
A5: Os valores na coluna "Excesso" entre parenteses significa que foi arrecado valor maior que um doze avos ao mês na Receita Realizada.
A7: 1. NÍVEIS: | B7: 2. RECEITAS | C7: 3. PREVISTO | D7: 4. Realizado: | E7: LIVRE: 60% Excesso/Déficit | G7: MDE:25%/5% Excesso/Déficit | I7: FUNDEB 20% Excesso/Déficit | K7: ASPS: 15% | L7: Excesso/Déficit
A8: 1.1.1.3.03.1 | B8: IRRF | C8: 3914901.8 | D8: 4674420.5 | E8: =D8*0.6 -> 2804652.3 | F8: =(((C8*0.6)/12)*10)-E8 -> -847201.37 | G8: =D8*0.25 -> 1168605.1 | H8: =(((C8*0.25)/12)*10)-G8 -> -353000.57 | K8: =D8*0.15 -> 701163.07 | L8: =(((C8*0.25)/12)*10)-K8 -> 114441.48
A9: 1.1.1.8.01.1 | B9: IPTU | C9: =3467839.35 -> 3467839.4 | D9: 2164408.8 | E9: =D9*0.6 -> 1298645.2 | F9: =(((C9*0.6)/12)*10)-E9 -> 435274.43 | G9: =D9*0.25 -> 541102.19 | H9: =(((C9*0.25)/12)*10)-G9 -> 181364.34 | K9: =D9*0.15 -> 324661.31 | L9: =(((C9*0.25)/12)*10)-K9 -> 397805.22
A10: 1.1.1.8.01.4 | B10: ITBI | C10: =1378438.67 -> 1378438.7 | D10: 1591071.7 | E10: =D10*0.6 -> 954643.04 | F10: =(((C10*0.6)/12)*10)-E10 -> -265423.71 | G10: =D10*0.25 -> 397767.93 | H10: =(((C10*0.25)/12)*10)-G10 -> -110593.21 | K10: =D10*0.15 -> 238660.76 | L10: =(((C10*0.25)/12)*10)-K10 -> 48513.962
A11: 1.1.1.8.02.3 | B11: ISQN | C11: =5814310.6 -> 5814310.6 | D11: 5487913.4 | E11: =D11*0.6 -> 3292748 | F11: =(((C11*0.6)/12)*10)-E11 -> -385592.74 | G11: =D11*0.25 -> 1371978.4 | H11: =(((C11*0.25)/12)*10)-G11 -> -160663.64 | K11: =D11*0.15 -> 823187.01 | L11: =(((C11*0.25)/12)*10)-K11 -> 388127.7
A12: 1.7.1.8.01.2 | B12: FPM | C12: =28751945.22 -> 28751945 | D12: =16848686.41+1454996.9+4212171.5+5565290.32 -> 28081145 | E12: =D12*0.6 -> 16848687 | F12: =(((C12*0.6)/12)*10)-E12 -> -2472714.5 | G12: =(D12*0.05) -> 1404057.3 | H12: =(((C12*0.25)/12)*10)-G12 -> 4585931.3 | I12: =-D12*0.2 -> -5616229 | J12: =(((C12*0.2)/12)*10)+I12 -> -824238.16 | K12: =D12*0.15 -> 4212171.8 | L12: =(((C12*0.25)/12)*10)-K12 -> 1777816.8
A13: 1.7.1.8.01.3 | B13: 1% FPM | C13: =1268281.42 -> 1268281.4 | E13: =D13*0.6 -> 0 | F13: =(((C13*0.6)/12)*10)-E13 -> 634140.71 | G13: =D13*0.25 -> 0 | H13: =(((C13*0.25)/12)*10)-G13 -> 264225.3 | K13: =D13*0.15 -> 0 | L13: =(((C13*0.25)/12)*10)-K13 -> 264225.3
A14: 1.7.1.8.01.4 | B14: 1% FPM | C14: =1239869.25 -> 1239869.2 | D14: =1409602.7 -> 1409602.7 | E14: =D14*0.6 -> 845761.62 | F14: =(((C14*0.6)/12)*10)-E14 -> -225826.99 | G14: =D14*0.25 -> 352400.67 | H14: =(((C14*0.25)/12)*10)-G14 -> -94094.581 | K14: =D14*0.15 -> 211440.4 | L14: =(((C14*0.25)/12)*10)-K14 -> 46865.689
A15: 1.7.1.8.01.5.1 | B15: ITR | C15: =951759.41+237939.85 -> 1189699.3 | D15: =665203.47+55434.07+166300.8+221734.49 -> 1108672.8 | E15: =D15*0.6 -> 665203.7 | F15: =(((C15*0.6)/12)*10)-E15 -> -70354.068 | G15: =(D15*0.05) -> 55433.641 | H15: =(((C15*0.25)/12)*10)-G15 -> 192420.37 | I15: =-D15*0.2 -> -221734.57 | J15: =(((C15*0.2)/12)*10)+I15 -> -23451.356 | K15: =D15*0.15 -> 166300.92 | L15: =(((C15*0.25)/12)*10)-K15 -> 81553.088
A16: 1.7.1.8.06.1.1 | B16: L.C. No 87/96 | E16: =D16*1 -> 0 | F16: =(((C16*0.6)/12)*10)-E16 -> 0
A17: 1.7.2.8.01.1.1 | B17: ICMS | C17: =22948077.82+1912339.82+5737019.45+7649359.27 -> 38246796 | D17: =16327410.3+1360617.6+4081852.64+5441062.41 -> 27210943 | E17: =D17*0.6 -> 16326566 | F17: =(((C17*0.6)/12)*10)-E17 -> 2796832.4 | G17: =(D17*0.05) -> 1360547.1 | H17: =(((C17*0.25)/12)*10)-G17 -> 6607535.4 | I17: =-D17*0.2 -> -5442188.6 | J17: =(((C17*0.2)/12)*10)+I17 -> 932277.47 | K17: =D17*0.15 -> 4081641.4 | L17: =(((C17*0.25)/12)*10)-K17 -> 3886441.1
A18: 1.7.2.8.01.2.1 | B18: IPVA | C18: =3902843.86 -> 3902843.9 | D18: =1918898.21+159908.44+479724.72+639632.99 -> 3198164.4 | E18: =D18*0.6 -> 1918898.6 | F18: =(((C18*0.6)/12)*10)-E18 -> 32523.314 | G18: =(D18*0.05) -> 159908.22 | H18: =(((C18*0.25)/12)*10)-G18 -> 653184.25 | I18: =-D18*0.2 -> -639632.87 | J18: =(((C18*0.2)/12)*10)+I18 -> 10841.105 | K18: =D18*0.15 -> 479724.65 | L18: =(((C18*0.25)/12)*10)-K18 -> 333367.82
A19: 1.7.2.8.01.3.1 | B19: IPI Exp. | C19: =561182.43 -> 561182.43 | D19: =165275.98+13773.01+41319.01+55092.04 -> 275460.04 | E19: =D19*0.6 -> 165276.02 | F19: =(((C19*0.6)/12)*10)-E19 -> 115315.19 | G19: =(D19*0.05) -> 13773.002 | H19: =(((C19*0.25)/12)*10)-G19 -> 103140 | I19: =-D19*0.2 -> -55092.008 | J19: =(((C19*0.2)/12)*10)+I19 -> 38438.397 | K19: =D19*0.15 -> 41319.006 | L19: =(((C19*0.25)/12)*10)-K19 -> 75594
A20: 1.7.5.8.01.1.1 | B20: FUNDEB | C20: 27814455 | D20: =23449723 -> 23449723 | I20: =-SUM(I12+SUM(I15:I19))-11922812.25 -> 52064.812
B21: TOTAIS: | C21: =SUM(C8:C20) -> 1.1755056e+08 | D21: =SUM(D8:D20) -> 98651525 | E21: =SUM(E8:E20) -> 45121081 | F21: =SUM(F8:F20) -> -253027.3 | G21: =SUM(G8:G20) -> 6825573.5 | H21: =SUM(H8:H20) -> 11869449 | I21: =SUM(I8:I20) -> -11922812 | J21: =SUM(J8:J20) -> 133867.46 | ... L21: =SUM(L8:L20) -> 7414752.2
C22: Percentual da Receita Realizada em relação a Prevista: | D22: =D21/C21 -> 0.83922631 | F22: Verificação: | G22: Cálculo: | I22: RECURSOS: | J22: ASPS | K22: LIVRE | L22: Total Geral:
C23: % da Despesa liquidada sobre a Receita realizada do FUNDEB | D23: =C27/D20 -> 1.091068 | F23: Total da MDE | G23: =I33+J33 -> 35526402 | I23: DESPESA | J23: =D27 -> 19471641 | L23: =SUM(J23:K23) -> 19471641
F24: (-) Plus Fundeb | G24: =D20+I21 -> 11526911 | I24: ( - ) 3.1.91.13.20 | L24: =SUM(J24:K24) -> 0
A25: DESPESA | B25: MDE | C25: FUNDEB | D25: ASPS | F25: (-)Rend. da MDE | G25: =B34 -> 2585.47 | I25: ( - ) 3.3.91.08 | J25: =238612.23 -> 238612.23 | L25: =SUM(J25:K25) -> 238612.23
A26: EMPENHADO | B26: 9941159.6 | C26: 25287112 | D26: 19937593 | F26: (-)Rend. do FUNDEB | G26: =C34 -> 99084.75 | I26: ( - ) Rendimento | J26: =D34 -> 11868.76 | L26: =SUM(J26:K26) -> 11868.76
A27: LIQUIDADO | B27: 9828935.9 | C27: 25585242 | D27: 19471641 | F27: (-) 3.3.91.08 | G27: =SUM(I34:J35) -> 394668.36 | I27: ( = ) TOTAIS: | J27: =J23-SUM(J24:J26) -> 19221160 | K27: =K23-SUM(K24:K26) -> 0 | L27: =L23-SUM(L24:L26) -> 19221160
A28: PAGO | B28: 8693032.3 | C28: 24260516 | D28: 18165094 | F28: Valor a aplicado | G28: =G23-SUM(G24:G27) -> 23503153 | I28: índice Apurado: | J28: =(J27/(SUM(D8:D19))*100) -> 25.55944 | K28: =(K27/(SUM(D8:D19)))*100 -> 0 | L28: =(L27/(SUM(D8:D19)))*100 -> 25.55944
A29: % Emp. | B29: =B26/SUM(D8:D19) -> 0.1321931 | C29: =C26/D20 -> 1.0783544 | D29: =D26/SUM(D8:D19) -> 0.26512121 | F29: % da Educação | G29: =G28/(SUM(D8:D19)) -> 0.31253443
A30: % Liq. + Rep | B30: =(B27-B34)/SUM(D8:D19) -> 0.13066642 | C30: =(C26-C34)/D20 -> 1.074129 | D30: =(D27-D34)/SUM(D8:D19) -> 0.25876736 | F30: APLICAÇÃO: | G30: =G28-(SUM(D8:D19)*0.25) -> 4702701.9 | H30: =IF(G30>0," = A MAIOR","= A MENOR") -> = A MAIOR
A31: %pago | B31: =B28/SUM(D8:D19) -> 0.11559606 | C31: =C27/D20 -> 1.091068 | D31: =D27/SUM(D8:D19) -> 0.25892518 | E31: TOTAIS
A32: a Liquidar | B32: =B26-B27 -> 112223.66 | C32: =C26-C27 -> -298129.85 | D32: =D26-D27 -> 465951.95 | E32: =SUM(B32:D32) -> 280045.76 | H32: RECURSOS: | I32: MDE | J32: FUNDEB | K32: LIVRE | L32: Total Geral:
A33: a Pagar | B33: =B27-B28 -> 1135903.6 | C33: =C27-C28 -> 1324725.8 | D33: =D27-D28 -> 1306546.2 | E33: =SUM(B33:D33) -> 3767175.7 | H33: DESPESA | I33: =B26 -> 9941159.6 | J33: =C27 -> 25585242 | K33: =615295.32 -> 615295.32 | L33: =SUM(I33:K33) -> 36141697
A34: RENDIM.: | B34: =2585.47 -> 2585.47 | C34: =99084.75 -> 99084.75 | D34: =11868.76 -> 11868.76 | E34: =SUM(B34:D34) -> 113538.98 | H34: ( - ) 3.1.91.13.20 | L34: =SUM(I34:K34) -> 0
A35: Mínimo Anual de 70% do FUNDEB na Remuneração do Magistério | E35: =(J33-(J34+J35+J37))/D20 -> 1.0744861 | H35: ( - ) 3.3.91.08 | I35: =104912.58 -> 104912.58 | J35: =289755.78 -> 289755.78 | K35: =1243.91 -> 1243.91 | L35: =SUM(I35:K35) -> 395912.27
A36: Dedução a Menor para o FUNDEB no ICMS em R$ 1.126,31 | H36: ( - ) Plus do FUNDEB | J36: =D20+I21 -> 11526911 | L36: =SUM(I36:K36) -> 11526911
A37: Instrução Normativa TCE/RS nº 18/2020 - índices da Saúde e do Ensino. | H37: ( - ) Rendimento | I37: =B34 -> 2585.47 | J37: =C34 -> 99084.75 | L37: =SUM(I37:K37) -> 101670.22
H38: ( = ) TOTAIS: | I38: =I33-SUM(I34:I37) -> 9833661.5 | J38: =J33-SUM(J34:J37) -> 13669491 | K38: =K33-SUM(K34:K37) -> 614051.41 | L38: =L33-SUM(L34:L37) -> 24117204
H39: Índice Apurado: | I39: =(I38/(SUM(D8:D19)))*100 -> 13.076364 | J39: =(J38/(SUM(D8:D19)))*100 -> 18.177079 | K39: =(K38/(SUM(D8:D19))*100) -> 0.81653816 | L39: =(L38/(SUM(D8:D19)))*100 -> 32.069981
I40: =I39/L39 -> 0.40774468 | J40: =J39/L39 -> 0.56679419 | K40: =K39/L39 -> 0.025461136
A43: Giovani Amestoy da Silva | D43: Ihoko Nakashima Mota | G43: Arlei Lopes Souza
A44: Prefeito Municipal | D44: Secret. de Município da Fazenda | G44: Contador - CRC/RS: 068452/O-6

Sheet DespSEDUC
A3: Data Base: | B3: =Míni!B2 -> 1º de Janeiro a 30 de Novembro de 2022
B4: 09 SECRETARIA DE MUNIC. DA EDUCACAO
B5: 09.01 ENSINO FUNDAMENTAL | D5: 09.02 ENSINO INFANTIL PRE-ESCOLA | F5: 09.03 ENSINO INFANTIL - CRECHE | H5: 09.05 ENSINO ESPECIAL | K5: 09.07 ENSINO JOVENS E ADULTOS - EJA
H6: 2.021 - 367
A9: Atividades: | B9: Dotações: | C9: Emp | D9: Líq | E9: Pgtos | F9: Saldo Dotações: | G9: Atividades: | H9: Dotações: | I9: Emp | J9: Líq | K9: Pgtos | L9: Saldo Dotações:
A10: 70% - 361 - 2.013 | B10: 18215614 | C10: 17031884 | D10: 17030014 | E10: 15941886 | F10: =B10-C10 -> 1183730.7 | G10: 30% - 361 - 2.014 | H10: 1622329.1 | I10: 1622321.4 | J10: 1622321.4 | K10: 1622321.4 | L10: =H10-I10 -> 7.74
A11: 70% - PRE - 2.015 | B11: =2304350.59 -> 2304350.6 | C11: 1819485 | D11: 1819485 | E11: 1751746.1 | F11: =B11-C11 -> 484865.6 | G11: 30% PRE 2.016 | H11: 1227637.4 | I11: 1227150 | J11: 1227150 | K11: 1227150 | L11: =H11-I11 -> 487.45
A12: 70% CRECHE 2.017 | B12: 2896937.1 | C12: 2355354.8 | D12: 2324765.4 | E12: 2146231 | F12: =B12-C12 -> 541582.28 | G12: 30% CRECHE 2.018 | H12: 558021.28 | I12: 557470.39 | J12: 557470.39 | K12: 557470.39 | L12: =H12-I12 -> 550.89
A13: 70% Especial 2.021 | B13: =1311004.89 -> 1311004.9 | C13: 912994.34 | D13: 912994.34 | E13: 857110.74 | F13: =B13-C13 -> 398010.55 | G13: 30% EJA 2.023 | H13: 53706.4 | I13: 53556.36 | J13: 53556.36 | K13: 53556.36 | L13: =H13-I13 -> 150.04
A14: 70% EJA 2.022 | B14: 436691.07 | C14: 239556.47 | D14: 239556.47 | E14: 239556.47 | F14: =B14-C14 -> 197134.6 | G14: 2.032 30% Ens Esp. | H14: 163232.79 | I14: 162696.09 | J14: 162696.09 | K14: 162696.09 | L14: =H14-I14 -> 536.7
A15: SubTotais:01 | B15: =SUM(B10:B14) -> 25164598 | C15: =SUM(C10:C14) -> 22359274 | D15: =SUM(D10:D14) -> 22326815 | E15: =SUM(E10:E14) -> 20936531 | F15: =SUM(F10:F14) -> 2805323.7 | G15: SubTotais: 03 | H15: =SUM(H10:H14) -> 3624927 | I15: =SUM(I10:I14) -> 3623194.2 | J15: =SUM(J10:J14) -> 3623194.2 | K15: =SUM(K10:K14) -> 3623194.2 | L15: =SUM(L10:L14) -> 1732.82
C17: 60% FUNDEB | D17: =D15 -> 22326815 | E17: =D17/E37 -> 0.86037792 | I17: 40% FUNDEB: | J17: =J15 -> 3623194.2 | K17: =J17/E37 -> 0.13962208
A19: 70% - 361 - 2.013 | B19: 1402593.8 | C19: 868945.78 | D19: 868945.78 | E19: 766870.42 | F19: =B19-C19 -> 533647.98 | G19: 30% - 361 - 2.014 | H19: 4600700.3 | I19: 2297678.5 | J19: 2297678.5 | K19: 2008639.3 | L19: =H19-I19 -> 2303021.8
A20: 70% - PRE - 2.015 | B20: 617959.6 | C20: 338667.83 | D20: 338667.83 | E20: 338667.83 | F20: =B20-C20 -> 279291.77 | G20: 30% PRE 2.016 | H20: 1183140.3 | I20: 867342.27 | J20: 867342.27 | K20: 867342.27 | L20: =H20-I20 -> 315797.99
A21: 70% CRECHE 2.017 | B21: 300450.46 | C21: 88078.13 | D21: 88078.13 | E21: 88078.13 | F21: =B21-C21 -> 212372.33 | G21: 30% CRECHE 2.018 | H21: 1803694.3 | I21: 590362.85 | J21: 590362.85 | K21: 489731.37 | L21: =H21-I21 -> 1213331.5
A22: 70% EJA 2.022 | B22: 436691.07 | C22: 239556.47 | D22: 239556.47 | E22: 239556.47 | F22: =B22-C22 -> 197134.6 | G22: 30%-361-2.023MDE | H22: 127503.81 | I22: 47385.11 | J22: 47385.11 | K22: 42675.14 | L22: =H22-I22 -> 80118.7
A23: Ens.Especial2021 | B23: 1311004.9 | C23: 912994.34 | D23: 912994.34 | E23: 233534.01 | F23: =B23-C23 -> 398010.55 | G23: 30%-361 -2.014 Livre | H23: 175861.92 | I23: 138354.54 | J23: 138354.54 | K23: 138354.54 | L23: =H23-I23 -> 37507.38
A24: Ens.Especial2120 | B24: 3070 | F24: =B24-C24 -> 3070 | G24: Ens. Espec 2.032 | H24: 439164.66 | I24: 132471.18 | J24: 132471.18 | K24: 132471.18 | L24: =H24-I24 -> 306693.48
A25: Livre-2.248 | F25: =B25-C25 -> 0 | G25: 2.019MDE30%Gabinet | H25: 1568358.3 | I25: 1083681.6 | J25: 1083681.6 | K25: 1036495.3 | L25: =H25-I25 -> 484676.66
A26: SubTotais:02 | B26: =SUM(B19:B25) -> 4071769.8 | C26: =SUM(C19:C25) -> 2448242.6 | D26: =SUM(D19:D25) -> 2448242.6 | E26: =SUM(E19:E25) -> 1666706.9 | F26: =SUM(F19:F25) -> 1623527.2 | G26: SubTotais: 04 | H26: =SUM(H19:H25) -> 9898423.6 | I26: =SUM(I19:I25) -> 5157276.1 | J26: =SUM(J19:J25) -> 5157276.1 | K26: =SUM(K19:K25) -> 4715709.1 | L26: =SUM(L19:L25) -> 4741147.5
C28: MDE: 0020 | D28: =D26 -> 2448242.6
A31: Descrição: | B31: Matrículas | C31: Proporção | D31: MDE e FUNDEB | E31: FUNDEB: Liquidada | F31: MDE+Livre: Liquidada | H31: Descrição: | I31: Emp | J31: Líq | K31: Pgtos
A32: Fundamental | B32: 2221 | C32: =B32/B37 -> 0.58217562 | D32: =C32*J34 -> 19535210 | E32: =D10+J10 -> 18652335 | F32: =D32-E32 -> 882875.23 | H32: Fundeb: | I32: =C15+I15 -> 25982469 | J32: =D15+J15 -> 25950009 | K32: =E15+K15 -> 24559725
A33: Pré | B33: 648 | C33: =B33/B37 -> 0.16985583 | D33: =C33*J34 -> 5699602.1 | E33: =D11+J11 -> 3046635 | F33: =D33-E33 -> 2652967.1 | H33: MDE: | I33: =C26+I26 -> 7605518.7 | J33: =D26+J26 -> 7605518.7 | K33: =E26+K26 -> 6382416
A34: Creche | B34: 480 | C34: =B34/B37 -> 0.12581913 | D34: =C34*J34 -> 4221927.5 | E34: =D12+J12 -> 2882235.8 | F34: =D34-E34 -> 1339691.7 | H34: Total Geral: | I34: =I32+I33 -> 33587987 | J34: =J32+J33 -> 33555528 | K34: =K32+K33 -> 30942141
A35: EJA | B35: 143 | C35: =B35/B37 -> 0.037483617 | D35: =C35*J34 -> 1257782.6 | E35: =D13+J13 -> 966550.7 | F35: =D35-E35 -> 291231.86
A36: Especial | B36: 323 | C36: =B36/B37 -> 0.084665793 | D36: =C36*J34 -> 2841005.4 | E36: =D14+J14 -> 402252.56 | F36: =D36-E36 -> 2438752.8
A37: Fonte SIOPE | B37: =SUM(B32:B36) -> 3815 | C37: =SUM(C32:C36) -> 1 | D37: =SUM(D32:D36) -> 33555528 | E37: =SUM(E32:E36) -> 25950009 | F37: =SUM(F32:F36) -> 7605518.7
D38: =SUM(E38:F38) -> 1 | E38: =E37/D37 -> 0.77334528 | F38: =F37/D37 -> 0.22665472
G39: Despesa Liquidada: | H39: Percentual s/ Total
A40: Repasses FUNDEB | B40: =Míni!D20 -> 23449723 | C40: =D17/B40 -> 0.95211422 | D40: 70,00% para as aplicaçoes mínimas no FUNDEB | G40: =D17 -> 22326815 | H40: =E17 -> 0.86037792
C41: =J17/B40 -> 0.15450904 | D41: 30,00% para as aplicaçoes maximas no FUNDEB | G41: =J17 -> 3623194.2 | H41: =K17 -> 0.13962208
C42: =SUM(C40:C41) -> 1.1066233 | F42: Total Liquidado do FUNDEB: | G42: =SUM(G40:G41) -> 25950009 | H42: =SUM(H40:H41) -> 1
A49: Giovani Amestoy da Silva | E49: Ihoko Nakashima Mota | J49: Arlei Lopes Souza
A50: Prefeito Municipal | E50: Secret. de Município da Fazenda | J50: Contador - CRC/RS: 068452/O-6

Sheet Emp
A1: Estado do Rio Grande do Sul - Prefeitura Municipal de Cacapava do Sul
A2: Disponibilidade Financeira do Recurso Vinculado - Outubro de 2022
A4: Unidade Gestora: | C4: CONSOLIDADO
D6: Saldo Inicial Vinc. em C/C Bancária | E6: Receita Realizada no Exercício | F6: Transferências Recebidas | G6: Total do Recurso Vinculado | H6: Empenhos Orçam. Efetuados | I6: Empenhos Restos em 31/12/2021 | J6: Total Empenhado | K6: Transferências Devolvidas | L6: Saldo P/Utilização Recurso Vinculado
A7: 1 | B7: Recurso Livre - Administração Direta Municipal | D7: 7665003.1 | E7: 48736937 | F7: 3949440.8 | G7: 60351381 | H7: 41908236 | I7: 13359415 | J7: 55267651 | K7: 3949440.8 | L7: 1134289.9
A8: 20 | B8: MDE - Manutenção e Desenvolvimento Ensino | D8: 18946.1 | E8: 6879254.6 | F8: 0 | G8: 6898200.7 | H8: 9941159.6 | I8: 4958504 | J8: 14899664 | K8: 0 | L8: -8001462.9
A9: 30 | B9: FUNDEF | D9: 0 | E9: 0 | F9: 0 | G9: 0 | H9: 0 | I9: 57.84 | J9: 57.84 | K9: 0 | L9: -57.84
A10: 31 | B10: FUNDEB (a partir de 01/01/2007 - Instituído pela EC n° 53/2006) | D10: 1604648.1 | E10: 23548808 | F10: 0 | G10: 25153456 | H10: 25587112 | I10: 1086790 | J10: 26673902 | K10: 0 | L10: -1520446.7
A11: 40 | B11: ASPS - Ações de Serviços Públicos de Saúde | D11: 430232.87 | E11: 11076109 | F11: 0 | G11: 11506342 | H11: 19937593 | I11: 5770172.4 | J11: 25707765 | K11: 0 | L11: -14201423
A12: 50 | B12: RPPS (instituído como FUNDO dentro da Administração Direta) | D12: 40962798 | E12: 33413164 | F12: 0 | G12: 74375962 | H12: 24512176 | I12: 44620.01 | J12: 24556796 | K12: 0 | L12: 49819166
A13: 900 | B13: COVID-19 | D13: 4.5 | E13: 0 | F13: 0 | G13: 4.5 | H13: 0 | I13: 0 | J13: 0 | K13: 0 | L13: 4.5
A14: 1022 | B14: PROGRAMA NACIONAL DE ALIMENTACAO ESCOLAR PNAE/FNDE. | D14: 105438.31 | E14: 367843.9 | F14: 0 | G14: 473282.21 | H14: 307283.17 | I14: 0 | J14: 307283.17 | K14: 0 | L14: 165999.04
A15: 1023 | B15: SALARIO EDUCACAO | D15: 1412415.9 | E15: 1752773.2 | F15: 0 | G15: 3165189.2 | H15: 2144831.7 | I15: 31906.39 | J15: 2176738.1 | K15: 0 | L15: 988451.08
A16: 1024 | B16: TRANSPORTE ESCOLAR | D16: 259261.06 | E16: 83045.4 | F16: 0 | G16: 342306.46 | H16: 351124.96 | I16: 20099.78 | J16: 371224.74 | K16: 0 | L16: -28918.28
A17: 1025 | B17: CONVENIO UNIAO FUNDACAO NACIONAL DE DESENVOLVIMENTO DA EDUCACAO - FNDE | D17: 1260117.1 | E17: 96505.52 | F17: 0 | G17: 1356622.7 | H17: 735637.87 | I17: 0 | J17: 735637.87 | K17: 0 | L17: 620984.79
A18: 1026 | B18: Recursos do PEATE/RS | D18: 544140.11 | E18: 2543159.3 | F18: 0 | G18: 3087299.4 | H18: 2784535.7 | I18: 265688.32 | J18: 3050224 | K18: 0 | L18: 37075.35
... A88: 8050 | B88: RECURSO EXTRAORÇAMENTÁRIO DO RPPS | D88: 822088.43 | E88: 0 | F88: 0 | G88: 822088.43 | H88: 0 | I88: 0 | J88: 0 | K88: 0 | L88: 822088.43
A90: Total Geral: | D90: 62432941 | E90: 1.4390813e+08 | F90: 3949440.8 | G90: 2.1029051e+08 | H90: 1.4651769e+08 | I90: 28481864 | J90: 1.7499956e+08 | K90: 3949440.8 | L90: 31341512

Sheet Liquid
A1: Estado do Rio Grande do Sul - Prefeitura Municipal de Cacapava do Sul
A2: Disponibilidade Financeira do Recurso Vinculado - Outubro de 2022
A4: Unidade Gestora: | C4: CONSOLIDADO
D6: Saldo Inicial Vinc. em C/C Bancária | E6: Receita Realizada no Exercício | F6: Transferências Recebidas | G6: Total do Recurso Vinculado | H6: Liquidações Orçam. Efetuados | I6: Liquidações de Restos Efetuadas | J6: Total das Liquidações | K6: Transferências Devolvidas | L6: Saldo P/Utilização Recurso Vinculado
A7: Fonte de Recursos
A8: 1 | B8: Recurso Livre - Administração Direta Municipal | D8: 7665003.1 | E8: 48736937 | F8: 3949440.8 | G8: 60351381 | H8: 39746596 | I8: 145729.33 | J8: 39892326 | K8: 3949440.8 | L8: 16509615
A9: 20 | B9: MDE - Manutenção e Desenvolvimento Ensino | D9: 18946.1 | E9: 6879254.6 | F9: 0 | G9: 6898200.7 | H9: 9828935.9 | I9: 646275.41 | J9: 10475211 | K9: 0 | L9: -3577010.6
A10: 31 | B10: FUNDEB (a partir de 01/01/2007 - Instituído pela EC n° 53/2006) | D10: 1604648.1 | E10: 23548808 | F10: 0 | G10: 25153456 | H10: 25585242 | I10: 148252.46 | J10: 25733495 | K10: 0 | L10: -580038.95
A11: 40 | B11: ASPS - Ações de Serviços Públicos de Saúde | D11: 430232.87 | E11: 11076109 | F11: 0 | G11: 11506342 | H11: 19471641 | I11: 9635.52 | J11: 19481276 | K11: 0 | L11: -7974934.5
A12: 50 | B12: RPPS (instituído como FUNDO dentro da Administração Direta) | D12: 40962798 | E12: 33413164 | F12: 0 | G12: 74375962 | H12: 24499567 | I12: 9800 | J12: 24509367 | K12: 0 | L12: 49866595
A13: 900 | B13: COVID-19 | D13: 4.5 | E13: 0 | F13: 0 | G13: 4.5 | H13: 0 | I13: 0 | J13: 0 | K13: 0 | L13: 4.5
A14: 1022 | B14: PROGRAMA NACIONAL DE ALIMENTACAO ESCOLAR PNAE/FNDE. | D14: 105438.31 | E14: 367843.9 | F14: 0 | G14: 473282.21 | H14: 206935.67 | I14: 0 | J14: 206935.67 | K14: 0 | L14: 266346.54
A15: 1023 | B15: SALARIO EDUCACAO | D15: 1412415.9 | E15: 1752773.2 | F15: 0 | G15: 3165189.2 | H15: 1777964.6 | I15: 1056 | J15: 1779020.6 | K15: 0 | L15: 1386168.6
A16: 1024 | B16: TRANSPORTE ESCOLAR | D16: 259261.06 | E16: 83045.4 | F16: 0 | G16: 342306.46 | H16: 351124.96 | I16: 0 | J16: 351124.96 | K16: 0 | L16: -8818.5
A17: 1025 | B17: CONVENIO UNIAO FUNDACAO NACIONAL DE DESENVOLVIMENTO DA EDUCACAO - FNDE | D17: 1260117.1 | E17: 96505.52 | F17: 0 | G17: 1356622.7 | H17: 735637.87 | I17: 0 | J17: 735637.87 | K17: 0 | L17: 620984.79
A18: 1026 | B18: Recursos do PEATE/RS | D18: 544140.11 | E18: 2543159.3 | F18: 0 | G18: 3087299.4 | H18: 2743837.5 | I18: 0 | J18: 2743837.5 | K18: 0 | L18: 343461.87
A19: 1031 | B19: RECURSOS CREDITO EDUCATIVO FUNCRED | D19: 13981.08 | E19: 1090.51 | F19: 0 | G19: 15071.59 | H19: 0 | I19: 0 | J19: 0 | K19: 0 | L19: 15071.59
... A83: 8050 | B83: RECURSO EXTRAORÇAMENTÁRIO DO RPPS | D83: 822088.43 | E83: 0 | F83: 0 | G83: 822088.43 | H83: 0 | I83: 0 | J83: 0 | K83: 0 | L83: 822088.43
A85: Total Geral: | D85: 62432941 | E85: 1.4390813e+08 | F85: 3949440.8 | G85: 2.1029051e+08 | H85: 1.3800092e+08 | I85: 1210249.7 | J85: 1.3921117e+08 | K85: 3949440.8 | L85: 67129896

Sheet Pgtos
A1: Estado do Rio Grande do Sul - Prefeitura Municipal de Cacapava do Sul
A2: Disponibilidade Financeira do Recurso Vinculado - Outubro de 2022
A4: Unidade Gestora: | C4: CONSOLIDADO
D6: Saldo Inicial Vinc. em C/C Bancária | E6: Receita Realizada no Exercício | F6: Transferências Recebidas | G6: Total do Recurso Vinculado | H6: Pagamentos Orçam. Efetuados | I6: Pagamentos de Restos Efetuados | J6: Total dos Pagamentos | K6: Transferências Devolvidas | L6: Saldo P/Utilização Recurso Vinculado
A7: Fonte de Recursos
A8: 1 | B8: Recurso Livre - Administração Direta Municipal | D8: 7665003.1 | E8: 48736937 | F8: 3949440.8 | G8: 60351381 | H8: 36064072 | I8: 3061978 | J8: 39126051 | K8: 3949440.8 | L8: 17275890
A9: 20 | B9: MDE - Manutenção e Desenvolvimento Ensino | D9: 18946.1 | E9: 6879254.6 | F9: 0 | G9: 6898200.7 | H9: 8693032.3 | I9: 1739298.7 | J9: 10432331 | K9: 0 | L9: -3534130.3
A10: 31 | B10: FUNDEB (a partir de 01/01/2007 - Instituído pela EC n° 53/2006) | D10: 1604648.1 | E10: 23548808 | F10: 0 | G10: 25153456 | H10: 24260516 | I10: 665086.21 | J10: 24925603 | K10: 0 | L10: 227853.13
A11: 40 | B11: ASPS - Ações de Serviços Públicos de Saúde | D11: 430232.87 | E11: 11076109 | F11: 0 | G11: 11506342 | H11: 18165094 | I11: 1602793.6 | J11: 19767888 | K11: 0 | L11: -8261546.4
A12: 50 | B12: RPPS (instituído como FUNDO dentro da Administração Direta) | D12: 40962798 | E12: 33413164 | F12: 0 | G12: 74375962 | H12: 24489236 | I12: 10896.22 | J12: 24500132 | K12: 0 | L12: 49875830
A13: 900 | B13: COVID-19 | D13: 4.5 | E13: 0 | F13: 0 | G13: 4.5 | H13: 0 | I13: 0 | J13: 0 | K13: 0 | L13: 4.5
A14: 1022 | B14: PROGRAMA NACIONAL DE ALIMENTACAO ESCOLAR PNAE/FNDE. | D14: 105438.31 | E14: 367843.9 | F14: 0 | G14: 473282.21 | H14: 206935.67 | I14: 0 | J14: 206935.67 | K14: 0 | L14: 266346.54
A15: 1023 | B15: SALARIO EDUCACAO | D15: 1412415.9 | E15: 1752773.2 | F15: 0 | G15: 3165189.2 | H15: 1696970.8 | I15: 28981.49 | J15: 1725952.3 | K15: 0 | L15: 1439236.9
A16: 1024 | B16: TRANSPORTE ESCOLAR | D16: 259261.06 | E16: 83045.4 | F16: 0 | G16: 342306.46 | H16: 343748.38 | I16: 20099.78 | J16: 363848.16 | K16: 0 | L16: -21541.7
A17: 1025 | B17: CONVENIO UNIAO FUNDACAO NACIONAL DE DESENVOLVIMENTO DA EDUCACAO - FNDE | D17: 1260117.1 | E17: 96505.52 | F17: 0 | G17: 1356622.7 | H17: 735637.87 | I17: 0 | J17: 735637.87 | K17: 0 | L17: 620984.79
A18: 1026 | B18: Recursos do PEATE/RS | D18: 544140.11 | E18: 2543159.3 | F18: 0 | G18: 3087299.4 | H18: 2383789 | I18: 264938.32 | J18: 2648727.3 | K18: 0 | L18: 438572.06
A19: 1031 | B19: RECURSOS CREDITO EDUCATIVO FUNCRED | D19: 13981.08 | E19: 1090.51 | F19: 0 | G19: 15071.59 | H19: 0 | I19: 0 | J19: 0 | K19: 0 | L19: 15071.59
... A82: 8050 | B82: RECURSO EXTRAORÇAMENTÁRIO DO RPPS | D82: 822088.43 | E82: 0 | F82: 0 | G82: 822088.43 | H82: 0 | I82: 0 | J82: 0 | K82: 0 | L82: 822088.43
A84: Total Geral: | D84: 62432941 | E84: 1.4390813e+08 | F84: 3949440.8 | G84: 2.1029051e+08 | H84: 1.2816837e+08 | I84: 8528852.8 | J84: 1.3669722e+08 | K84: 3949440.8 | L84: 69643848
